Workbook

Sheet Resumen
A2: VALORES SIN IVA
A3: SEDE | B3: PUESTO | C3: HORARIO DE TRABAJO | D3: 2026 | E3: 2027 | F3: 2028 | G3: 2029 | H3: 2030 | I3: TOTAL
A4: SEDE 1. PALACIO DE JUSTICIA ALFONSO REYES ECHANDIA | B4: Supervisor de Puesto y sedes anexas | C4: Lunes a viernes servicio 14 Horas 06.00 A 20.00 Sin Arma | D4: ='2026.'!V29/(1+1.9%) -> 6739439.6 | E4: ='2027'!AF29 -> 86532992 | F4: ='2028'!AF29 -> 92955368 | G4: ='2029'!AF29 -> 99461618 | H4: ='2030'!AA29 -> 61518957 | I4: =SUM(D4:H4) -> 3.4720838e+08
B5: Ingreso y entrada vehicular Cra. 8 | C5: Lunes a domingo Servicio 24 Horas Sin Arma | D5: ='2026.'!V30/(1+1.9%) -> 19313359 | E5: ='2027'!AF30 -> 2.500419e+08 | F5: ='2028'!AF30 -> 2.6974767e+08 | G5: ='2029'!AF30 -> 2.8862457e+08 | H5: ='2030'!AA30 -> 1.8014666e+08 | I5: =SUM(D5:H5) -> 1.0078742e+09
B6: Manejador canino | C6: Lunes a viernes Servicio 12 Horas 6.00 A 18.00 Horas Sin Arma | D6: ='2026.'!V31/(1+1.9%) -> 3777770.4 | E6: ='2027'!AF31 -> 70540681 | F6: ='2028'!AF31 -> 75765688 | G6: ='2029'!AF31 -> 81430691 | H6: ='2030'!AA31 -> 51116459 | I6: =SUM(D6:H6) -> 2.8263129e+08
B7: Correspondencia principal | C7: Lunes a viernes Servicio 9 Horas 08.00 A 17.00 Horas Sin Arma | D7: ='2026.'!V32/(1+1.9%) -> 2756751.7 | E7: ='2027'!AF32 -> 51475632 | F7: ='2028'!AF32 -> 55288475 | G7: ='2029'!AF32 -> 59422396 | H7: ='2030'!AA32 -> 37301200 | I7: =SUM(D7:H7) -> 2.0624446e+08
B8: Filtro Cortes Suprema y Constitucional | C8: Lunes a viernes Servicio 11 H De 08.00 A 19.00 H Sin Arma | D8: ='2026.'!V33/(1+1.9%) -> 3369363.1 | E8: ='2027'!AF33 -> 62914662 | F8: ='2028'!AF33 -> 67574803 | G8: ='2029'!AF33 -> 72627373 | H8: ='2030'!AA33 -> 45590355 | I8: =SUM(D8:H8) -> 2.5207656e+08
B9: Filtro Consejo Superior de la Judicatura y Estado | C9: Lunes a viernes Servicio 11 H De 08.00 A 19.00 H Sin Arma | D9: ='2026.'!V34/(1+1.9%) -> 5183634.9 | E9: ='2027'!AF34 -> 66556790 | F9: ='2028'!AF34 -> 71496555 | G9: ='2029'!AF34 -> 76500833 | H9: ='2030'!AA34 -> 47317263 | I9: =SUM(D9:H9) -> 2.6705508e+08
B10: Recepción exclusa o Consejo Estado | C10: Lunes a viernes Servicio 11 H De 08.00 A 19.00 H Sin Arma | D10: ='2026.'!V35/(1+1.9%) -> 3369363.1 | E10: ='2027'!AF35 -> 62914662 | F10: ='2028'!AF35 -> 67574803 | G10: ='2029'!AF35 -> 72627373 | H10: ='2030'!AA35 -> 45590355 | I10: =SUM(D10:H10) -> 2.5207656e+08
B11: Recepción exclusa o Corte Constitucional | C11: Lunes a viernes Servicio 11 H De 08.00 A 19.00 H Sin Arma | D11: ='2026.'!V36/(1+1.9%) -> 3369363.1 | E11: ='2027'!AF36 -> 62914662 | F11: ='2028'!AF36 -> 67574803 | G11: ='2029'!AF36 -> 72627373 | H11: ='2030'!AA36 -> 45590355 | I11: =SUM(D11:H11) -> 2.5207656e+08
B12: Recepción exclusa o Corte Suprema de Justicia | C12: Lunes a viernes Servicio 11 H De 08.00 A 19.00 H Sin Arma | D12: ='2026.'!V37/(1+1.9%) -> 3369363.1 | E12: ='2027'!AF37 -> 62914662 | F12: ='2028'!AF37 -> 67574803 | G12: ='2029'!AF37 -> 72627373 | H12: ='2030'!AA37 -> 45590355 | I12: =SUM(D12:H12) -> 2.5207656e+08
B13: Recepción exclusa Comisión Nacional de Disciplina y Consejo Superior de la Judicatura | C13: Lunes a viernes Servicio 12 Horas 07.00 A 19.00 Sin Arma | D13: ='2026.'!V38/(1+1.9%) -> 5654875.4 | E13: ='2027'!AF38 -> 72607407 | F13: ='2028'!AF38 -> 77996242 | G13: ='2029'!AF38 -> 83455454 | H13: ='2030'!AA38 -> 51618832 | I13: =SUM(D13:H13) -> 2.9133281e+08
B14: Entrada de funcionarios molinetes calle12 | C14: Lunes a viernes Servicio 12 Horas 06.00 A 18.00 Sin Arma | D14: ='2026.'!V39/(1+1.9%) -> 5654875.4 | E14: ='2027'!AF39 -> 72607407 | F14: ='2028'!AF39 -> 77996242 | G14: ='2029'!AF39 -> 83455454 | H14: ='2030'!AA39 -> 51618832 | I14: =SUM(D14:H14) -> 2.9133281e+08
B15: Entrada funcionarios molinetes Cra. 8 | C15: Lunes a viernes Servicio 12 Horas 08.00 A 20.00 Sin Arma | D15: ='2026.'!V40/(1+1.9%) -> 5796960.7 | E15: ='2027'!AF40 -> 74431758 | F15: ='2028'!AF40 -> 79955994 | G15: ='2029'!AF40 -> 85552376 | H15: ='2030'!AA40 -> 52915819 | I15: =SUM(D15:H15) -> 2.9865291e+08
B16: Parqueadero calle 8 | C16: Lunes a viernes Servicio 12 Horas 06.00 A 18.00 Sin Arma | D16: ='2026.'!V41/(1+1.9%) -> 5654875.4 | E16: ='2027'!AF41 -> 72607407 | F16: ='2028'!AF41 -> 77996242 | G16: ='2029'!AF41 -> 83455454 | H16: ='2030'!AA41 -> 51618832 | I16: =SUM(D16:H16) -> 2.9133281e+08
... B23: Recorredor Palacio de Justicia y apoyo obras | C23: Lunes a domingo Servicio 24 Horas Sin Arma | D23: ='2026.'!V48/(1+1.9%) -> 19313359 | E23: ='2027'!AF48 -> 2.500419e+08 | F23: ='2028'!AF48 -> 2.6974767e+08 | G23: ='2029'!AF48 -> 2.8862457e+08 | H23: ='2030'!AA48 -> 1.8014666e+08 | I23: =SUM(D23:H23) -> 1.0078742e+09
A24: SEDE 2. ESCUELA JUDICIAL RODRIGO LARA BONILLA | B24: Control ingreso 2 piso | C24: Lunes a domingo Servicio 24 Horas Con Arma | D24: ='2026.'!V49/(1+1.9%) -> 19671014 | E24: ='2027'!AF49 -> 2.5467231e+08 | F24: ='2028'!AF49 -> 2.74743e+08 | G24: ='2029'!AF49 -> 2.9396947e+08 | H24: ='2030'!AA49 -> 1.8348271e+08 | I24: =SUM(D24:H24) -> 1.0265385e+09
B25: Control ingreso 4 piso | C25: Lunes a domingo Servicio 24 Horas Con Arma | D25: ='2026.'!V50/(1+1.9%) -> 19671014 | E25: ='2027'!AF50 -> 2.5467231e+08 | F25: ='2028'!AF50 -> 2.74743e+08 | G25: ='2029'!AF50 -> 2.9396947e+08 | H25: ='2030'!AA50 -> 1.8348271e+08 | I25: =SUM(D25:H25) -> 1.0265385e+09
A26: SEDE 3. EDIFICIO ANTIGUO BANCO POPULAR | B26: Recepción | C26: Lunes a domingo Servicio 24 Horas Con Arma | D26: ='2026.'!V51/(1+1.9%) -> 19671014 | E26: ='2027'!AF51 -> 2.5467231e+08 | F26: ='2028'!AF51 -> 2.74743e+08 | G26: ='2029'!AF51 -> 2.9396947e+08 | H26: ='2030'!AA51 -> 1.8348271e+08 | I26: =SUM(D26:H26) -> 1.0265385e+09
B27: Control de ingreso y revistas | C27: Lunes a viernes 12 H De 06.00 A 18.00 Horas Sin Arma | D27: ='2026.'!V52/(1+1.9%) -> 3675668.3 | E27: ='2027'!AF52 -> 68634176 | F27: ='2028'!AF52 -> 73717967 | G27: ='2029'!AF52 -> 79229862 | H27: ='2030'!AA52 -> 49734933 | I27: =SUM(D27:H27) -> 2.7499261e+08
A28: SEDE 4. SEDE ANEXA | B28: Control Ingreso personal y paquetes | C28: Lunes a domingo Servicio 24 H Con Arma | D28: ='2026.'!V53/(1+1.9%) -> 19671014 | E28: ='2027'!AF53 -> 2.5467231e+08 | F28: ='2028'!AF53 -> 2.74743e+08 | G28: ='2029'!AF53 -> 2.9396947e+08 | H28: ='2030'!AA53 -> 1.8348271e+08 | I28: =SUM(D28:H28) -> 1.0265385e+09
B29: Control de ingreso funcionarios | C29: Lunes a viernes Servicio 12 Horas 07.00 A 19.00 Sin Arma | D29: ='2026.'!V54/(1+1.9%) -> 3676490.7 | E29: ='2027'!AF54 -> 68648409 | F29: ='2028'!AF54 -> 73732137 | G29: ='2029'!AF54 -> 79244095 | H29: ='2030'!AA54 -> 49743283 | I29: =SUM(D29:H29) -> 2.7504441e+08
A30: SEDE 5. EDIFICIO DINERS | B30: Entrada principal y recorrido | C30: Lunes a domingo Servicio 24 Horas Con Arma | D30: ='2026.'!V55/(1+1.9%) -> 19671014 | E30: ='2027'!AF55 -> 2.5467231e+08 | F30: ='2028'!AF55 -> 2.74743e+08 | G30: ='2029'!AF55 -> 2.9396947e+08 | H30: ='2030'!AA55 -> 1.8348271e+08 | I30: =SUM(D30:H30) -> 1.0265385e+09
A31: SEDE 6. ALMACÉN GENERAL E INVENTARIOS | B31: Control ingreso 1 piso | C31: Lunes a domingo Servicio 24H Con Arma | D31: ='2026.'!V56/(1+1.9%) -> 19671014 | E31: ='2027'!AF56 -> 2.4976122e+08 | F31: ='2028'!AF56 -> 2.6940077e+08 | G31: ='2029'!AF56 -> 2.8825339e+08 | H31: ='2030'!AA56 -> 1.7736662e+08 | I31: =SUM(D31:H31) -> 1.004453e+09
B32: Control ingreso parqueadero y recorrido | C32: Lunes a domingo Servicio 24H Con Arma | D32: ='2026.'!V57/(1+1.9%) -> 19671014 | E32: ='2027'!AF57 -> 2.5467231e+08 | F32: ='2028'!AF57 -> 2.74743e+08 | G32: ='2029'!AF57 -> 2.9396947e+08 | H32: ='2030'!AA57 -> 1.8348271e+08 | I32: =SUM(D32:H32) -> 1.0265385e+09
A33: SEDE 7. EDIFICIO BANCO DE CRÉDITO | B33: Parqueadero VIP portería Cra. 6 | C33: Lunes a domingo Servicio 24 Horas Con Arma | D33: ='2026.'!V58/(1+1.9%) -> 19671014 | E33: ='2027'!AF58 -> 2.5467231e+08 | F33: ='2028'!AF58 -> 2.74743e+08 | G33: ='2029'!AF58 -> 2.9396947e+08 | H33: ='2030'!AA58 -> 1.8348271e+08 | I33: =SUM(D33:H33) -> 1.0265385e+09
B34: Parqueadero por la Cra. 7 | C34: Lunes a domingo Servicio 24 Horas Con Arma | D34: ='2026.'!V59/(1+1.9%) -> 19671014 | E34: ='2027'!AF59 -> 2.5467231e+08 | F34: ='2028'!AF59 -> 2.74743e+08 | G34: ='2029'!AF59 -> 2.9396947e+08 | H34: ='2030'!AA59 -> 1.8348271e+08 | I34: =SUM(D34:H34) -> 1.0265385e+09
B35: Control de medios tecnológicos y recorrido | C35: Lunes a domingo Servicio 24 Horas | D35: ='2026.'!V60/(1+1.9%) -> 19313359 | E35: ='2027'!AF60 -> 2.500419e+08 | F35: ='2028'!AF60 -> 2.6974767e+08 | G35: ='2029'!AF60 -> 2.8862457e+08 | H35: ='2030'!AA60 -> 1.8014666e+08 | I35: =SUM(D35:H35) -> 1.0078742e+09
B36: Escáner | C36: Lunes a domingo Servicio 24 Horas Con Arma | D36: ='2026.'!V61/(1+1.9%) -> 19671014 | E36: ='2027'!AF61 -> 2.5467231e+08 | F36: ='2028'!AF61 -> 2.74743e+08 | G36: ='2029'!AF61 -> 2.9396947e+08 | H36: ='2030'!AA61 -> 1.8348271e+08 | I36: =SUM(D36:H36) -> 1.0265385e+09
B37: Portería Cra. 7 (entrada principal) | C37: 24 H Fines De Semana Y Festivos | D37: ='2026.'!V62/(1+1.9%) -> 6557004.9 | E37: ='2027'!AF62 -> 84890769 | F37: ='2028'!AF62 -> 91581000 | G37: ='2029'!AF62 -> 97989822 | H37: ='2030'!AA62 -> 61160902 | I37: =SUM(D37:H37) -> 3.421795e+08
B38: Portería Cra. 7 (entrada principal) | C38: Lunes a viernes Servicio 12 H Con Arma Lunes a viernes Nocturno | D38: ='2026.'!V63/(1+1.9%) -> 7351480.9 | E38: ='2027'!AF63 -> 95178078 | F38: ='2028'!AF63 -> 1.0268061e+08 | G38: ='2029'!AF63 -> 1.0986756e+08 | H38: ='2030'!AA63 -> 68575264 | I38: =SUM(D38:H38) -> 3.8365298e+08
B39: Puerta correspondencia | C39: Lunes a viernes Servicio 9 Horas 08.00 A 17.00 Horas Sin Arma | D39: ='2026.'!V64/(1+1.9%) -> 4241156 | E39: ='2027'!AF64 -> 54455555 | F39: ='2028'!AF64 -> 58497182 | G39: ='2029'!AF64 -> 62591591 | H39: ='2030'!AA64 -> 38714124 | I39: =SUM(D39:H39) -> 2.1849961e+08
B40: Despacho | C40: Lunes a viernes Servicio 9 Horas de 08:00 H A 17:00 H Sin Festivos | D40: ='2026.'!V65/(1+1.9%) -> 4241156 | E40: ='2027'!AF65 -> 54455555 | F40: ='2028'!AF65 -> 58497182 | G40: ='2029'!AF65 -> 62591591 | H40: ='2030'!AA65 -> 38714124 | I40: =SUM(D40:H40) -> 2.1849961e+08
B41: Puerta principal despacho judiciales | C41: Lunes a viernes Servicio 9 Horas 08.00 A 17.00 Horas Sin Arma | D41: ='2026.'!V66/(1+1.9%) -> 4241156 | E41: ='2027'!AF66 -> 54455555 | F41: ='2028'!AF66 -> 58497182 | G41: ='2029'!AF66 -> 62591591 | H41: ='2030'!AA66 -> 38714124 | I41: =SUM(D41:H41) -> 2.1849961e+08
B42: Recepción | C42: Lunes a viernes 12 H De 06.00 A 18.00 Horas Sin Arma | D42: ='2026.'!V67/(1+1.9%) -> 5654875.4 | E42: ='2027'!AF67 -> 72607407 | F42: ='2028'!AF67 -> 77996242 | G42: ='2029'!AF67 -> 83455454 | H42: ='2030'!AA67 -> 51618832 | I42: =SUM(D42:H42) -> 2.9133281e+08
B43: Medios tecnológicos - CCTV | C43: Lunes a viernes 12 H De 06.00 A 18.00 Horas Sin Arma | D43: ='2026.'!V68/(1+1.9%) -> 5654875.4 | E43: ='2027'!AF68 -> 72607407 | F43: ='2028'!AF68 -> 77996242 | G43: ='2029'!AF68 -> 83455454 | H43: ='2030'!AA68 -> 51618832 | I43: =SUM(D43:H43) -> 2.9133281e+08
B44: Apoyo Canino (Parqueadero Cra. 7 de 7-9 am, portería Cra. 7 y Correspondencia) | C44: Lunes a viernes Servicio 12H DE 06:00 A 18: 00 H (ConCanino) | D44: ='2026.'!V69/(1+1.9%) -> 5811954.9 | E44: ='2027'!AF69 -> 74624279 | F44: ='2028'!AF69 -> 80162804 | G44: ='2029'!AF69 -> 85773661 | H44: ='2030'!AA69 -> 53052688 | I44: =SUM(D44:H44) -> 2.9942539e+08
A45: SEDE 8. EDIFICIO TORRE D | B45: Sótano | C45: Lunes a domingo Servicio 24H Con Arma | D45: ='2026.'!V70/(1+1.9%) -> 19671014 | E45: ='2027'!AF70 -> 2.5467231e+08 | F45: ='2028'!AF70 -> 2.74743e+08 | G45: ='2029'!AF70 -> 2.9396947e+08 | H45: ='2030'!AA70 -> 1.8348271e+08 | I45: =SUM(D45:H45) -> 1.0265385e+09
B46: Recepción | C46: Lunes a domingo Servicio 24H Con Arma | D46: ='2026.'!V71/(1+1.9%) -> 19671014 | E46: ='2027'!AF71 -> 2.5467231e+08 | F46: ='2028'!AF71 -> 2.74743e+08 | G46: ='2029'!AF71 -> 2.9396947e+08 | H46: ='2030'!AA71 -> 1.8348271e+08 | I46: =SUM(D46:H46) -> 1.0265385e+09
B47: Parqueadero | C47: Lunes a domingo Servicio 24H Con Arma | D47: ='2026.'!V72/(1+1.9%) -> 19671014 | E47: ='2027'!AF72 -> 2.5467231e+08 | F47: ='2028'!AF72 -> 2.74743e+08 | G47: ='2029'!AF72 -> 2.9396947e+08 | H47: ='2030'!AA72 -> 1.8348271e+08 | I47: =SUM(D47:H47) -> 1.0265385e+09
B48: Edificio aforados calle 73 acceso de sótano | C48: De Lunes a viernes SIN ARMA De las 6:00 a las 18:00 horas (12 hrs) | D48: ='2026.'!V73/(1+1.9%) -> 3675668.3 | E48: ='2027'!AF73 -> 68634176 | F48: ='2028'!AF73 -> 73717967 | G48: ='2029'!AF73 -> 79229862 | H48: ='2030'!AA73 -> 49734933 | I48: =SUM(D48:H48) -> 2.7499261e+08
B49: Torre D piso 7 | C49: De Lunes a viernes SIN ARMA De las 6:00 a las 18:00 horas (12 hrs) | D49: ='2026.'!V74/(1+1.9%) -> 3675668.3 | E49: ='2027'!AF74 -> 68634176 | F49: ='2028'!AF74 -> 73717967 | G49: ='2029'!AF74 -> 79229862 | H49: ='2030'!AA74 -> 49734933 | I49: =SUM(D49:H49) -> 2.7499261e+08
B50: Edificios aforados canino | C50: De Lunes a viernes CON CANINO SIN de las 6:00 a las 18:00 ARMA (12 hrs) | D50: ='2026.'!V75/(1+1.9%) -> 3777770.4 | E50: ='2027'!AF75 -> 70540681 | F50: ='2028'!AF75 -> 75765688 | G50: ='2029'!AF75 -> 81430691 | H50: ='2030'!AA75 -> 51116459 | I50: =SUM(D50:H50) -> 2.8263129e+08
B51: Edificios aforados piso 2 y 3 recorrido | C51: De Lunes a viernes SIN ARMA De las 6:00 a las 18:00 horas (12 hrs) | D51: ='2026.'!V76/(1+1.9%) -> 3675668.3 | E51: ='2027'!AF76 -> 68634176 | F51: ='2028'!AF76 -> 73717967 | G51: ='2029'!AF76 -> 79229862 | H51: ='2030'!AA76 -> 49734933 | I51: =SUM(D51:H51) -> 2.7499261e+08
B52: Edificios aforados piso 4 y 5 recorrido | C52: De Lunes a viernes SIN ARMA De las 6:00 a las 18:00 horas (12 hrs) | D52: ='2026.'!V77/(1+1.9%) -> 3675668.3 | E52: ='2027'!AF77 -> 68634176 | F52: ='2028'!AF77 -> 73717967 | G52: ='2029'!AF77 -> 79229862 | H52: ='2030'!AA77 -> 49734933 | I52: =SUM(D52:H52) -> 2.7499261e+08
B53: Edificios aforados 6 y 7 recorrido | C53: De Lunes a viernes SIN ARMA De las 6:00 a las 18:00 horas (12 hrs) | D53: ='2026.'!V78/(1+1.9%) -> 3675668.3 | E53: ='2027'!AF78 -> 68634176 | F53: ='2028'!AF78 -> 73717967 | G53: ='2029'!AF78 -> 79229862 | H53: ='2030'!AA78 -> 49734933 | I53: =SUM(D53:H53) -> 2.7499261e+08
B54: Supervisor de puesto zona norte y sede anexas | C54: De Lunes a viernes SIN ARMA De las 6:00 a las 18:00 horas (12 hrs) | D54: ='2026.'!V79/(1+1.9%) -> 5654875.4 | E54: ='2027'!AF79 -> 72607407 | F54: ='2028'!AF79 -> 77996242 | G54: ='2029'!AF79 -> 83455454 | H54: ='2030'!AA79 -> 51618832 | I54: =SUM(D54:H54) -> 2.9133281e+08
B55: Torre D piso 8 | C55: De Lunes a viernes SIN ARMA De las 6:00 a las 18:00 horas (12 hrs) | D55: ='2026.'!V80/(1+1.9%) -> 3675668.3 | E55: ='2027'!AF80 -> 68634176 | F55: ='2028'!AF80 -> 73717967 | G55: ='2029'!AF80 -> 79229862 | H55: ='2030'!AA80 -> 49734933 | I55: =SUM(D55:H55) -> 2.7499261e+08
B56: Torre D piso 8 | C56: De Lunes a viernes SIN ARMA De las 6:00 a las 18:00 horas (12 hrs) | D56: ='2026.'!V81/(1+1.9%) -> 3675668.3 | E56: ='2027'!AF81 -> 68634176 | F56: ='2028'!AF81 -> 73717967 | G56: ='2029'!AF81 -> 79229862 | H56: ='2030'!AA81 -> 49734933 | I56: =SUM(D56:H56) -> 2.7499261e+08
A57: SEDE 9. EDIFICIO TORRE B | B57: Recepción | C57: De Lunes a viernes SIN ARMA De las 6:00 a las 18:00 horas (12 hrs) | D57: ='2026.'!V82/(1+1.9%) -> 3675668.3 | E57: ='2027'!AF82 -> 68634176 | F57: ='2028'!AF82 -> 73717967 | G57: ='2029'!AF82 -> 79229862 | H57: ='2030'!AA82 -> 49734933 | I57: =SUM(D57:H57) -> 2.7499261e+08
B58: Recepción y recorrido | C58: De Lunes a viernes SIN ARMA De las 6:00 a las 22:00 (16 hrs) | D58: ='2026.'!V83/(1+1.9%) -> 5178537.8 | E58: ='2027'!AF83 -> 96695816 | F58: ='2028'!AF83 -> 1.0385737e+08 | G58: ='2029'!AF83 -> 1.1162209e+08 | H58: ='2030'!AA83 -> 70068080 | I58: =SUM(D58:H58) -> 3.8742189e+08
A59: SEDE 10. EDIFICIO AKL | B59: Recepción primer piso y recorrido | C59: De Lunes a domingo CON ARMA Servicio 24 horas | D59: ='2026.'!V84/(1+1.9%) -> 19671014 | E59: ='2027'!AF84 -> 2.5467231e+08 | F59: ='2028'!AF84 -> 2.74743e+08 | G59: ='2029'!AF84 -> 2.9396947e+08 | H59: ='2030'!AA84 -> 1.8348271e+08 | I59: =SUM(D59:H59) -> 1.0265385e+09
B60: Recepción primer piso | C60: De Lunes a viernes SIN ARMA De las 6:00 a las 18:00 horas (12 hrs) | D60: ='2026.'!V85/(1+1.9%) -> 3675668.3 | E60: ='2027'!AF85 -> 68634176 | F60: ='2028'!AF85 -> 73717967 | G60: ='2029'!AF85 -> 79229862 | H60: ='2030'!AA85 -> 49734933 | I60: =SUM(D60:H60) -> 2.7499261e+08
A61: SEDE 11. LOTE PARQUEADERO | B61: Bodega general entrada y recorrido | C61: De Lunes a domingo CON ARMA Servicio 24 horas | D61: ='2026.'!V86/(1+1.9%) -> 39342028 | E61: ='2027'!AF86 -> 5.0934462e+08 | F61: ='2028'!AF86 -> 5.49486e+08 | G61: ='2029'!AF86 -> 5.8793893e+08 | H61: ='2030'!AA86 -> 3.6696541e+08 | I61: =SUM(D61:H61) -> 2.053077e+09
A62: SEDE 12. LOTE SALITRE TRIBUNALES | B62: Control de entrada y recorridos | C62: De Lunes a domingo SIN ARMA Servicio 24 horas | D62: ='2026.'!V87/(1+1.9%) -> 19313359 | E62: ='2027'!AF87 -> 2.500419e+08 | F62: ='2028'!AF87 -> 2.6974767e+08 | G62: ='2029'!AF87 -> 2.8862457e+08 | H62: ='2030'!AA87 -> 1.8014666e+08 | I62: =SUM(D62:H62) -> 1.0078742e+09
A63: SEDE 13. EDIFICIO CALLE 85 | B63: Recepción, control de entrada y recorridos | C63: De Lunes a domingo CON ARMA Servicio 24 horas | D63: ='2026.'!V88/(1+1.9%) -> 19671014 | E63: ='2027'!AF88 -> 2.5467231e+08 | F63: ='2028'!AF88 -> 2.74743e+08 | G63: ='2029'!AF88 -> 2.9396947e+08 | H63: ='2030'!AA88 -> 1.8348271e+08 | I63: =SUM(D63:H63) -> 1.0265385e+09
A64: Subtotal | D64: =SUM(D4:D63) -> 5.9328904e+08 | E64: =SUM(E4:E63) -> 8.1273623e+09 | F64: =SUM(F4:F63) -> 8.7555714e+09 | G64: =SUM(G4:G63) -> 9.3760274e+09 | H64: =SUM(H4:H63) -> 5.8484873e+09 | I64: =SUM(I4:I63) -> 3.2700737e+10
A65: IVA | D65: =+D64*(1.9%) -> 11272492 | E65: =+E64*(10%*19%) -> 1.5441988e+08 | F65: =+F64*(10%*19%) -> 1.6635586e+08 | G65: =+G64*(10%*19%) -> 1.7814452e+08 | H65: =+H64*(10%*19%) -> 1.1112126e+08 | I65: =+I64*(10%*19%) -> 6.2131401e+08
A66: Total | D66: =+D64+D65 -> 6.0456153e+08 | E66: =+E64+E65 -> 8.2817821e+09 | F66: =+F64+F65 -> 8.9219273e+09 | G66: =+G64+G65 -> 9.5541719e+09 | H66: =+H64+H65 -> 5.9596086e+09 | I66: =+I64+I65 -> 3.3322051e+10
B69: SEDE | C69: PRESUPUESTO
B70: =+A4 -> SEDE 1. PALACIO DE JUSTICIA ALFONSO REYES ECHANDIA | C70: =SUM(I4:I23) -> 7.0061414e+09
B71: =+A24 -> SEDE 2. ESCUELA JUDICIAL RODRIGO LARA BONILLA | C71: =SUM(I24:I25) -> 2.053077e+09
B72: =+A26 -> SEDE 3. EDIFICIO ANTIGUO BANCO POPULAR | C72: =SUM(I26:I27) -> 1.3015311e+09
B73: =+A28 -> SEDE 4. SEDE ANEXA | C73: =SUM(I28:I29) -> 1.3015829e+09
B74: =+A30 -> SEDE 5. EDIFICIO DINERS | C74: =SUM(I30) -> 1.0265385e+09
B75: =+A31 -> SEDE 6. ALMACÉN GENERAL E INVENTARIOS | C75: =SUM(I31:I32) -> 2.0309915e+09
B76: =+A33 -> SEDE 7. EDIFICIO BANCO DE CRÉDITO | C76: =SUM(I33:I44) -> 6.350912e+09
B77: =+A45 -> SEDE 8. EDIFICIO TORRE D | C77: =SUM(I45:I56) -> 5.5785278e+09
B78: =+A57 -> SEDE 9. EDIFICIO TORRE B | C78: =SUM(I57:I58) -> 6.6241449e+08
B79: =+A59 -> SEDE 10. EDIFICIO AKL | C79: =SUM(I59:I60) -> 1.3015311e+09
B80: =+A61 -> SEDE 11. LOTE PARQUEADERO | C80: =SUM(I61) -> 2.053077e+09
B81: =+A62 -> SEDE 12. LOTE SALITRE TRIBUNALES | C81: =SUM(I62) -> 1.0078742e+09
B82: =+A63 -> SEDE 13. EDIFICIO CALLE 85 | C82: =SUM(I63) -> 1.0265385e+09
B83: SUBTOTAL | C83: =SUM(C70:C82) -> 3.2700737e+10
B84: IVA | C84: =+C83*1.9% -> 6.2131401e+08
B85: TOTAL | C85: =+C84+C83 -> 3.3322051e+10

Sheet 2026.
A1: DESCRIPCIÓN DEL SERVICIO PRESTADO DE VIGILANCIA | B1: VALOR PÓLIZA | E1: Son 24 horas y/o tienen vacancia
A2: Servicio 24 horas, 30 días al mes, sin arma (lunes a domingo) | B2: 6000
A3: Servicio 24 horas, 30 días al mes, con arma (lunes a domingo) | B3: 6000 | E3: Tienen semana santa
A4: Servicio 24 horas, 10 días al mes, con arma (sabado, domingo y festivos) | B4: 6000 | E4: Tiene jornada diurna y noctura por hora
A5: Servicio 12 horas nocturnas con arma (lunes a viernes sin festivo) | B5: 2000
A6: Servicio 16 horas (15 horas diurnas y 1 hora nocturna) sin arma (lunes a viernes sin festivo) | B6: 4000 | D6: https://www.infobae.com/colombia/2026/08/09/salario-minimo-de-2027-asi-seria-el-aumento-si-el-gobierno-de-de-la-espriella-le-hace-caso-al-banco-de-la-republica-y-lo-sube-5-o-6/
A7: Servicio 14 horas diurnas sin arma (lunes a viernes sin festivo) Supervisor | B7: 2000
A8: Servicio 12 horas diurnas sin arma (lunes a viernes sin festivo) | B8: 2000
A9: Servicio 12 horas diurnas con canino (lunes a viernes sin festivo) | B9: 2000
A10: Servicio 11 horas diurnas sin arma (lunes a viernes sin festivo) | B10: 2000
A11: Servicio 10 horas diurnas sin arma (lunes a viernes sin festivo) | B11: 2000
A12: Servicio 09 horas diurnas sin arma (lunes a viernes sin festivo) | B12: 2000
A14: TARIFAS
A15: CONCEPTO | B15: SMMLV * TARIFA | C15: % AyS | D15: POLIZA | E15: VALOR AyS | F15: TOTAL TARIFA | G15: ays | H15: Tipo de Personal
A16: Medio Humano sin arma | B16: =+B21*C21 -> 17876740 | C16: Gastos admon 8 % | D16: 6000 | E16: =+(B16+D16)*8% -> 1430619.2 | F16: =+B16+E16 -> 19307359 | G16: 0.08 | H16: Sin arma
A17: Medio humanno con arma | B17: =+B21*C21 -> 17876740 | C17: Gastos admon 10 % | D17: 6000 | E17: =+(B17+D17)*10% -> 1788274 | F17: =+B17+E17 -> 19665014 | G17: 0.1 | H17: Con Arma
A18: Medio humano con canino | B18: =+B21*C21 -> 17876740 | C18: Gastos admon 11 % | D18: 6000 | E18: =+(B18+D18)*11% -> 1967101.4 | F18: =+B18+E18 -> 19843841 | G18: 0.11 | H18: Canino
A20: JORNADA | B20: SMMLV | C20: TARIFA SERVICI | D20: VARIABLE PROBABILIDAD
A21: 6:00 am a 7:00 pm (Turno de 13 horas diurnas) | B21: 1750905 | C21: 10.21 | D21: 0.4759
A22: 7:00 pm a 6:00 am (Turno de 13 horas diurnas) | B22: 1750905 | C22: 10.21 | D22: 0.5241
A27: INFORMACIÓN PERSONAL REQUERIDO | R27: 2026
A28: SEDE | B28: PUESTO | C28: HORARIO DE TRABAJO | D28: JORNADA Nocturna | E28: Jornada Diurna | F28: CARGO | G28: VACANCIA JUDICIAL | H28: SEMANA SANTA | I28: NÚMERO DE OPERARIOS | J28: HORAS DE SERVICIO | K28: Horas Diurnas | L28: Horas Nocturnas | M28: DIAS REQUERIDOS DIC | N28: DIAS REQUERIDOS SEMANA S | O28: DIAS REQUERIDOS | P28: VALOR POLIZA | R28: Dic | S28: AYS | T28: Subtotal | U28: IVA | V28: Total
A29: SEDE 1. PALACIO DE JUSTICIA ALFONSO REYES ECHANDIA | B29: Supervisor de Puesto y sedes anexas | C29: Lunes a viernes servicio 14 Horas 06.00 A 20.00 Sin Arma | D29: 0.5241 | E29: 0.4759 | F29: SUPERVISOR | G29: 1 | I29: 1 | J29: 14 | K29: 13 | L29: 1 | M29: =IF(AND(G29=1,J29<24),20,IF(AND(G29=1,J29=24),30,13)) -> 20 | N29: 20 | P29: 2000 | R29: =+(((((($B$21*$C$21)+P29)*D29/30)*M29)/11*L29))+(((((($B$21*$C$21)+P29)*E29/30)*M29)/13*K29))*I29 -> 6240222.1 | S29: =_xlfn.XLOOKUP(X29,$H$16:$H$18,$G$16:$G$18,,0,1) -> 0.08 | T29: =R29*(1+S29) -> 6739439.8 | U29: =T29*1.9% -> 128049.36 | V29: =ROUND(T29+U29,0) -> 6867489 | X29: =IF(ISNUMBER(SEARCH("Sin Arma",C29)), "Sin Arma", IF(ISNUMBER(SEARCH("Con Arma", C29)), "Con Arma", IF(ISNUMBER(SEARCH("Canino", C29)), "Canino", "Otra categoría"))) -> Sin Arma | AA29: ='[1]Dic-2026'!$X6 -> 6867489 | AB29: =V29=AA29 -> TRUE
B30: Ingreso y entrada vehicular Cra. 8 | C30: Lunes a domingo Servicio 24 Horas Sin Arma | D30: 0.5241 | E30: 0.4759 | F30: VIGILANTE | G30: 1 | H30: 1 | I30: 1 | J30: 24 | K30: 13 | L30: 11 | M30: =IF(AND(G30=1,J30<24),20,IF(AND(G30=1,J30=24),30,13)) -> 30 | P30: 6000 | R30: =+(((((($B$21*$C$21)+P30)*D30/30)*M30)/11*L30))+(((((($B$21*$C$21)+P30)*E30/30)*M30)/13*K30))*I30 -> 17882740 | S30: =_xlfn.XLOOKUP(X30,$H$16:$H$18,$G$16:$G$18,,0,1) -> 0.08 | T30: =R30*(1+S30) -> 19313359 | U30: =T30*1.9% -> 366953.83 | V30: =ROUND(T30+U30,0) -> 19680313 | X30: =IF(ISNUMBER(SEARCH("Sin Arma",C30)), "Sin Arma", IF(ISNUMBER(SEARCH("Con Arma", C30)), "Con Arma", IF(ISNUMBER(SEARCH("Canino", C30)), "Canino", "Otra categoría"))) -> Sin Arma | AA30: ='[1]Dic-2026'!$X7 -> 19680313 | AB30: =V30=AA30 -> TRUE
B31: Manejador canino | C31: Lunes a viernes Servicio 12 Horas 6.00 A 18.00 Horas Canino | D31: 0.5241 | E31: 0.4759 | F31: MANEJADOR CANINO | I31: 1 | J31: 12 | K31: 12 | M31: =IF(AND(G31=1,J31<24),20,IF(AND(G31=1,J31=24),30,13)) -> 13 | O31: 20 | P31: 2000 | R31: =+(((((($B$21*$C$21)+P31)*D31/30)*M31)/11*L31))+(((((($B$21*$C$21)+P31)*E31/30)*M31)/13*K31))*I31 -> 3403397 | S31: =_xlfn.XLOOKUP(X31,$H$16:$H$18,$G$16:$G$18,,0,1) -> 0.11 | T31: =R31*(1+S31) -> 3777770.6 | U31: =T31*1.9% -> 71777.642 | V31: =ROUND(T31+U31,0) -> 3849548 | X31: =IF(ISNUMBER(SEARCH("Sin Arma",C31)), "Sin Arma", IF(ISNUMBER(SEARCH("Con Arma", C31)), "Con Arma", IF(ISNUMBER(SEARCH("Canino", C31)), "Canino", "Otra categoría"))) -> Canino | AA31: ='[1]Dic-2026'!$X8 -> 3849548 | AB31: =V31=AA31 -> TRUE
B32: Correspondencia principal | C32: Lunes a viernes Servicio 9 Horas 08.00 A 17.00 Horas Sin Arma | D32: 0.5241 | E32: 0.4759 | F32: VIGILANTE | I32: 1 | J32: 9 | K32: 9 | M32: =IF(AND(G32=1,J32<24),20,IF(AND(G32=1,J32=24),30,13)) -> 13 | O32: 20 | P32: 2000 | R32: =+(((((($B$21*$C$21)+P32)*D32/30)*M32)/11*L32))+(((((($B$21*$C$21)+P32)*E32/30)*M32)/13*K32))*I32 -> 2552547.7 | S32: =_xlfn.XLOOKUP(X32,$H$16:$H$18,$G$16:$G$18,,0,1) -> 0.08 | T32: =R32*(1+S32) -> 2756751.5 | U32: =T32*1.9% -> 52378.279 | V32: =ROUND(T32+U32,0) -> 2809130 | X32: =IF(ISNUMBER(SEARCH("Sin Arma",C32)), "Sin Arma", IF(ISNUMBER(SEARCH("Con Arma", C32)), "Con Arma", IF(ISNUMBER(SEARCH("Canino", C32)), "Canino", "Otra categoría"))) -> Sin Arma | AA32: ='[1]Dic-2026'!$X9 -> 2809130 | AB32: =V32=AA32 -> TRUE
B33: Filtro Cortes Suprema y Constitucional | C33: Lunes a viernes Servicio 11 H De 08.00 A 19.00 H Sin Arma | D33: 0.5241 | E33: 0.4759 | F33: VIGILANTE | I33: 1 | J33: 11 | K33: 11 | M33: =IF(AND(G33=1,J33<24),20,IF(AND(G33=1,J33=24),30,13)) -> 13 | O33: 20 | P33: 2000 | R33: =+(((((($B$21*$C$21)+P33)*D33/30)*M33)/11*L33))+(((((($B$21*$C$21)+P33)*E33/30)*M33)/13*K33))*I33 -> 3119780.5 | S33: =_xlfn.XLOOKUP(X33,$H$16:$H$18,$G$16:$G$18,,0,1) -> 0.08 | T33: =R33*(1+S33) -> 3369363 | U33: =T33*1.9% -> 64017.897 | V33: =ROUND(T33+U33,0) -> 3433381 | X33: =IF(ISNUMBER(SEARCH("Sin Arma",C33)), "Sin Arma", IF(ISNUMBER(SEARCH("Con Arma", C33)), "Con Arma", IF(ISNUMBER(SEARCH("Canino", C33)), "Canino", "Otra categoría"))) -> Sin Arma | AA33: ='[1]Dic-2026'!$X10 -> 3433381 | AB33: =V33=AA33 -> TRUE
B34: Filtro Consejo Superior de la Judicatura y Estado | C34: Lunes a viernes Servicio 11 H De 08.00 A 19.00 H Sin Arma | D34: 0.5241 | E34: 0.4759 | F34: VIGILANTE | G34: 1 | I34: 1 | J34: 11 | K34: 11 | M34: =IF(AND(G34=1,J34<24),20,IF(AND(G34=1,J34=24),30,13)) -> 20 | N34: 20 | O34: 20 | P34: 2000 | R34: =+(((((($B$21*$C$21)+P34)*D34/30)*M34)/11*L34))+(((((($B$21*$C$21)+P34)*E34/30)*M34)/13*K34))*I34 -> 4799662.4 | S34: =_xlfn.XLOOKUP(X34,$H$16:$H$18,$G$16:$G$18,,0,1) -> 0.08 | T34: =R34*(1+S34) -> 5183635.4 | U34: =T34*1.9% -> 98489.072 | V34: =ROUND(T34+U34,0) -> 5282124 | X34: =IF(ISNUMBER(SEARCH("Sin Arma",C34)), "Sin Arma", IF(ISNUMBER(SEARCH("Con Arma", C34)), "Con Arma", IF(ISNUMBER(SEARCH("Canino", C34)), "Canino", "Otra categoría"))) -> Sin Arma | AA34: ='[1]Dic-2026'!$X11 -> 5282124 | AB34: =V34=AA34 -> TRUE
B35: Recepción exclusa o Consejo Estado | C35: Lunes a viernes Servicio 11 H De 08.00 A 19.00 H Sin Arma | D35: 0.5241 | E35: 0.4759 | F35: VIGILANTE | I35: 1 | J35: 11 | K35: 11 | M35: =IF(AND(G35=1,J35<24),20,IF(AND(G35=1,J35=24),30,13)) -> 13 | O35: 20 | P35: 2000 | R35: =+(((((($B$21*$C$21)+P35)*D35/30)*M35)/11*L35))+(((((($B$21*$C$21)+P35)*E35/30)*M35)/13*K35))*I35 -> 3119780.5 | S35: =_xlfn.XLOOKUP(X35,$H$16:$H$18,$G$16:$G$18,,0,1) -> 0.08 | T35: =R35*(1+S35) -> 3369363 | U35: =T35*1.9% -> 64017.897 | V35: =ROUND(T35+U35,0) -> 3433381 | X35: =IF(ISNUMBER(SEARCH("Sin Arma",C35)), "Sin Arma", IF(ISNUMBER(SEARCH("Con Arma", C35)), "Con Arma", IF(ISNUMBER(SEARCH("Canino", C35)), "Canino", "Otra categoría"))) -> Sin Arma | AA35: ='[1]Dic-2026'!$X12 -> 3433381 | AB35: =V35=AA35 -> TRUE
B36: Recepción exclusa o Corte Constitucional | C36: Lunes a viernes Servicio 11 H De 08.00 A 19.00 H Sin Arma | D36: 0.5241 | E36: 0.4759 | F36: VIGILANTE | I36: 1 | J36: 11 | K36: 11 | M36: =IF(AND(G36=1,J36<24),20,IF(AND(G36=1,J36=24),30,13)) -> 13 | O36: 20 | P36: 2000 | R36: =+(((((($B$21*$C$21)+P36)*D36/30)*M36)/11*L36))+(((((($B$21*$C$21)+P36)*E36/30)*M36)/13*K36))*I36 -> 3119780.5 | S36: =_xlfn.XLOOKUP(X36,$H$16:$H$18,$G$16:$G$18,,0,1) -> 0.08 | T36: =R36*(1+S36) -> 3369363 | U36: =T36*1.9% -> 64017.897 | V36: =ROUND(T36+U36,0) -> 3433381 | X36: =IF(ISNUMBER(SEARCH("Sin Arma",C36)), "Sin Arma", IF(ISNUMBER(SEARCH("Con Arma", C36)), "Con Arma", IF(ISNUMBER(SEARCH("Canino", C36)), "Canino", "Otra categoría"))) -> Sin Arma | AA36: ='[1]Dic-2026'!$X13 -> 3433381 | AB36: =V36=AA36 -> TRUE
B37: Recepción exclusa o Corte Suprema de Justicia | C37: Lunes a viernes Servicio 11 H De 08.00 A 19.00 H Sin Arma | D37: 0.5241 | E37: 0.4759 | F37: VIGILANTE | I37: 1 | J37: 11 | K37: 11 | M37: =IF(AND(G37=1,J37<24),20,IF(AND(G37=1,J37=24),30,13)) -> 13 | O37: 20 | P37: 2000 | R37: =+(((((($B$21*$C$21)+P37)*D37/30)*M37)/11*L37))+(((((($B$21*$C$21)+P37)*E37/30)*M37)/13*K37))*I37 -> 3119780.5 | S37: =_xlfn.XLOOKUP(X37,$H$16:$H$18,$G$16:$G$18,,0,1) -> 0.08 | T37: =R37*(1+S37) -> 3369363 | U37: =T37*1.9% -> 64017.897 | V37: =ROUND(T37+U37,0) -> 3433381 | X37: =IF(ISNUMBER(SEARCH("Sin Arma",C37)), "Sin Arma", IF(ISNUMBER(SEARCH("Con Arma", C37)), "Con Arma", IF(ISNUMBER(SEARCH("Canino", C37)), "Canino", "Otra categoría"))) -> Sin Arma | AA37: ='[1]Dic-2026'!$X14 -> 3433381 | AB37: =V37=AA37 -> TRUE
B38: Recepción exclusa Comisión Nacional de Disciplina y Consejo Superior de la Judicatura | C38: Lunes a viernes Servicio 12 Horas 07.00 A 19.00 Sin Arma | D38: 0.5241 | E38: 0.4759 | F38: VIGILANTE | G38: 1 | I38: 1 | J38: 12 | K38: 12 | M38: =IF(AND(G38=1,J38<24),20,IF(AND(G38=1,J38=24),30,13)) -> 20 | N38: 20 | O38: 20 | P38: 2000 | R38: =+(((((($B$21*$C$21)+P38)*D38/30)*M38)/11*L38))+(((((($B$21*$C$21)+P38)*E38/30)*M38)/13*K38))*I38 -> 5235995.3 | S38: =_xlfn.XLOOKUP(X38,$H$16:$H$18,$G$16:$G$18,,0,1) -> 0.08 | T38: =R38*(1+S38) -> 5654874.9 | U38: =T38*1.9% -> 107442.62 | V38: =ROUND(T38+U38,0) -> 5762318 | X38: =IF(ISNUMBER(SEARCH("Sin Arma",C38)), "Sin Arma", IF(ISNUMBER(SEARCH("Con Arma", C38)), "Con Arma", IF(ISNUMBER(SEARCH("Canino", C38)), "Canino", "Otra categoría"))) -> Sin Arma | AA38: ='[1]Dic-2026'!$X15 -> 5762318 | AB38: =V38=AA38 -> TRUE
B39: Entrada de funcionarios molinetes calle12 | C39: Lunes a viernes Servicio 12 Horas 06.00 A 18.00 Sin Arma | D39: 0.5241 | E39: 0.4759 | F39: VIGILANTE | G39: 1 | I39: 1 | J39: 12 | K39: 12 | M39: =IF(AND(G39=1,J39<24),20,IF(AND(G39=1,J39=24),30,13)) -> 20 | N39: 20 | O39: 20 | P39: 2000 | R39: =+(((((($B$21*$C$21)+P39)*D39/30)*M39)/11*L39))+(((((($B$21*$C$21)+P39)*E39/30)*M39)/13*K39))*I39 -> 5235995.3 | S39: =_xlfn.XLOOKUP(X39,$H$16:$H$18,$G$16:$G$18,,0,1) -> 0.08 | T39: =R39*(1+S39) -> 5654874.9 | U39: =T39*1.9% -> 107442.62 | V39: =ROUND(T39+U39,0) -> 5762318 | X39: =IF(ISNUMBER(SEARCH("Sin Arma",C39)), "Sin Arma", IF(ISNUMBER(SEARCH("Con Arma", C39)), "Con Arma", IF(ISNUMBER(SEARCH("Canino", C39)), "Canino", "Otra categoría"))) -> Sin Arma | AA39: ='[1]Dic-2026'!$X16 -> 5762318 | AB39: =V39=AA39 -> TRUE
B40: Entrada funcionarios molinetes Cra. 8 | C40: Lunes a viernes Servicio 12 Horas 08.00 A 20.00 Sin Arma | D40: 0.5241 | E40: 0.4759 | F40: VIGILANTE | G40: 1 | I40: 1 | J40: 12 | K40: 11 | L40: 1 | M40: =IF(AND(G40=1,J40<24),20,IF(AND(G40=1,J40=24),30,13)) -> 20 | N40: 20 | P40: 2000 | R40: =+(((((($B$21*$C$21)+P40)*D40/30)*M40)/11*L40))+(((((($B$21*$C$21)+P40)*E40/30)*M40)/13*K40))*I40 -> 5367556.2 | S40: =_xlfn.XLOOKUP(X40,$H$16:$H$18,$G$16:$G$18,,0,1) -> 0.08 | T40: =R40*(1+S40) -> 5796960.7 | U40: =T40*1.9% -> 110142.25 | V40: =ROUND(T40+U40,0) -> 5907103 | X40: =IF(ISNUMBER(SEARCH("Sin Arma",C40)), "Sin Arma", IF(ISNUMBER(SEARCH("Con Arma", C40)), "Con Arma", IF(ISNUMBER(SEARCH("Canino", C40)), "Canino", "Otra categoría"))) -> Sin Arma | AA40: ='[1]Dic-2026'!$X17 -> 5907103 | AB40: =V40=AA40 -> TRUE
B41: Parqueadero calle 8 | C41: Lunes a viernes Servicio 12 Horas 06.00 A 18.00 Sin Arma | D41: 0.5241 | E41: 0.4759 | F41: VIGILANTE | G41: 1 | I41: 1 | J41: 12 | K41: 12 | M41: =IF(AND(G41=1,J41<24),20,IF(AND(G41=1,J41=24),30,13)) -> 20 | N41: 20 | O41: 20 | P41: 2000 | R41: =+(((((($B$21*$C$21)+P41)*D41/30)*M41)/11*L41))+(((((($B$21*$C$21)+P41)*E41/30)*M41)/13*K41))*I41 -> 5235995.3 | S41: =_xlfn.XLOOKUP(X41,$H$16:$H$18,$G$16:$G$18,,0,1) -> 0.08 | T41: =R41*(1+S41) -> 5654874.9 | U41: =T41*1.9% -> 107442.62 | V41: =ROUND(T41+U41,0) -> 5762318 | X41: =IF(ISNUMBER(SEARCH("Sin Arma",C41)), "Sin Arma", IF(ISNUMBER(SEARCH("Con Arma", C41)), "Con Arma", IF(ISNUMBER(SEARCH("Canino", C41)), "Canino", "Otra categoría"))) -> Sin Arma | AA41: ='[1]Dic-2026'!$X18 -> 5762318 | AB41: =V41=AA41 -> TRUE
B42: Parqueadero calle 12 | C42: Lunes a viernes Servicio 12 Horas 06.00 A 18.00 Sin Arma | D42: 0.5241 | E42: 0.4759 | F42: VIGILANTE | G42: 1 | I42: 1 | J42: 12 | K42: 12 | M42: =IF(AND(G42=1,J42<24),20,IF(AND(G42=1,J42=24),30,13)) -> 20 | N42: 20 | O42: 20 | P42: 2000 | R42: =+(((((($B$21*$C$21)+P42)*D42/30)*M42)/11*L42))+(((((($B$21*$C$21)+P42)*E42/30)*M42)/13*K42))*I42 -> 5235995.3 | S42: =_xlfn.XLOOKUP(X42,$H$16:$H$18,$G$16:$G$18,,0,1) -> 0.08 | T42: =R42*(1+S42) -> 5654874.9 | U42: =T42*1.9% -> 107442.62 | V42: =ROUND(T42+U42,0) -> 5762318 | X42: =IF(ISNUMBER(SEARCH("Sin Arma",C42)), "Sin Arma", IF(ISNUMBER(SEARCH("Con Arma", C42)), "Con Arma", IF(ISNUMBER(SEARCH("Canino", C42)), "Canino", "Otra categoría"))) -> Sin Arma | AA42: ='[1]Dic-2026'!$X19 -> 5762318 | AB42: =V42=AA42 -> TRUE
B43: Parqueadero calle 12 | C43: Lunes a viernes Servicio 12 Horas 08.00 A 20.00 Sin Arma | D43: 0.5241 | E43: 0.4759 | F43: VIGILANTE | G43: 1 | I43: 1 | J43: 12 | K43: 11 | L43: 1 | M43: =IF(AND(G43=1,J43<24),20,IF(AND(G43=1,J43=24),30,13)) -> 20 | N43: 20 | P43: 2000 | R43: =+(((((($B$21*$C$21)+P43)*D43/30)*M43)/11*L43))+(((((($B$21*$C$21)+P43)*E43/30)*M43)/13*K43))*I43 -> 5367556.2 | S43: =_xlfn.XLOOKUP(X43,$H$16:$H$18,$G$16:$G$18,,0,1) -> 0.08 | T43: =R43*(1+S43) -> 5796960.7 | U43: =T43*1.9% -> 110142.25 | V43: =ROUND(T43+U43,0) -> 5907103 | X43: =IF(ISNUMBER(SEARCH("Sin Arma",C43)), "Sin Arma", IF(ISNUMBER(SEARCH("Con Arma", C43)), "Con Arma", IF(ISNUMBER(SEARCH("Canino", C43)), "Canino", "Otra categoría"))) -> Sin Arma | AA43: ='[1]Dic-2026'!$X20 -> 5907103 | AB43: =V43=AA43 -> TRUE
B44: Acceso semisótano corte suprema de Justicia | C44: Lunes a viernes Servicio 12 Horas 07.00 A 19.00 Sin Arma | D44: 0.5241 | E44: 0.4759 | F44: VIGILANTE | I44: 1 | J44: 12 | K44: 12 | M44: =IF(AND(G44=1,J44<24),20,IF(AND(G44=1,J44=24),30,13)) -> 13 | O44: 20 | P44: 2000 | R44: =+(((((($B$21*$C$21)+P44)*D44/30)*M44)/11*L44))+(((((($B$21*$C$21)+P44)*E44/30)*M44)/13*K44))*I44 -> 3403397 | S44: =_xlfn.XLOOKUP(X44,$H$16:$H$18,$G$16:$G$18,,0,1) -> 0.08 | T44: =R44*(1+S44) -> 3675668.7 | U44: =T44*1.9% -> 69837.706 | V44: =ROUND(T44+U44,0) -> 3745506 | X44: =IF(ISNUMBER(SEARCH("Sin Arma",C44)), "Sin Arma", IF(ISNUMBER(SEARCH("Con Arma", C44)), "Con Arma", IF(ISNUMBER(SEARCH("Canino", C44)), "Canino", "Otra categoría"))) -> Sin Arma | AA44: ='[1]Dic-2026'!$X21 -> 3745506 | AB44: =V44=AA44 -> TRUE
B45: Acceso semisótano corte constitucional | C45: Lunes a viernes Servicio 12 Horas 07.00 A 19.00 Sin Arma | D45: 0.5241 | E45: 0.4759 | F45: VIGILANTE | I45: 1 | J45: 12 | K45: 12 | M45: =IF(AND(G45=1,J45<24),20,IF(AND(G45=1,J45=24),30,13)) -> 13 | O45: 20 | P45: 2000 | R45: =+(((((($B$21*$C$21)+P45)*D45/30)*M45)/11*L45))+(((((($B$21*$C$21)+P45)*E45/30)*M45)/13*K45))*I45 -> 3403397 | S45: =_xlfn.XLOOKUP(X45,$H$16:$H$18,$G$16:$G$18,,0,1) -> 0.08 | T45: =R45*(1+S45) -> 3675668.7 | U45: =T45*1.9% -> 69837.706 | V45: =ROUND(T45+U45,0) -> 3745506 | X45: =IF(ISNUMBER(SEARCH("Sin Arma",C45)), "Sin Arma", IF(ISNUMBER(SEARCH("Con Arma", C45)), "Con Arma", IF(ISNUMBER(SEARCH("Canino", C45)), "Canino", "Otra categoría"))) -> Sin Arma | AA45: ='[1]Dic-2026'!$X22 -> 3745506 | AB45: =V45=AA45 -> TRUE
B46: Acceso semisótano Consejo Superior de la Judicatura | C46: Lunes a viernes Servicio 12 Horas 07.00 A 19.00 Sin Arma | D46: 0.5241 | E46: 0.4759 | F46: VIGILANTE | G46: 1 | I46: 1 | J46: 12 | K46: 12 | M46: =IF(AND(G46=1,J46<24),20,IF(AND(G46=1,J46=24),30,13)) -> 20 | N46: 20 | O46: 20 | P46: 2000 | R46: =+(((((($B$21*$C$21)+P46)*D46/30)*M46)/11*L46))+(((((($B$21*$C$21)+P46)*E46/30)*M46)/13*K46))*I46 -> 5235995.3 | S46: =_xlfn.XLOOKUP(X46,$H$16:$H$18,$G$16:$G$18,,0,1) -> 0.08 | T46: =R46*(1+S46) -> 5654874.9 | U46: =T46*1.9% -> 107442.62 | V46: =ROUND(T46+U46,0) -> 5762318 | X46: =IF(ISNUMBER(SEARCH("Sin Arma",C46)), "Sin Arma", IF(ISNUMBER(SEARCH("Con Arma", C46)), "Con Arma", IF(ISNUMBER(SEARCH("Canino", C46)), "Canino", "Otra categoría"))) -> Sin Arma | AA46: ='[1]Dic-2026'!$X23 -> 5762318 | AB46: =V46=AA46 -> TRUE
B47: Acceso Semisótano Consejo de Estado | C47: Lunes a viernes Servicio 12 Horas 07.00 A 19.00 Sin Arma | D47: 0.5241 | E47: 0.4759 | F47: VIGILANTE | I47: 1 | J47: 12 | K47: 12 | M47: =IF(AND(G47=1,J47<24),20,IF(AND(G47=1,J47=24),30,13)) -> 13 | O47: 20 | P47: 2000 | R47: =+(((((($B$21*$C$21)+P47)*D47/30)*M47)/11*L47))+(((((($B$21*$C$21)+P47)*E47/30)*M47)/13*K47))*I47 -> 3403397 | S47: =_xlfn.XLOOKUP(X47,$H$16:$H$18,$G$16:$G$18,,0,1) -> 0.08 | T47: =R47*(1+S47) -> 3675668.7 | U47: =T47*1.9% -> 69837.706 | V47: =ROUND(T47+U47,0) -> 3745506 | X47: =IF(ISNUMBER(SEARCH("Sin Arma",C47)), "Sin Arma", IF(ISNUMBER(SEARCH("Con Arma", C47)), "Con Arma", IF(ISNUMBER(SEARCH("Canino", C47)), "Canino", "Otra categoría"))) -> Sin Arma | AA47: ='[1]Dic-2026'!$X24 -> 3745506 | AB47: =V47=AA47 -> TRUE
B48: Recorredor Palacio de Justicia y apoyo obras | C48: Lunes a domingo Servicio 24 Horas Sin Arma | D48: 0.5241 | E48: 0.4759 | F48: VIGILANTE | G48: 1 | H48: 1 | I48: 1 | J48: 24 | K48: 13 | L48: 11 | M48: =IF(AND(G48=1,J48<24),20,IF(AND(G48=1,J48=24),30,13)) -> 30 | P48: 6000 | R48: =+(((((($B$21*$C$21)+P48)*D48/30)*M48)/11*L48))+(((((($B$21*$C$21)+P48)*E48/30)*M48)/13*K48))*I48 -> 17882740 | S48: =_xlfn.XLOOKUP(X48,$H$16:$H$18,$G$16:$G$18,,0,1) -> 0.08 | T48: =R48*(1+S48) -> 19313359 | U48: =T48*1.9% -> 366953.83 | V48: =ROUND(T48+U48,0) -> 19680313 | X48: =IF(ISNUMBER(SEARCH("Sin Arma",C48)), "Sin Arma", IF(ISNUMBER(SEARCH("Con Arma", C48)), "Con Arma", IF(ISNUMBER(SEARCH("Canino", C48)), "Canino", "Otra categoría"))) -> Sin Arma | AA48: ='[1]Dic-2026'!$X25 -> 19680313 | AB48: =V48=AA48 -> TRUE
A49: SEDE 2. ESCUELA JUDICIAL RODRIGO LARA BONILLA | B49: Control ingreso 2 piso | C49: Lunes a domingo Servicio 24 Horas Con Arma | D49: 0.5241 | E49: 0.4759 | F49: VIGILANTE | G49: 1 | H49: 1 | I49: 1 | J49: 24 | K49: 13 | L49: 11 | M49: =IF(AND(G49=1,J49<24),20,IF(AND(G49=1,J49=24),30,13)) -> 30 | P49: 6000 | R49: =+(((((($B$21*$C$21)+P49)*D49/30)*M49)/11*L49))+(((((($B$21*$C$21)+P49)*E49/30)*M49)/13*K49))*I49 -> 17882740 | S49: =_xlfn.XLOOKUP(X49,$H$16:$H$18,$G$16:$G$18,,0,1) -> 0.1 | T49: =R49*(1+S49) -> 19671014 | U49: =T49*1.9% -> 373749.27 | V49: =ROUND(T49+U49,0) -> 20044763 | X49: =IF(ISNUMBER(SEARCH("Sin Arma",C49)), "Sin Arma", IF(ISNUMBER(SEARCH("Con Arma", C49)), "Con Arma", IF(ISNUMBER(SEARCH("Canino", C49)), "Canino", "Otra categoría"))) -> Con Arma | AA49: ='[1]Dic-2026'!$X26 -> 20044763 | AB49: =V49=AA49 -> TRUE
B50: Control ingreso 4 piso | C50: Lunes a domingo Servicio 24 Horas Con Arma | D50: 0.5241 | E50: 0.4759 | F50: VIGILANTE | G50: 1 | H50: 1 | I50: 1 | J50: 24 | K50: 13 | L50: 11 | M50: =IF(AND(G50=1,J50<24),20,IF(AND(G50=1,J50=24),30,13)) -> 30 | P50: 6000 | R50: =+(((((($B$21*$C$21)+P50)*D50/30)*M50)/11*L50))+(((((($B$21*$C$21)+P50)*E50/30)*M50)/13*K50))*I50 -> 17882740 | S50: =_xlfn.XLOOKUP(X50,$H$16:$H$18,$G$16:$G$18,,0,1) -> 0.1 | T50: =R50*(1+S50) -> 19671014 | U50: =T50*1.9% -> 373749.27 | V50: =ROUND(T50+U50,0) -> 20044763 | X50: =IF(ISNUMBER(SEARCH("Sin Arma",C50)), "Sin Arma", IF(ISNUMBER(SEARCH("Con Arma", C50)), "Con Arma", IF(ISNUMBER(SEARCH("Canino", C50)), "Canino", "Otra categoría"))) -> Con Arma | AA50: ='[1]Dic-2026'!$X27 -> 20044763 | AB50: =V50=AA50 -> TRUE
A51: SEDE 3. EDIFICIO ANTIGUO BANCO POPULAR | B51: Recepción | C51: Lunes a domingo Servicio 24 Horas Con Arma | D51: 0.5241 | E51: 0.4759 | F51: VIGILANTE | G51: 1 | H51: 1 | I51: 1 | J51: 24 | K51: 13 | L51: 11 | M51: =IF(AND(G51=1,J51<24),20,IF(AND(G51=1,J51=24),30,13)) -> 30 | P51: 6000 | R51: =+(((((($B$21*$C$21)+P51)*D51/30)*M51)/11*L51))+(((((($B$21*$C$21)+P51)*E51/30)*M51)/13*K51))*I51 -> 17882740 | S51: =_xlfn.XLOOKUP(X51,$H$16:$H$18,$G$16:$G$18,,0,1) -> 0.1 | T51: =R51*(1+S51) -> 19671014 | U51: =T51*1.9% -> 373749.27 | V51: =ROUND(T51+U51,0) -> 20044763 | X51: =IF(ISNUMBER(SEARCH("Sin Arma",C51)), "Sin Arma", IF(ISNUMBER(SEARCH("Con Arma", C51)), "Con Arma", IF(ISNUMBER(SEARCH("Canino", C51)), "Canino", "Otra categoría"))) -> Con Arma | AA51: ='[1]Dic-2026'!$X28 -> 20044763 | AB51: =V51=AA51 -> TRUE
B52: Control de ingreso y revistas | C52: Lunes a viernes 12 H De 06.00 A 18.00 Horas Sin Arma | D52: 0.5241 | E52: 0.4759 | F52: VIGILANTE | I52: 1 | J52: 12 | K52: 12 | M52: =IF(AND(G52=1,J52<24),20,IF(AND(G52=1,J52=24),30,13)) -> 13 | O52: 20 | P52: 2000 | R52: =+(((((($B$21*$C$21)+P52)*D52/30)*M52)/11*L52))+(((((($B$21*$C$21)+P52)*E52/30)*M52)/13*K52))*I52 -> 3403397 | S52: =_xlfn.XLOOKUP(X52,$H$16:$H$18,$G$16:$G$18,,0,1) -> 0.08 | T52: =R52*(1+S52) -> 3675668.7 | U52: =T52*1.9% -> 69837.706 | V52: =ROUND(T52+U52,0) -> 3745506 | X52: =IF(ISNUMBER(SEARCH("Sin Arma",C52)), "Sin Arma", IF(ISNUMBER(SEARCH("Con Arma", C52)), "Con Arma", IF(ISNUMBER(SEARCH("Canino", C52)), "Canino", "Otra categoría"))) -> Sin Arma | AA52: ='[1]Dic-2026'!$X29 -> 3745506 | AB52: =V52=AA52 -> TRUE
A53: SEDE 4. SEDE ANEXA | B53: Control Ingreso personal y paquetes | C53: Lunes a domingo Servicio 24 H Con Arma | D53: 0.5241 | E53: 0.4759 | F53: VIGILANTE | G53: 1 | H53: 1 | I53: 1 | J53: 24 | K53: 13 | L53: 11 | M53: =IF(AND(G53=1,J53<24),20,IF(AND(G53=1,J53=24),30,13)) -> 30 | P53: 6000 | R53: =+(((((($B$21*$C$21)+P53)*D53/30)*M53)/11*L53))+(((((($B$21*$C$21)+P53)*E53/30)*M53)/13*K53))*I53 -> 17882740 | S53: =_xlfn.XLOOKUP(X53,$H$16:$H$18,$G$16:$G$18,,0,1) -> 0.1 | T53: =R53*(1+S53) -> 19671014 | U53: =T53*1.9% -> 373749.27 | V53: =ROUND(T53+U53,0) -> 20044763 | X53: =IF(ISNUMBER(SEARCH("Sin Arma",C53)), "Sin Arma", IF(ISNUMBER(SEARCH("Con Arma", C53)), "Con Arma", IF(ISNUMBER(SEARCH("Canino", C53)), "Canino", "Otra categoría"))) -> Con Arma | AA53: ='[1]Dic-2026'!$X30 -> 20044763 | AB53: =V53=AA53 -> TRUE
B54: Control de ingreso funcionarios | C54: Lunes a viernes Servicio 12 Horas 07.00 A 19.00 Sin Arma | D54: 0.5241 | E54: 0.4759 | F54: VIGILANTE | I54: 1 | J54: 12 | K54: 12 | M54: =IF(AND(G54=1,J54<24),20,IF(AND(G54=1,J54=24),30,13)) -> 13 | P54: 6000 | R54: =+((((((($B$21*$C$21)+P54)*D54/30)*M54)/11*L54))+(((((($B$21*$C$21)+P54)*E54/30)*M54)/13*K54)))*I54 -> 3404158.4 | S54: =_xlfn.XLOOKUP(X54,$H$16:$H$18,$G$16:$G$18,,0,1) -> 0.08 | T54: =R54*(1+S54) -> 3676491.1 | U54: =T54*1.9% -> 69853.33 | V54: =ROUND(T54+U54,0) -> 3746344 | X54: =IF(ISNUMBER(SEARCH("Sin Arma",C54)), "Sin Arma", IF(ISNUMBER(SEARCH("Con Arma", C54)), "Con Arma", IF(ISNUMBER(SEARCH("Canino", C54)), "Canino", "Otra categoría"))) -> Sin Arma | AA54: ='[1]Dic-2026'!$X31 -> 3745506 | AB54: =V54=AA54 -> FALSE
A55: SEDE 5. EDIFICIO DINERS | B55: Entrada principal y recorrido | C55: Lunes a domingo Servicio 24 Horas Con Arma | D55: 0.5241 | E55: 0.4759 | F55: VIGILANTE | G55: 1 | H55: 1 | I55: 1 | J55: 24 | K55: 13 | L55: 11 | M55: =IF(AND(G55=1,J55<24),20,IF(AND(G55=1,J55=24),30,13)) -> 30 | P55: 6000 | R55: =+(((((($B$21*$C$21)+P55)*D55/30)*M55)/11*L55))+(((((($B$21*$C$21)+P55)*E55/30)*M55)/13*K55))*I55 -> 17882740 | S55: =_xlfn.XLOOKUP(X55,$H$16:$H$18,$G$16:$G$18,,0,1) -> 0.1 | T55: =R55*(1+S55) -> 19671014 | U55: =T55*1.9% -> 373749.27 | V55: =ROUND(T55+U55,0) -> 20044763 | X55: =IF(ISNUMBER(SEARCH("Sin Arma",C55)), "Sin Arma", IF(ISNUMBER(SEARCH("Con Arma", C55)), "Con Arma", IF(ISNUMBER(SEARCH("Canino", C55)), "Canino", "Otra categoría"))) -> Con Arma | AA55: ='[1]Dic-2026'!$X32 -> 20044763 | AB55: =V55=AA55 -> TRUE
A56: SEDE 6. ALMACÉN GENERAL E INVENTARIOS | B56: Control ingreso 1 piso | C56: Lunes a domingo Servicio 24H Con Arma | D56: 0.5241 | E56: 0.4759 | F56: VIGILANTE | G56: 1 | I56: 1 | J56: 24 | K56: 13 | L56: 11 | M56: =IF(AND(G56=1,J56<24),20,IF(AND(G56=1,J56=24),30,13)) -> 30 | P56: 6000 | R56: =+(((((($B$21*$C$21)+P56)*D56/30)*M56)/11*L56))+(((((($B$21*$C$21)+P56)*E56/30)*M56)/13*K56))*I56 -> 17882740 | S56: =_xlfn.XLOOKUP(X56,$H$16:$H$18,$G$16:$G$18,,0,1) -> 0.1 | T56: =R56*(1+S56) -> 19671014 | U56: =T56*1.9% -> 373749.27 | V56: =ROUND(T56+U56,0) -> 20044763 | X56: =IF(ISNUMBER(SEARCH("Sin Arma",C56)), "Sin Arma", IF(ISNUMBER(SEARCH("Con Arma", C56)), "Con Arma", IF(ISNUMBER(SEARCH("Canino", C56)), "Canino", "Otra categoría"))) -> Con Arma | AA56: ='[1]Dic-2026'!$X33 -> 20044763 | AB56: =V56=AA56 -> TRUE
B57: Control ingreso parqueadero y recorrido | C57: Lunes a domingo Servicio 24H Con Arma | D57: 0.5241 | E57: 0.4759 | F57: VIGILANTE | G57: 1 | H57: 1 | I57: 1 | J57: 24 | K57: 13 | L57: 11 | M57: =IF(AND(G57=1,J57<24),20,IF(AND(G57=1,J57=24),30,13)) -> 30 | P57: 6000 | R57: =+(((((($B$21*$C$21)+P57)*D57/30)*M57)/11*L57))+(((((($B$21*$C$21)+P57)*E57/30)*M57)/13*K57))*I57 -> 17882740 | S57: =_xlfn.XLOOKUP(X57,$H$16:$H$18,$G$16:$G$18,,0,1) -> 0.1 | T57: =R57*(1+S57) -> 19671014 | U57: =T57*1.9% -> 373749.27 | V57: =ROUND(T57+U57,0) -> 20044763 | X57: =IF(ISNUMBER(SEARCH("Sin Arma",C57)), "Sin Arma", IF(ISNUMBER(SEARCH("Con Arma", C57)), "Con Arma", IF(ISNUMBER(SEARCH("Canino", C57)), "Canino", "Otra categoría"))) -> Con Arma | AA57: ='[1]Dic-2026'!$X34 -> 20044763 | AB57: =V57=AA57 -> TRUE
A58: SEDE 7. EDIFICIO BANCO DE CRÉDITO | B58: Parqueadero VIP portería Cra. 6 | C58: Lunes a domingo Servicio 24 Horas Con Arma | D58: 0.5241 | E58: 0.4759 | F58: VIGILANTE | G58: 1 | H58: 1 | I58: 1 | J58: 24 | K58: 13 | L58: 11 | M58: =IF(AND(G58=1,J58<24),20,IF(AND(G58=1,J58=24),30,13)) -> 30 | P58: 6000 | R58: =+(((((($B$21*$C$21)+P58)*D58/30)*M58)/11*L58))+(((((($B$21*$C$21)+P58)*E58/30)*M58)/13*K58))*I58 -> 17882740 | S58: =_xlfn.XLOOKUP(X58,$H$16:$H$18,$G$16:$G$18,,0,1) -> 0.1 | T58: =R58*(1+S58) -> 19671014 | U58: =T58*1.9% -> 373749.27 | V58: =ROUND(T58+U58,0) -> 20044763 | X58: =IF(ISNUMBER(SEARCH("Sin Arma",C58)), "Sin Arma", IF(ISNUMBER(SEARCH("Con Arma", C58)), "Con Arma", IF(ISNUMBER(SEARCH("Canino", C58)), "Canino", "Otra categoría"))) -> Con Arma | AA58: ='[1]Dic-2026'!$X35 -> 20044763 | AB58: =V58=AA58 -> TRUE
B59: Parqueadero por la Cra. 7 | C59: Lunes a domingo Servicio 24 Horas Con Arma | D59: 0.5241 | E59: 0.4759 | F59: VIGILANTE | G59: 1 | H59: 1 | I59: 1 | J59: 24 | K59: 13 | L59: 11 | M59: =IF(AND(G59=1,J59<24),20,IF(AND(G59=1,J59=24),30,13)) -> 30 | P59: 6000 | R59: =+(((((($B$21*$C$21)+P59)*D59/30)*M59)/11*L59))+(((((($B$21*$C$21)+P59)*E59/30)*M59)/13*K59))*I59 -> 17882740 | S59: =_xlfn.XLOOKUP(X59,$H$16:$H$18,$G$16:$G$18,,0,1) -> 0.1 | T59: =R59*(1+S59) -> 19671014 | U59: =T59*1.9% -> 373749.27 | V59: =ROUND(T59+U59,0) -> 20044763 | X59: =IF(ISNUMBER(SEARCH("Sin Arma",C59)), "Sin Arma", IF(ISNUMBER(SEARCH("Con Arma", C59)), "Con Arma", IF(ISNUMBER(SEARCH("Canino", C59)), "Canino", "Otra categoría"))) -> Con Arma | AA59: ='[1]Dic-2026'!$X36 -> 20044763 | AB59: =V59=AA59 -> TRUE
B60: Control de medios tecnológicos y recorrido | C60: Lunes a domingo Servicio 24 Horas | D60: 0.5241 | E60: 0.4759 | F60: OPERADOR DE MEDIOS | G60: 1 | H60: 1 | I60: 1 | J60: 24 | K60: 13 | L60: 11 | M60: =IF(AND(G60=1,J60<24),20,IF(AND(G60=1,J60=24),30,13)) -> 30 | P60: 6000 | R60: =+(((((($B$21*$C$21)+P60)*D60/30)*M60)/11*L60))+(((((($B$21*$C$21)+P60)*E60/30)*M60)/13*K60))*I60 -> 17882740 | S60: 0.08 | T60: =R60*(1+S60) -> 19313359 | U60: =T60*1.9% -> 366953.83 | V60: =ROUND(T60+U60,0) -> 19680313 | X60: =IF(ISNUMBER(SEARCH("Sin Arma",C60)), "Sin Arma", IF(ISNUMBER(SEARCH("Con Arma", C60)), "Con Arma", IF(ISNUMBER(SEARCH("Canino", C60)), "Canino", "Otra categoría"))) -> Otra categoría | AA60: ='[1]Dic-2026'!$X37 -> 19680313 | AB60: =V60=AA60 -> TRUE
B61: Escáner | C61: Lunes a domingo Servicio 24 Horas Con Arma | D61: 0.5241 | E61: 0.4759 | F61: VIGILANTE | G61: 1 | H61: 1 | I61: 1 | J61: 24 | K61: 13 | L61: 11 | M61: =IF(AND(G61=1,J61<24),20,IF(AND(G61=1,J61=24),30,13)) -> 30 | P61: 6000 | R61: =+(((((($B$21*$C$21)+P61)*D61/30)*M61)/11*L61))+(((((($B$21*$C$21)+P61)*E61/30)*M61)/13*K61))*I61 -> 17882740 | S61: =_xlfn.XLOOKUP(X61,$H$16:$H$18,$G$16:$G$18,,0,1) -> 0.1 | T61: =R61*(1+S61) -> 19671014 | U61: =T61*1.9% -> 373749.27 | V61: =ROUND(T61+U61,0) -> 20044763 | X61: =IF(ISNUMBER(SEARCH("Sin Arma",C61)), "Sin Arma", IF(ISNUMBER(SEARCH("Con Arma", C61)), "Con Arma", IF(ISNUMBER(SEARCH("Canino", C61)), "Canino", "Otra categoría"))) -> Con Arma | AA61: ='[1]Dic-2026'!$X38 -> 20044763 | AB61: =V61=AA61 -> TRUE
B62: Portería Cra. 7 (entrada principal) | C62: 24 H Fines De Semana Y Festivos | D62: 0.5241 | E62: 0.4759 | F62: VIGILANTE | G62: 1 | H62: 1 | I62: 1 | J62: 24 | K62: 13 | L62: 11 | M62: 10 | P62: 6000 | R62: =+(((((($B$21*$C$21)+P62)*D62/30)*M62)/11*L62))+(((((($B$21*$C$21)+P62)*E62/30)*M62)/13*K62))*I62 -> 5960913.3 | S62: =_xlfn.XLOOKUP(X62,$H$16:$H$18,$G$16:$G$18,,0,1) -> 0.1 | T62: =R62*(1+S62) -> 6557004.7 | U62: =T62*1.9% -> 124583.09 | V62: =ROUND(T62+U62,0) -> 6681588 | X62: Con Arma | AA62: ='[1]Dic-2026'!$X39 -> 6681588 | AB62: =V62=AA62 -> TRUE
B63: Portería Cra. 7 (entrada principal) | C63: Lunes a viernes Servicio 12 H Con Arma Lunes a viernes Nocturno | D63: 0.5241 | E63: 0.4759 | F63: VIGILANTE | G63: 1 | H63: 1 | I63: 1 | J63: 12 | K63: 1 | L63: 11 | M63: =IF(AND(G63=1,J63<24),20,IF(AND(G63=1,J63=24),30,13)) -> 20 | N63: 20 | P63: 2000 | R63: =+(((((($B$21*$C$21)+P63)*D63/30)*M63)/11*L63))+(((((($B$21*$C$21)+P63)*E63/30)*M63)/13*K63))*I63 -> 6683164.7 | S63: =_xlfn.XLOOKUP(X63,$H$16:$H$18,$G$16:$G$18,,0,1) -> 0.1 | T63: =R63*(1+S63) -> 7351481.2 | U63: =T63*1.9% -> 139678.14 | V63: =ROUND(T63+U63,0) -> 7491159 | X63: =IF(ISNUMBER(SEARCH("Sin Arma",C63)), "Sin Arma", IF(ISNUMBER(SEARCH("Con Arma", C63)), "Con Arma", IF(ISNUMBER(SEARCH("Canino", C63)), "Canino", "Otra categoría"))) -> Con Arma | AA63: ='[1]Dic-2026'!$X40 -> 7491159 | AB63: =V63=AA63 -> TRUE
B64: Puerta correspondencia | C64: Lunes a viernes Servicio 9 Horas 08.00 A 17.00 Horas Sin Arma | D64: 0.5241 | E64: 0.4759 | F64: VIGILANTE | G64: 1 | I64: 1 | J64: 9 | K64: 9 | M64: =IF(AND(G64=1,J64<24),20,IF(AND(G64=1,J64=24),30,13)) -> 20 | N64: 20 | O64: 20 | P64: 2000 | R64: =+(((((($B$21*$C$21)+P64)*D64/30)*M64)/11*L64))+(((((($B$21*$C$21)+P64)*E64/30)*M64)/13*K64))*I64 -> 3926996.5 | S64: =_xlfn.XLOOKUP(X64,$H$16:$H$18,$G$16:$G$18,,0,1) -> 0.08 | T64: =R64*(1+S64) -> 4241156.2 | U64: =T64*1.9% -> 80581.968 | V64: =ROUND(T64+U64,0) -> 4321738 | X64: =IF(ISNUMBER(SEARCH("Sin Arma",C64)), "Sin Arma", IF(ISNUMBER(SEARCH("Con Arma", C64)), "Con Arma", IF(ISNUMBER(SEARCH("Canino", C64)), "Canino", "Otra categoría"))) -> Sin Arma | AA64: ='[1]Dic-2026'!$X41 -> 4321738 | AB64: =V64=AA64 -> TRUE
B65: Despacho | C65: Lunes a viernes Servicio 9 Horas de 08:00 H A 17:00 H Sin Festivos | D65: 0.5241 | E65: 0.4759 | F65: VIGILANTE | G65: 1 | I65: 1 | J65: 9 | K65: 9 | M65: =IF(AND(G65=1,J65<24),20,IF(AND(G65=1,J65=24),30,13)) -> 20 | N65: 20 | O65: 20 | P65: 2000 | R65: =+(((((($B$21*$C$21)+P65)*D65/30)*M65)/11*L65))+(((((($B$21*$C$21)+P65)*E65/30)*M65)/13*K65))*I65 -> 3926996.5 | S65: 0.08 | T65: =R65*(1+S65) -> 4241156.2 | U65: =T65*1.9% -> 80581.968 | V65: =ROUND(T65+U65,0) -> 4321738 | X65: =IF(ISNUMBER(SEARCH("Sin Arma",C65)), "Sin Arma", IF(ISNUMBER(SEARCH("Con Arma", C65)), "Con Arma", IF(ISNUMBER(SEARCH("Canino", C65)), "Canino", "Otra categoría"))) -> Otra categoría | AA65: ='[1]Dic-2026'!$X42 -> 4321738 | AB65: =V65=AA65 -> TRUE
B66: Puerta principal despacho judiciales | C66: Lunes a viernes Servicio 9 Horas 08.00 A 17.00 Horas Sin Arma | D66: 0.5241 | E66: 0.4759 | F66: VIGILANTE | G66: 1 | I66: 1 | J66: 9 | K66: 9 | M66: =IF(AND(G66=1,J66<24),20,IF(AND(G66=1,J66=24),30,13)) -> 20 | N66: 20 | O66: 20 | P66: 2000 | R66: =+(((((($B$21*$C$21)+P66)*D66/30)*M66)/11*L66))+(((((($B$21*$C$21)+P66)*E66/30)*M66)/13*K66))*I66 -> 3926996.5 | S66: =_xlfn.XLOOKUP(X66,$H$16:$H$18,$G$16:$G$18,,0,1) -> 0.08 | T66: =R66*(1+S66) -> 4241156.2 | U66: =T66*1.9% -> 80581.968 | V66: =ROUND(T66+U66,0) -> 4321738 | X66: =IF(ISNUMBER(SEARCH("Sin Arma",C66)), "Sin Arma", IF(ISNUMBER(SEARCH("Con Arma", C66)), "Con Arma", IF(ISNUMBER(SEARCH("Canino", C66)), "Canino", "Otra categoría"))) -> Sin Arma | AA66: ='[1]Dic-2026'!$X43 -> 4321738 | AB66: =V66=AA66 -> TRUE
B67: Recepción | C67: Lunes a viernes 12 H De 06.00 A 18.00 Horas Sin Arma | D67: 0.5241 | E67: 0.4759 | F67: VIGILANTE | G67: 1 | I67: 1 | J67: 12 | K67: 12 | M67: =IF(AND(G67=1,J67<24),20,IF(AND(G67=1,J67=24),30,13)) -> 20 | N67: 20 | O67: 20 | P67: 2000 | R67: =+(((((($B$21*$C$21)+P67)*D67/30)*M67)/11*L67))+(((((($B$21*$C$21)+P67)*E67/30)*M67)/13*K67))*I67 -> 5235995.3 | S67: =_xlfn.XLOOKUP(X67,$H$16:$H$18,$G$16:$G$18,,0,1) -> 0.08 | T67: =R67*(1+S67) -> 5654874.9 | U67: =T67*1.9% -> 107442.62 | V67: =ROUND(T67+U67,0) -> 5762318 | X67: =IF(ISNUMBER(SEARCH("Sin Arma",C67)), "Sin Arma", IF(ISNUMBER(SEARCH("Con Arma", C67)), "Con Arma", IF(ISNUMBER(SEARCH("Canino", C67)), "Canino", "Otra categoría"))) -> Sin Arma | AA67: ='[1]Dic-2026'!$X44 -> 5762318 | AB67: =V67=AA67 -> TRUE
B68: Medios tecnológicos - CCTV | C68: Lunes a viernes 12 H De 06.00 A 18.00 Horas Sin Arma | D68: 0.5241 | E68: 0.4759 | F68: OPERADOR DE MEDIOS | G68: 1 | I68: 1 | J68: 12 | K68: 12 | M68: =IF(AND(G68=1,J68<24),20,IF(AND(G68=1,J68=24),30,13)) -> 20 | N68: 20 | O68: 20 | P68: 2000 | R68: =+(((((($B$21*$C$21)+P68)*D68/30)*M68)/11*L68))+(((((($B$21*$C$21)+P68)*E68/30)*M68)/13*K68))*I68 -> 5235995.3 | S68: =_xlfn.XLOOKUP(X68,$H$16:$H$18,$G$16:$G$18,,0,1) -> 0.08 | T68: =R68*(1+S68) -> 5654874.9 | U68: =T68*1.9% -> 107442.62 | V68: =ROUND(T68+U68,0) -> 5762318 | X68: =IF(ISNUMBER(SEARCH("Sin Arma",C68)), "Sin Arma", IF(ISNUMBER(SEARCH("Con Arma", C68)), "Con Arma", IF(ISNUMBER(SEARCH("Canino", C68)), "Canino", "Otra categoría"))) -> Sin Arma | AA68: ='[1]Dic-2026'!$X45 -> 5762318 | AB68: =V68=AA68 -> TRUE
B69: Apoyo Canino (Parqueadero Cra. 7 de 7-9 am, portería Cra. 7 y Correspondencia) | C69: Lunes a viernes Servicio 12H DE 06:00 A 18: 00 H (ConCanino) | D69: 0.5241 | E69: 0.4759 | F69: MANEJADOR CANINO | G69: 1 | I69: 1 | J69: 12 | K69: 12 | M69: =IF(AND(G69=1,J69<24),20,IF(AND(G69=1,J69=24),30,13)) -> 20 | N69: 20 | O69: 20 | P69: 2000 | R69: =+(((((($B$21*$C$21)+P69)*D69/30)*M69)/11*L69))+(((((($B$21*$C$21)+P69)*E69/30)*M69)/13*K69))*I69 -> 5235995.3 | S69: =_xlfn.XLOOKUP(X69,$H$16:$H$18,$G$16:$G$18,,0,1) -> 0.11 | T69: =R69*(1+S69) -> 5811954.8 | U69: =T69*1.9% -> 110427.14 | V69: =ROUND(T69+U69,0) -> 5922382 | X69: =IF(ISNUMBER(SEARCH("Sin Arma",C69)), "Sin Arma", IF(ISNUMBER(SEARCH("Con Arma", C69)), "Con Arma", IF(ISNUMBER(SEARCH("Canino", C69)), "Canino", "Otra categoría"))) -> Canino | AA69: ='[1]Dic-2026'!$X46 -> 5922382 | AB69: =V69=AA69 -> TRUE
A70: SEDE 8. EDIFICIO TORRE D | B70: Sótano | C70: Lunes a domingo Servicio 24H Con Arma | D70: 0.5241 | E70: 0.4759 | F70: OPERADOR DE MEDIOS | G70: 1 | H70: 1 | I70: 1 | J70: 24 | K70: 13 | L70: 11 | M70: =IF(AND(G70=1,J70<24),20,IF(AND(G70=1,J70=24),30,13)) -> 30 | P70: 6000 | R70: =+(((((($B$21*$C$21)+P70)*D70/30)*M70)/11*L70))+(((((($B$21*$C$21)+P70)*E70/30)*M70)/13*K70))*I70 -> 17882740 | S70: =_xlfn.XLOOKUP(X70,$H$16:$H$18,$G$16:$G$18,,0,1) -> 0.1 | T70: =R70*(1+S70) -> 19671014 | U70: =T70*1.9% -> 373749.27 | V70: =ROUND(T70+U70,0) -> 20044763 | X70: =IF(ISNUMBER(SEARCH("Sin Arma",C70)), "Sin Arma", IF(ISNUMBER(SEARCH("Con Arma", C70)), "Con Arma", IF(ISNUMBER(SEARCH("Canino", C70)), "Canino", "Otra categoría"))) -> Con Arma | AA70: ='[1]Dic-2026'!$X47 -> 20044763 | AB70: =V70=AA70 -> TRUE
B71: Recepción | C71: Lunes a domingo Servicio 24H Con Arma | D71: 0.5241 | E71: 0.4759 | F71: VIGILANTE | G71: 1 | H71: 1 | I71: 1 | J71: 24 | K71: 13 | L71: 11 | M71: =IF(AND(G71=1,J71<24),20,IF(AND(G71=1,J71=24),30,13)) -> 30 | P71: 6000 | R71: =+(((((($B$21*$C$21)+P71)*D71/30)*M71)/11*L71))+(((((($B$21*$C$21)+P71)*E71/30)*M71)/13*K71))*I71 -> 17882740 | S71: =_xlfn.XLOOKUP(X71,$H$16:$H$18,$G$16:$G$18,,0,1) -> 0.1 | T71: =R71*(1+S71) -> 19671014 | U71: =T71*1.9% -> 373749.27 | V71: =ROUND(T71+U71,0) -> 20044763 | X71: =IF(ISNUMBER(SEARCH("Sin Arma",C71)), "Sin Arma", IF(ISNUMBER(SEARCH("Con Arma", C71)), "Con Arma", IF(ISNUMBER(SEARCH("Canino", C71)), "Canino", "Otra categoría"))) -> Con Arma | AA71: ='[1]Dic-2026'!$X48 -> 20044763 | AB71: =V71=AA71 -> TRUE
B72: Parqueadero | C72: Lunes a domingo Servicio 24H Con Arma | D72: 0.5241 | E72: 0.4759 | F72: VIGILANTE | G72: 1 | H72: 1 | I72: 1 | J72: 24 | K72: 13 | L72: 11 | M72: =IF(AND(G72=1,J72<24),20,IF(AND(G72=1,J72=24),30,13)) -> 30 | P72: 6000 | R72: =+(((((($B$21*$C$21)+P72)*D72/30)*M72)/11*L72))+(((((($B$21*$C$21)+P72)*E72/30)*M72)/13*K72))*I72 -> 17882740 | S72: =_xlfn.XLOOKUP(X72,$H$16:$H$18,$G$16:$G$18,,0,1) -> 0.1 | T72: =R72*(1+S72) -> 19671014 | U72: =T72*1.9% -> 373749.27 | V72: =ROUND(T72+U72,0) -> 20044763 | X72: =IF(ISNUMBER(SEARCH("Sin Arma",C72)), "Sin Arma", IF(ISNUMBER(SEARCH("Con Arma", C72)), "Con Arma", IF(ISNUMBER(SEARCH("Canino", C72)), "Canino", "Otra categoría"))) -> Con Arma | AA72: ='[1]Dic-2026'!$X49 -> 20044763 | AB72: =V72=AA72 -> TRUE
B73: Edificio aforados calle 73 acceso de sótano | C73: De Lunes a viernes SIN ARMA De las 6:00 a las 18:00 horas (12 hrs) | D73: 0.5241 | E73: 0.4759 | F73: VIGILANTE | I73: 1 | J73: 12 | K73: 12 | M73: =IF(AND(G73=1,J73<24),20,IF(AND(G73=1,J73=24),30,13)) -> 13 | O73: 20 | P73: 2000 | R73: =+(((((($B$21*$C$21)+P73)*D73/30)*M73)/11*L73))+(((((($B$21*$C$21)+P73)*E73/30)*M73)/13*K73))*I73 -> 3403397 | S73: =_xlfn.XLOOKUP(X73,$H$16:$H$18,$G$16:$G$18,,0,1) -> 0.08 | T73: =R73*(1+S73) -> 3675668.7 | U73: =T73*1.9% -> 69837.706 | V73: =ROUND(T73+U73,0) -> 3745506 | X73: =IF(ISNUMBER(SEARCH("Sin Arma",C73)), "Sin Arma", IF(ISNUMBER(SEARCH("Con Arma", C73)), "Con Arma", IF(ISNUMBER(SEARCH("Canino", C73)), "Canino", "Otra categoría"))) -> Sin Arma | AA73: ='[1]Dic-2026'!$X50 -> 3745506 | AB73: =V73=AA73 -> TRUE
B74: Torre D piso 7 | C74: De Lunes a viernes SIN ARMA De las 6:00 a las 18:00 horas (12 hrs) | D74: 0.5241 | E74: 0.4759 | F74: VIGILANTE | I74: 1 | J74: 12 | K74: 12 | M74: =IF(AND(G74=1,J74<24),20,IF(AND(G74=1,J74=24),30,13)) -> 13 | O74: 20 | P74: 2000 | R74: =+(((((($B$21*$C$21)+P74)*D74/30)*M74)/11*L74))+(((((($B$21*$C$21)+P74)*E74/30)*M74)/13*K74))*I74 -> 3403397 | S74: =_xlfn.XLOOKUP(X74,$H$16:$H$18,$G$16:$G$18,,0,1) -> 0.08 | T74: =R74*(1+S74) -> 3675668.7 | U74: =T74*1.9% -> 69837.706 | V74: =ROUND(T74+U74,0) -> 3745506 | X74: =IF(ISNUMBER(SEARCH("Sin Arma",C74)), "Sin Arma", IF(ISNUMBER(SEARCH("Con Arma", C74)), "Con Arma", IF(ISNUMBER(SEARCH("Canino", C74)), "Canino", "Otra categoría"))) -> Sin Arma | AA74: ='[1]Dic-2026'!$X51 -> 3745506 | AB74: =V74=AA74 -> TRUE
B75: Edificios aforados canino | C75: De Lunes a viernes CON CANINO SIN de las 6:00 a las 18:00 ARMA (12 hrs) | D75: 0.5241 | E75: 0.4759 | F75: MANEJADOR CANINO | I75: 1 | J75: 12 | K75: 12 | M75: =IF(AND(G75=1,J75<24),20,IF(AND(G75=1,J75=24),30,13)) -> 13 | O75: 20 | P75: 2000 | R75: =+(((((($B$21*$C$21)+P75)*D75/30)*M75)/11*L75))+(((((($B$21*$C$21)+P75)*E75/30)*M75)/13*K75))*I75 -> 3403397 | S75: =_xlfn.XLOOKUP(X75,$H$16:$H$18,$G$16:$G$18,,0,1) -> 0.11 | T75: =R75*(1+S75) -> 3777770.6 | U75: =T75*1.9% -> 71777.642 | V75: =ROUND(T75+U75,0) -> 3849548 | X75: =IF(ISNUMBER(SEARCH("Sin Arma",C75)), "Sin Arma", IF(ISNUMBER(SEARCH("Con Arma", C75)), "Con Arma", IF(ISNUMBER(SEARCH("Canino", C75)), "Canino", "Otra categoría"))) -> Canino | AA75: ='[1]Dic-2026'!$X52 -> 3849548 | AB75: =V75=AA75 -> TRUE
B76: Edificios aforados piso 2 y 3 recorrido | C76: De Lunes a viernes SIN ARMA De las 6:00 a las 18:00 horas (12 hrs) | D76: 0.5241 | E76: 0.4759 | F76: VIGILANTE | I76: 1 | J76: 12 | K76: 12 | M76: =IF(AND(G76=1,J76<24),20,IF(AND(G76=1,J76=24),30,13)) -> 13 | O76: 20 | P76: 2000 | R76: =+(((((($B$21*$C$21)+P76)*D76/30)*M76)/11*L76))+(((((($B$21*$C$21)+P76)*E76/30)*M76)/13*K76))*I76 -> 3403397 | S76: =_xlfn.XLOOKUP(X76,$H$16:$H$18,$G$16:$G$18,,0,1) -> 0.08 | T76: =R76*(1+S76) -> 3675668.7 | U76: =T76*1.9% -> 69837.706 | V76: =ROUND(T76+U76,0) -> 3745506 | X76: =IF(ISNUMBER(SEARCH("Sin Arma",C76)), "Sin Arma", IF(ISNUMBER(SEARCH("Con Arma", C76)), "Con Arma", IF(ISNUMBER(SEARCH("Canino", C76)), "Canino", "Otra categoría"))) -> Sin Arma | AA76: ='[1]Dic-2026'!$X53 -> 3745506 | AB76: =V76=AA76 -> TRUE
B77: Edificios aforados piso 4 y 5 recorrido | C77: De Lunes a viernes SIN ARMA De las 6:00 a las 18:00 horas (12 hrs) | D77: 0.5241 | E77: 0.4759 | F77: VIGILANTE | I77: 1 | J77: 12 | K77: 12 | M77: =IF(AND(G77=1,J77<24),20,IF(AND(G77=1,J77=24),30,13)) -> 13 | O77: 20 | P77: 2000 | R77: =+(((((($B$21*$C$21)+P77)*D77/30)*M77)/11*L77))+(((((($B$21*$C$21)+P77)*E77/30)*M77)/13*K77))*I77 -> 3403397 | S77: =_xlfn.XLOOKUP(X77,$H$16:$H$18,$G$16:$G$18,,0,1) -> 0.08 | T77: =R77*(1+S77) -> 3675668.7 | U77: =T77*1.9% -> 69837.706 | V77: =ROUND(T77+U77,0) -> 3745506 | X77: =IF(ISNUMBER(SEARCH("Sin Arma",C77)), "Sin Arma", IF(ISNUMBER(SEARCH("Con Arma", C77)), "Con Arma", IF(ISNUMBER(SEARCH("Canino", C77)), "Canino", "Otra categoría"))) -> Sin Arma | AA77: ='[1]Dic-2026'!$X54 -> 3745506 | AB77: =V77=AA77 -> TRUE
B78: Edificios aforados 6 y 7 recorrido | C78: De Lunes a viernes SIN ARMA De las 6:00 a las 18:00 horas (12 hrs) | D78: 0.5241 | E78: 0.4759 | F78: VIGILANTE | I78: 1 | J78: 12 | K78: 12 | M78: =IF(AND(G78=1,J78<24),20,IF(AND(G78=1,J78=24),30,13)) -> 13 | O78: 20 | P78: 2000 | R78: =+(((((($B$21*$C$21)+P78)*D78/30)*M78)/11*L78))+(((((($B$21*$C$21)+P78)*E78/30)*M78)/13*K78))*I78 -> 3403397 | S78: =_xlfn.XLOOKUP(X78,$H$16:$H$18,$G$16:$G$18,,0,1) -> 0.08 | T78: =R78*(1+S78) -> 3675668.7 | U78: =T78*1.9% -> 69837.706 | V78: =ROUND(T78+U78,0) -> 3745506 | X78: =IF(ISNUMBER(SEARCH("Sin Arma",C78)), "Sin Arma", IF(ISNUMBER(SEARCH("Con Arma", C78)), "Con Arma", IF(ISNUMBER(SEARCH("Canino", C78)), "Canino", "Otra categoría"))) -> Sin Arma | AA78: ='[1]Dic-2026'!$X55 -> 3745506 | AB78: =V78=AA78 -> TRUE
B79: Supervisor de puesto zona norte y sede anexas | C79: De Lunes a viernes SIN ARMA De las 6:00 a las 18:00 horas (12 hrs) | D79: 0.5241 | E79: 0.4759 | F79: VIGILANTE | G79: 1 | I79: 1 | J79: 12 | K79: 12 | M79: =IF(AND(G79=1,J79<24),20,IF(AND(G79=1,J79=24),30,13)) -> 20 | N79: 20 | O79: 20 | P79: 2000 | R79: =+(((((($B$21*$C$21)+P79)*D79/30)*M79)/11*L79))+(((((($B$21*$C$21)+P79)*E79/30)*M79)/13*K79))*I79 -> 5235995.3 | S79: =_xlfn.XLOOKUP(X79,$H$16:$H$18,$G$16:$G$18,,0,1) -> 0.08 | T79: =R79*(1+S79) -> 5654874.9 | U79: =T79*1.9% -> 107442.62 | V79: =ROUND(T79+U79,0) -> 5762318 | X79: =IF(ISNUMBER(SEARCH("Sin Arma",C79)), "Sin Arma", IF(ISNUMBER(SEARCH("Con Arma", C79)), "Con Arma", IF(ISNUMBER(SEARCH("Canino", C79)), "Canino", "Otra categoría"))) -> Sin Arma | AA79: ='[1]Dic-2026'!$X56 -> 5762318 | AB79: =V79=AA79 -> TRUE
B80: Torre D piso 8 | C80: De Lunes a viernes SIN ARMA De las 6:00 a las 18:00 horas (12 hrs) | D80: 0.5241 | E80: 0.4759 | F80: VIGILANTE | I80: 1 | J80: 12 | K80: 12 | M80: =IF(AND(G80=1,J80<24),20,IF(AND(G80=1,J80=24),30,13)) -> 13 | O80: 20 | P80: 2000 | R80: =+(((((($B$21*$C$21)+P80)*D80/30)*M80)/11*L80))+(((((($B$21*$C$21)+P80)*E80/30)*M80)/13*K80))*I80 -> 3403397 | S80: =_xlfn.XLOOKUP(X80,$H$16:$H$18,$G$16:$G$18,,0,1) -> 0.08 | T80: =R80*(1+S80) -> 3675668.7 | U80: =T80*1.9% -> 69837.706 | V80: =ROUND(T80+U80,0) -> 3745506 | X80: =IF(ISNUMBER(SEARCH("Sin Arma",C80)), "Sin Arma", IF(ISNUMBER(SEARCH("Con Arma", C80)), "Con Arma", IF(ISNUMBER(SEARCH("Canino", C80)), "Canino", "Otra categoría"))) -> Sin Arma | AA80: ='[1]Dic-2026'!$X57 -> 3745506 | AB80: =V80=AA80 -> TRUE
B81: Torre D piso 8 | C81: De Lunes a viernes SIN ARMA De las 6:00 a las 18:00 horas (12 hrs) | D81: 0.5241 | E81: 0.4759 | F81: VIGILANTE | I81: 1 | J81: 12 | K81: 12 | M81: =IF(AND(G81=1,J81<24),20,IF(AND(G81=1,J81=24),30,13)) -> 13 | O81: 20 | P81: 2000 | R81: =+(((((($B$21*$C$21)+P81)*D81/30)*M81)/11*L81))+(((((($B$21*$C$21)+P81)*E81/30)*M81)/13*K81))*I81 -> 3403397 | S81: =_xlfn.XLOOKUP(X81,$H$16:$H$18,$G$16:$G$18,,0,1) -> 0.08 | T81: =R81*(1+S81) -> 3675668.7 | U81: =T81*1.9% -> 69837.706 | V81: =ROUND(T81+U81,0) -> 3745506 | X81: =IF(ISNUMBER(SEARCH("Sin Arma",C81)), "Sin Arma", IF(ISNUMBER(SEARCH("Con Arma", C81)), "Con Arma", IF(ISNUMBER(SEARCH("Canino", C81)), "Canino", "Otra categoría"))) -> Sin Arma | AA81: ='[1]Dic-2026'!$X58 -> 3745506 | AB81: =V81=AA81 -> TRUE
A82: SEDE 9. EDIFICIO TORRE B | B82: Recepción | C82: De Lunes a viernes SIN ARMA De las 6:00 a las 18:00 horas (12 hrs) | D82: 0.5241 | E82: 0.4759 | F82: VIGILANTE | I82: 1 | J82: 12 | K82: 12 | M82: =IF(AND(G82=1,J82<24),20,IF(AND(G82=1,J82=24),30,13)) -> 13 | O82: 20 | P82: 2000 | R82: =+(((((($B$21*$C$21)+P82)*D82/30)*M82)/11*L82))+(((((($B$21*$C$21)+P82)*E82/30)*M82)/13*K82))*I82 -> 3403397 | S82: =_xlfn.XLOOKUP(X82,$H$16:$H$18,$G$16:$G$18,,0,1) -> 0.08 | T82: =R82*(1+S82) -> 3675668.7 | U82: =T82*1.9% -> 69837.706 | V82: =ROUND(T82+U82,0) -> 3745506 | X82: =IF(ISNUMBER(SEARCH("Sin Arma",C82)), "Sin Arma", IF(ISNUMBER(SEARCH("Con Arma", C82)), "Con Arma", IF(ISNUMBER(SEARCH("Canino", C82)), "Canino", "Otra categoría"))) -> Sin Arma | AA82: ='[1]Dic-2026'!$X59 -> 3745506 | AB82: =V82=AA82 -> TRUE
B83: Recepción y recorrido | C83: De Lunes a viernes SIN ARMA De las 6:00 a las 22:00 (16 hrs) | D83: 0.5241 | E83: 0.4759 | F83: VIGILANTE | I83: 1 | J83: 16 | K83: 13 | L83: 3 | M83: =IF(AND(G83=1,J83<24),20,IF(AND(G83=1,J83=24),30,13)) -> 13 | O83: 20 | P83: 4000 | R83: =+(((((($B$21*$C$21)+P83)*D83/30)*M83)/11*L83))+(((((($B$21*$C$21)+P83)*E83/30)*M83)/13*K83))*I83 -> 4794942.6 | S83: =_xlfn.XLOOKUP(X83,$H$16:$H$18,$G$16:$G$18,,0,1) -> 0.08 | T83: =R83*(1+S83) -> 5178538 | U83: =T83*1.9% -> 98392.222 | V83: =ROUND(T83+U83,0) -> 5276930 | X83: =IF(ISNUMBER(SEARCH("Sin Arma",C83)), "Sin Arma", IF(ISNUMBER(SEARCH("Con Arma", C83)), "Con Arma", IF(ISNUMBER(SEARCH("Canino", C83)), "Canino", "Otra categoría"))) -> Sin Arma | AA83: ='[1]Dic-2026'!$X60 -> 5276930 | AB83: =V83=AA83 -> TRUE
A84: SEDE 10. EDIFICIO AKL | B84: Recepción primer piso y recorrido | C84: De Lunes a domingo CON ARMA Servicio 24 horas | D84: 0.5241 | E84: 0.4759 | F84: VIGILANTE | G84: 1 | H84: 1 | I84: 1 | J84: 24 | K84: 13 | L84: 11 | M84: =IF(AND(G84=1,J84<24),20,IF(AND(G84=1,J84=24),30,13)) -> 30 | P84: 6000 | R84: =+(((((($B$21*$C$21)+P84)*D84/30)*M84)/11*L84))+(((((($B$21*$C$21)+P84)*E84/30)*M84)/13*K84))*I84 -> 17882740 | S84: =_xlfn.XLOOKUP(X84,$H$16:$H$18,$G$16:$G$18,,0,1) -> 0.1 | T84: =R84*(1+S84) -> 19671014 | U84: =T84*1.9% -> 373749.27 | V84: =ROUND(T84+U84,0) -> 20044763 | X84: =IF(ISNUMBER(SEARCH("Sin Arma",C84)), "Sin Arma", IF(ISNUMBER(SEARCH("Con Arma", C84)), "Con Arma", IF(ISNUMBER(SEARCH("Canino", C84)), "Canino", "Otra categoría"))) -> Con Arma | AA84: ='[1]Dic-2026'!$X61 -> 20044763 | AB84: =V84=AA84 -> TRUE
B85: Recepción primer piso | C85: De Lunes a viernes SIN ARMA De las 6:00 a las 18:00 horas (12 hrs) | D85: 0.5241 | E85: 0.4759 | F85: VIGILANTE | I85: 1 | J85: 12 | K85: 12 | M85: =IF(AND(G85=1,J85<24),20,IF(AND(G85=1,J85=24),30,13)) -> 13 | O85: 20 | P85: 2000 | R85: =+(((((($B$21*$C$21)+P85)*D85/30)*M85)/11*L85))+(((((($B$21*$C$21)+P85)*E85/30)*M85)/13*K85))*I85 -> 3403397 | S85: =_xlfn.XLOOKUP(X85,$H$16:$H$18,$G$16:$G$18,,0,1) -> 0.08 | T85: =R85*(1+S85) -> 3675668.7 | U85: =T85*1.9% -> 69837.706 | V85: =ROUND(T85+U85,0) -> 3745506 | X85: =IF(ISNUMBER(SEARCH("Sin Arma",C85)), "Sin Arma", IF(ISNUMBER(SEARCH("Con Arma", C85)), "Con Arma", IF(ISNUMBER(SEARCH("Canino", C85)), "Canino", "Otra categoría"))) -> Sin Arma | AA85: ='[1]Dic-2026'!$X62 -> 3745506 | AB85: =V85=AA85 -> TRUE
A86: SEDE 11. LOTE PARQUEADERO | B86: Bodega general entrada y recorrido | C86: De Lunes a domingo CON ARMA Servicio 24 horas | D86: 0.5241 | E86: 0.4759 | F86: VIGILANTE | G86: 2 | H86: 2 | I86: 2 | J86: 24 | K86: 13 | L86: 11 | M86: 30 | P86: 6000 | R86: =+((((((($B$21*$C$21)+P86)*D86/30)*M86)/11*L86))+(((((($B$21*$C$21)+P86)*E86/30)*M86)/13*K86)))*I86 -> 35765480 | S86: =_xlfn.XLOOKUP(X86,$H$16:$H$18,$G$16:$G$18,,0,1) -> 0.1 | T86: =R86*(1+S86) -> 39342028 | U86: =T86*1.9% -> 747498.53 | V86: =ROUND(T86+U86,0) -> 40089527 | X86: =IF(ISNUMBER(SEARCH("Sin Arma",C86)), "Sin Arma", IF(ISNUMBER(SEARCH("Con Arma", C86)), "Con Arma", IF(ISNUMBER(SEARCH("Canino", C86)), "Canino", "Otra categoría"))) -> Con Arma | AA86: ='[1]Dic-2026'!$X63 -> 40089526 | AB86: =V86=AA86 -> FALSE
A87: SEDE 12. LOTE SALITRE TRIBUNALES | B87: Control de entrada y recorridos | C87: De Lunes a domingo SIN ARMA Servicio 24 horas | D87: 0.5241 | E87: 0.4759 | F87: VIGILANTE | G87: 1 | H87: 1 | I87: 1 | J87: 24 | K87: 13 | L87: 11 | M87: =IF(AND(G87=1,J87<24),20,IF(AND(G87=1,J87=24),30,13)) -> 30 | P87: 6000 | R87: =+(((((($B$21*$C$21)+P87)*D87/30)*M87)/11*L87))+(((((($B$21*$C$21)+P87)*E87/30)*M87)/13*K87))*I87 -> 17882740 | S87: =_xlfn.XLOOKUP(X87,$H$16:$H$18,$G$16:$G$18,,0,1) -> 0.08 | T87: =R87*(1+S87) -> 19313359 | U87: =T87*1.9% -> 366953.83 | V87: =ROUND(T87+U87,0) -> 19680313 | X87: =IF(ISNUMBER(SEARCH("Sin Arma",C87)), "Sin Arma", IF(ISNUMBER(SEARCH("Con Arma", C87)), "Con Arma", IF(ISNUMBER(SEARCH("Canino", C87)), "Canino", "Otra categoría"))) -> Sin Arma | AA87: ='[1]Dic-2026'!$X64 -> 19680313 | AB87: =V87=AA87 -> TRUE
A88: SEDE 13. EDIFICIO CALLE 85 | B88: Recepción, control de entrada y recorridos | C88: De Lunes a domingo CON ARMA Servicio 24 horas | D88: 0.5241 | E88: 0.4759 | F88: VIGILANTE | G88: 1 | H88: 1 | I88: 1 | J88: 24 | K88: 13 | L88: 11 | M88: =IF(AND(G88=1,J88<24),20,IF(AND(G88=1,J88=24),30,13)) -> 30 | P88: 6000 | R88: =+(((((($B$21*$C$21)+P88)*D88/30)*M88)/11*L88))+(((((($B$21*$C$21)+P88)*E88/30)*M88)/13*K88))*I88 -> 17882740 | S88: =_xlfn.XLOOKUP(X88,$H$16:$H$18,$G$16:$G$18,,0,1) -> 0.1 | T88: =R88*(1+S88) -> 19671014 | U88: =T88*1.9% -> 373749.27 | V88: =ROUND(T88+U88,0) -> 20044763 | X88: =IF(ISNUMBER(SEARCH("Sin Arma",C88)), "Sin Arma", IF(ISNUMBER(SEARCH("Con Arma", C88)), "Con Arma", IF(ISNUMBER(SEARCH("Canino", C88)), "Canino", "Otra categoría"))) -> Con Arma | AA88: ='[1]Dic-2026'!$X65 -> 20044763 | AB88: =V88=AA88 -> TRUE
B89: TOTAL, SERVICIOS | G89: =SUM(G29:G88) -> 39 | H89: =SUM(H29:H88) -> 22 | I89: =SUM(I29:I88) -> 61 | R89: =SUM(R29:R88) -> 5.4314329e+08 | T89: =SUM(T29:T88) -> 5.9328905e+08 | U89: =SUM(U29:U88) -> 11272492 | V89: =SUM(V29:V88) -> 604561532 | X89: =IF(ISNUMBER(SEARCH("Sin Arma",C89)), "Sin Arma", IF(ISNUMBER(SEARCH("Con Arma", C89)), "Con Arma", IF(ISNUMBER(SEARCH("Canino", C89)), "Canino", "Otra categoría"))) -> Otra categoría

Sheet 2026
A1: DESCRIPCIÓN DEL SERVICIO PRESTADO DE VIGILANCIA | B1: VALOR PÓLIZA | E1: Son 24 horas y/o tienen vacancia
A2: Servicio 24 horas, 30 días al mes, sin arma (lunes a domingo) | B2: 6000
A3: Servicio 24 horas, 30 días al mes, con arma (lunes a domingo) | B3: 6000 | E3: Tienen semana santa
A4: Servicio 24 horas, 10 días al mes, con arma (sabado, domingo y festivos) | B4: 6000 | E4: Tiene jornada diurna y noctura por hora
A5: Servicio 12 horas nocturnas con arma (lunes a viernes sin festivo) | B5: 2000
A6: Servicio 16 horas (15 horas diurnas y 1 hora nocturna) sin arma (lunes a viernes sin festivo) | B6: 4000 | D6: https://www.infobae.com/colombia/2026/08/09/salario-minimo-de-2027-asi-seria-el-aumento-si-el-gobierno-de-de-la-espriella-le-hace-caso-al-banco-de-la-republica-y-lo-sube-5-o-6/
A7: Servicio 14 horas diurnas sin arma (lunes a viernes sin festivo) Supervisor | B7: 2000
A8: Servicio 12 horas diurnas sin arma (lunes a viernes sin festivo) | B8: 2000
A9: Servicio 12 horas diurnas con canino (lunes a viernes sin festivo) | B9: 2000
A10: Servicio 11 horas diurnas sin arma (lunes a viernes sin festivo) | B10: 2000
A11: Servicio 10 horas diurnas sin arma (lunes a viernes sin festivo) | B11: 2000
A12: Servicio 09 horas diurnas sin arma (lunes a viernes sin festivo) | B12: 2000
A14: TARIFAS
A15: CONCEPTO | B15: SMMLV * TARIFA | C15: % AyS | D15: POLIZA | E15: VALOR AyS | F15: TOTAL TARIFA
A16: Medio Humano sin arma | B16: =+B21*C21 -> 17876740 | C16: Gastos admon 8 % | D16: 6000 | E16: =+(B16+D16)*8% -> 1430619.2 | F16: =+B16+E16 -> 19307359
A17: Medio humanno con arma | B17: =+B21*C21 -> 17876740 | C17: Gastos admon 10 % | D17: 6000 | E17: =+(B17+D17)*10% -> 1788274 | F17: =+B17+E17 -> 19665014
A18: Medio humano con canino | B18: =+B21*C21 -> 17876740 | C18: Gastos admon 11 % | D18: 6000 | E18: =+(B18+D18)*11% -> 1967101.4 | F18: =+B18+E18 -> 19843841
A20: JORNADA | B20: SMMLV | C20: TARIFA SERVICI | D20: VARIABLE PROBABILIDAD
A21: 6:00 am a 7:00 pm (Turno de 13 horas diurnas) | B21: 1750905 | C21: 10.21 | D21: 0.4759 | F21: =D21/30 -> 0.015863333 | G21: =F21*13 -> 0.20622333 | H21: =G21/13 -> 0.015863333 | I21: =H21*13 -> 0.20622333 | J21: =(B21*C21)+2000 -> 17878740 | K21: =J21*I21 -> 3687013.4 | M21: =((B21*C21)+2000)*D21 -> 8508492.4 | N21: =M21/30 -> 283616.41 | P21: =N21*13 -> 3687013.4 | Q21: =P21/13 -> 283616.41 | R21: =Q21*13 -> 3687013.4
A22: 7:00 pm a 6:00 am (Turno de 13 horas diurnas) | B22: 1750905 | C22: 10.21 | D22: 0.5241 | F22: =D22/30 -> 0.01747 | G22: =F22*13 -> 0.22711 | H22: =G22/11 -> 0.020646364 | I22: =H22*13 -> 0.26840273 | J22: =(B22*C22)+2000 -> 17878740 | K22: =J22*I22 -> 4798702.6 | M22: =((B22*C22)+2000)*D22 -> 9370247.7 | N22: =M22/30 -> 312341.59 | P22: =N22*13 -> 4060440.7 | Q22: =P22/11 -> 369130.97 | R22: =Q22*1 -> 369130.97
K23: =SUM(K21:K22) -> 8485716 | P23: =SUM(P21:P22) -> 7747454 | R23: =SUM(R21:R22) -> 4056144.3
K24: =K23*0.08 -> 678857.28 | L24: =K25/F16 -> 0.47466736 | R24: =R23*0.08 -> 324491.55
K25: =K23+K24 -> 9164573.2 | R25: =SUM(R23:R24) -> 4380635.9
R26: =R25*10% -> 438063.59
A27: INFORMACIÓN PERSONAL REQUERIDO | P27: 2026 | R27: =R26*19% -> 83232.082
A28: SEDE | B28: PUESTO | C28: HORARIO DE TRABAJO | D28: JORNADA | E28: HORAS JORNADA | F28: CARGO | G28: VACANCIA JUDICIAL | H28: SEMANA SANTA | I28: NÚMERO DE OPERARIOS | J28: HORAS DE SERVICIO | K28: DIAS REQUERIDOS DIC | L28: DIAS REQUERIDOS SEMANA S | M28: DIAS REQUERIDOS | N28: VALOR POLIZA | P28: Dic | R28: =R25+R27 -> 4463868 | U28: =S28/30 -> 0
A29: SEDE 1. PALACIO DE JUSTICIA ALFONSO REYES ECHANDIA | B29: Supervisor de Puesto y sedes anexas | C29: Lunes a viernes servicio 14 Horas 06.00 A 20.00 Sin Arma | D29: AM / PM | E29: 13 Y 1 | F29: SUPERVISOR | G29: 1 | I29: 1 | J29: 14 | K29: 13 | L29: 20 | N29: 2000 | P29: =+(((((($B$21*$C$21)+N29)*$D$21/30)*13)/13)*13)+(((((($B$21*$C$21)+N29)*$D$22/30)*13)/11)*1) -> 4056144.3
B30: Ingreso y entrada vehicular Cra. 8 | C30: Lunes a domingo Servicio 24 Horas Sin Arma | D30: FULL | E30: 24 | F30: VIGILANTE | G30: 1 | H30: 1 | I30: 1 | J30: 24 | K30: 13 | N30: 6000 | P30: =+(((((($B$21*$C$21)+N30)*$D$21/30)*K30)/13)*13)+(((((($B$21*$C$21)+N30)*$D$22/30)*K30)/11)*11) -> 7749187.4
B31: Manejador canino | C31: Lunes a viernes Servicio 12 Horas 6.00 A 18.00 Horas Sin Arma | D31: AM | E31: 13 | F31: MANEJADOR CANINO | I31: 1 | J31: 12 | K31: 20 | M31: 20 | N31: 2000 | P31: =+(((((($B$21*$C$21)+N31)*$D$21/30)*K31)/E31)*J31) -> 5235995.3
B32: Correspondencia principal | C32: Lunes a viernes Servicio 9 Horas 08.00 A 17.00 Horas Sin Arma | D32: AM | E32: 13 | F32: VIGILANTE | I32: 1 | J32: 9 | K32: 20 | M32: 20 | N32: 2000 | P32: =+(((((($B$21*$C$21)+N32)*$D$21/30)*K32)/E32)*J32) -> 3926996.5
B33: Filtro Cortes Suprema y Constitucional | C33: Lunes a viernes Servicio 11 H De 08.00 A 19.00 H Sin Arma | D33: AM | E33: 13 | F33: VIGILANTE | I33: 1 | J33: 11 | K33: 20 | M33: 20 | N33: 2000 | P33: =+(((((($B$21*$C$21)+N33)*$D$21/30)*K33)/E33)*J33) -> 4799662.4
B34: Filtro Consejo Superior de la Judicatura y Estado | C34: Lunes a viernes Servicio 11 H De 08.00 A 19.00 H Sin Arma | D34: AM | E34: 13 | F34: VIGILANTE | G34: 1 | I34: 1 | J34: 11 | K34: 13 | L34: 20 | M34: 20 | N34: 2000 | P34: =+(((((($B$21*$C$21)+N34)*$D$21/30)*K34)/E34)*J34) -> 3119780.5
B35: Recepción exclusa o Consejo Estado | C35: Lunes a viernes Servicio 11 H De 08.00 A 19.00 H Sin Arma | D35: AM | E35: 13 | F35: VIGILANTE | I35: 1 | J35: 11 | K35: 20 | M35: 20 | N35: 2000 | P35: =+(((((($B$21*$C$21)+N35)*$D$21/30)*K35)/E35)*J35) -> 4799662.4
B36: Recepción exclusa o Corte Constitucional | C36: Lunes a viernes Servicio 11 H De 08.00 A 19.00 H Sin Arma | D36: AM | E36: 13 | F36: VIGILANTE | I36: 1 | J36: 11 | K36: 20 | M36: 20 | N36: 2000 | P36: =+(((((($B$21*$C$21)+N36)*$D$21/30)*K36)/E36)*J36) -> 4799662.4
B37: Recepción exclusa o Corte Suprema de Justicia | C37: Lunes a viernes Servicio 11 H De 08.00 A 19.00 H Sin Arma | D37: AM | E37: 13 | F37: VIGILANTE | I37: 1 | J37: 11 | K37: 20 | M37: 20 | N37: 2000 | P37: =+(((((($B$21*$C$21)+N37)*$D$21/30)*K37)/E37)*J37) -> 4799662.4
B38: Recepción exclusa Comisión Nacional de Disciplina y Consejo Superior de la Judicatura | C38: Lunes a viernes Servicio 12 Horas 07.00 A 19.00 Sin Arma | D38: AM | E38: 13 | F38: VIGILANTE | G38: 1 | I38: 1 | J38: 12 | K38: 13 | L38: 20 | M38: 20 | N38: 2000 | P38: =+(((((($B$21*$C$21)+N38)*$D$21/30)*K38)/E38)*J38) -> 3403397
B39: Entrada de funcionarios molinetes calle12 | C39: Lunes a viernes Servicio 12 Horas 06.00 A 18.00 Sin Arma | D39: AM | E39: 13 | F39: VIGILANTE | G39: 1 | I39: 1 | J39: 12 | K39: 13 | L39: 20 | M39: 20 | N39: 2000 | P39: =+(((((($B$21*$C$21)+N39)*$D$21/30)*K39)/E39)*J39) -> 3403397
B40: Entrada funcionarios molinetes Cra. 8 | C40: Lunes a viernes Servicio 12 Horas 08.00 A 20.00 Sin Arma | D40: AM / PM | E40: 13 Y 1 | F40: VIGILANTE | G40: 1 | I40: 1 | J40: 12 | K40: 13 | L40: 20 | N40: 2000 | P40: =+(((((($B$21*$C$21)+N40)*$D$21/30)*13)/13)*13)+(((((($B$21*$C$21)+N40)*$D$22/30)*13)/11)*1) -> 4056144.3
B41: Parqueadero calle 8 | C41: Lunes a viernes Servicio 12 Horas 06.00 A 18.00 Sin Arma | D41: AM | E41: 13 | F41: VIGILANTE | G41: 1 | I41: 1 | J41: 12 | K41: 13 | L41: 20 | M41: 20 | N41: 2000 | P41: =+(((((($B$21*$C$21)+N41)*$D$21/30)*K41)/E41)*J41) -> 3403397
B42: Parqueadero calle 12 | C42: Lunes a viernes Servicio 12 Horas 06.00 A 18.00 Sin Arma | D42: AM | E42: 13 | F42: VIGILANTE | G42: 1 | I42: 1 | J42: 12 | K42: 13 | L42: 20 | M42: 20 | N42: 2000 | P42: =+(((((($B$21*$C$21)+N42)*$D$21/30)*K42)/E42)*J42) -> 3403397
B43: Parqueadero calle 12 | C43: Lunes a viernes Servicio 12 Horas 08.00 A 20.00 Sin Arma | D43: AM / PM | E43: 13 Y 1 | F43: VIGILANTE | G43: 1 | I43: 1 | J43: 12 | K43: 13 | L43: 20 | N43: 2000 | P43: =+(((((($B$21*$C$21)+N43)*$D$21/30)*13)/13)*13)+(((((($B$21*$C$21)+N43)*$D$22/30)*13)/11)*1) -> 4056144.3
B44: Acceso semisótano corte suprema de Justicia | C44: Lunes a viernes Servicio 12 Horas 07.00 A 19.00 Sin Arma | D44: AM | E44: 13 | F44: VIGILANTE | I44: 1 | J44: 12 | K44: 20 | M44: 20 | N44: 2000 | P44: =+(((((($B$21*$C$21)+N44)*$D$21/30)*K44)/E44)*J44) -> 5235995.3
B45: Acceso semisótano corte constitucional | C45: Lunes a viernes Servicio 12 Horas 07.00 A 19.00 Sin Arma | D45: AM | E45: 13 | F45: VIGILANTE | I45: 1 | J45: 12 | K45: 20 | M45: 20 | N45: 2000 | P45: =+(((((($B$21*$C$21)+N45)*$D$21/30)*K45)/E45)*J45) -> 5235995.3
B46: Acceso semisótano Consejo Superior de la Judicatura | C46: Lunes a viernes Servicio 12 Horas 07.00 A 19.00 Sin Arma | D46: AM | E46: 13 | F46: VIGILANTE | G46: 1 | I46: 1 | J46: 12 | K46: 13 | L46: 20 | M46: 20 | N46: 2000 | P46: =+(((((($B$21*$C$21)+N46)*$D$21/30)*K46)/E46)*J46) -> 3403397
B47: Acceso Semisótano Consejo de Estado | C47: Lunes a viernes Servicio 12 Horas 07.00 A 19.00 Sin Arma | D47: AM | E47: 13 | F47: VIGILANTE | I47: 1 | J47: 12 | K47: 20 | M47: 20 | N47: 2000 | P47: =+(((((($B$21*$C$21)+N47)*$D$21/30)*K47)/E47)*J47) -> 5235995.3
B48: Recorredor Palacio de Justicia y apoyo obras | C48: Lunes a domingo Servicio 24 Horas Sin Arma | D48: FULL | E48: 24 | F48: VIGILANTE | G48: 1 | H48: 1 | I48: 1 | J48: 24 | K48: 13 | N48: 6000 | P48: =+(((((($B$21*$C$21)+N48)*$D$21/30)*K48)/13)*13)+(((((($B$21*$C$21)+N48)*$D$22/30)*K48)/11)*11) -> 7749187.4
A49: SEDE 2. ESCUELA JUDICIAL RODRIGO LARA BONILLA | B49: Control ingreso 2 piso | C49: Lunes a domingo Servicio 24 Horas Con Arma | D49: FULL | E49: 24 | F49: VIGILANTE | G49: 1 | H49: 1 | I49: 1 | J49: 24 | K49: 13 | N49: 6000 | P49: =+(((((($B$21*$C$21)+N49)*$D$21/30)*K49)/13)*13)+(((((($B$21*$C$21)+N49)*$D$22/30)*K49)/11)*11) -> 7749187.4
B50: Control ingreso 4 piso | C50: Lunes a domingo Servicio 24 Horas Con Arma | D50: FULL | E50: 24 | F50: VIGILANTE | G50: 1 | H50: 1 | I50: 1 | J50: 24 | K50: 13 | N50: 6000 | P50: =+(((((($B$21*$C$21)+N50)*$D$21/30)*K50)/13)*13)+(((((($B$21*$C$21)+N50)*$D$22/30)*K50)/11)*11) -> 7749187.4
A51: SEDE 3. EDIFICIO ANTIGUO BANCO POPULAR | B51: Recepción | C51: Lunes a domingo Servicio 24 Horas Con Arma | D51: FULL | E51: 24 | F51: VIGILANTE | G51: 1 | H51: 1 | I51: 1 | J51: 24 | K51: 13 | N51: 6000 | P51: =+(((((($B$21*$C$21)+N51)*$D$21/30)*K51)/13)*13)+(((((($B$21*$C$21)+N51)*$D$22/30)*K51)/11)*11) -> 7749187.4
B52: Control de ingreso y revistas | C52: Lunes a viernes 12 H De 06.00 A 18.00 Horas Sin Arma | D52: AM | E52: 13 | F52: VIGILANTE | I52: 1 | J52: 12 | K52: 20 | M52: 20 | N52: 2000 | P52: =+(((((($B$21*$C$21)+N52)*$D$21/30)*K52)/E52)*J52) -> 5235995.3
A53: SEDE 4. SEDE ANEXA | B53: Control Ingreso personal y paquetes | C53: Lunes a domingo Servicio 24 H Con Arma | D53: FULL | E53: 24 | F53: VIGILANTE | G53: 1 | H53: 1 | I53: 1 | J53: 24 | K53: 13 | N53: 6000 | P53: =+(((((($B$21*$C$21)+N53)*$D$21/30)*K53)/13)*13)+(((((($B$21*$C$21)+N53)*$D$22/30)*K53)/11)*11) -> 7749187.4
B54: Control de ingreso funcionarios | C54: Lunes a viernes Servicio 12 Horas 07.00 A 19.00 Sin Arma | F54: VIGILANTE | I54: 1 | J54: 12 | K54: 20 | N54: 6000 | P54: =+(((((($B$21*$C$21)+N54)*$D$21/30)*K54)/13)*13)+(((((($B$21*$C$21)+N54)*$D$22/30)*K54)/11)*11) -> 11921827
A55: SEDE 5. EDIFICIO DINERS | B55: Entrada principal y recorrido | C55: Lunes a domingo Servicio 24 Horas Con Arma | D55: FULL | E55: 24 | F55: VIGILANTE | G55: 1 | H55: 1 | I55: 1 | J55: 24 | K55: 13 | N55: 6000 | P55: =+(((((($B$21*$C$21)+N55)*$D$21/30)*K55)/13)*13)+(((((($B$21*$C$21)+N55)*$D$22/30)*K55)/11)*11) -> 7749187.4
A56: SEDE 6. ALMACÉN GENERAL E INVENTARIOS | B56: Control ingreso 1 piso | C56: Lunes a domingo Servicio 24H Con Arma | D56: FULL | E56: 24 | F56: VIGILANTE | G56: 1 | I56: 1 | J56: 24 | K56: 13 | N56: 6000 | P56: =+(((((($B$21*$C$21)+N56)*$D$21/30)*K56)/13)*13)+(((((($B$21*$C$21)+N56)*$D$22/30)*K56)/11)*11) -> 7749187.4
B57: Control ingreso parqueadero y recorrido | C57: Lunes a domingo Servicio 24H Con Arma | D57: FULL | E57: 24 | F57: VIGILANTE | G57: 1 | H57: 1 | I57: 1 | J57: 24 | K57: 13 | N57: 6000 | P57: =+(((((($B$21*$C$21)+N57)*$D$21/30)*K57)/13)*13)+(((((($B$21*$C$21)+N57)*$D$22/30)*K57)/11)*11) -> 7749187.4
A58: SEDE 7. EDIFICIO BANCO DE CRÉDITO | B58: Parqueadero VIP portería Cra. 6 | C58: Lunes a domingo Servicio 24 Horas Con Arma | D58: FULL | E58: 24 | F58: VIGILANTE | G58: 1 | H58: 1 | I58: 1 | J58: 24 | K58: 13 | N58: 6000 | P58: =+(((((($B$21*$C$21)+N58)*$D$21/30)*K58)/13)*13)+(((((($B$21*$C$21)+N58)*$D$22/30)*K58)/11)*11) -> 7749187.4
B59: Parqueadero por la Cra. 7 | C59: Lunes a domingo Servicio 24 Horas Con Arma | D59: FULL | E59: 24 | F59: VIGILANTE | G59: 1 | H59: 1 | I59: 1 | J59: 24 | K59: 13 | N59: 6000 | P59: =+(((((($B$21*$C$21)+N59)*$D$21/30)*K59)/13)*13)+(((((($B$21*$C$21)+N59)*$D$22/30)*K59)/11)*11) -> 7749187.4
B60: Control de medios tecnológicos y recorrido | C60: Lunes a domingo Servicio 24 Horas | D60: FULL | E60: 24 | F60: OPERADOR DE MEDIOS | G60: 1 | H60: 1 | I60: 1 | J60: 24 | K60: 13 | N60: 6000 | P60: =+(((((($B$21*$C$21)+N60)*$D$21/30)*K60)/13)*13)+(((((($B$21*$C$21)+N60)*$D$22/30)*K60)/11)*11) -> 7749187.4
B61: Escáner | C61: Lunes a domingo Servicio 24 Horas Con Arma | D61: FULL | E61: 24 | F61: VIGILANTE | G61: 1 | H61: 1 | I61: 1 | J61: 24 | K61: 13 | N61: 6000 | P61: =+(((((($B$21*$C$21)+N61)*$D$21/30)*K61)/13)*13)+(((((($B$21*$C$21)+N61)*$D$22/30)*K61)/11)*11) -> 7749187.4
B62: Portería Cra. 7 (entrada principal) | C62: 24 H Fines De Semana Y Festivos | D62: FULL | E62: 24 | F62: VIGILANTE | G62: 1 | H62: 1 | I62: 1 | J62: 24 | K62: 13 | N62: 6000 | P62: =+(((((($B$21*$C$21)+N62)*$D$21/30)*K62)/13)*13)+(((((($B$21*$C$21)+N62)*$D$22/30)*K62)/11)*11) -> 7749187.4
B63: Portería Cra. 7 (entrada principal) | C63: Lunes a viernes Servicio 12 H Con Arma Lunes a viernes Nocturno | D63: PM | E63: 11 | F63: VIGILANTE | G63: 1 | H63: 1 | I63: 1 | J63: 12 | K63: 13 | L63: 20 | N63: 2000 | P63: =+(((((($B$21*$C$21)+N63)*$D$22/30)*K63)/E63)*J63) -> 4429571.6
B64: Puerta correspondencia | C64: Lunes a viernes Servicio 9 Horas 08.00 A 17.00 Horas Sin Arma | D64: AM | E64: 13 | F64: VIGILANTE | G64: 1 | I64: 1 | J64: 9 | K64: 13 | L64: 20 | M64: 20 | N64: 2000 | P64: =+(((((($B$21*$C$21)+N64)*$D$21/30)*K64)/E64)*J64) -> 2552547.7
B65: Despacho | C65: Lunes a viernes Servicio 9 Horas de 08:00 H A 17:00 H Sin Festivos | D65: AM | E65: 13 | F65: VIGILANTE | G65: 1 | I65: 1 | J65: 9 | K65: 13 | L65: 20 | M65: 20 | N65: 2000 | P65: =+(((((($B$21*$C$21)+N65)*$D$21/30)*K65)/E65)*J65) -> 2552547.7
B66: Puerta principal despacho judiciales | C66: Lunes a viernes Servicio 9 Horas 08.00 A 17.00 Horas Sin Arma | D66: AM | E66: 13 | F66: VIGILANTE | G66: 1 | I66: 1 | J66: 9 | K66: 13 | L66: 20 | M66: 20 | N66: 2000 | P66: =+(((((($B$21*$C$21)+N66)*$D$21/30)*K66)/E66)*J66) -> 2552547.7
B67: Recepción | C67: Lunes a viernes 12 H De 06.00 A 18.00 Horas Sin Arma | D67: AM | E67: 13 | F67: VIGILANTE | G67: 1 | I67: 1 | J67: 12 | K67: 13 | L67: 20 | M67: 20 | N67: 2000 | P67: =+(((((($B$21*$C$21)+N67)*$D$21/30)*K67)/E67)*J67) -> 3403397
B68: Medios tecnológicos - CCTV | C68: Lunes a viernes 12 H De 06.00 A 18.00 Horas Sin Arma | D68: AM | E68: 13 | F68: OPERADOR DE MEDIOS | G68: 1 | I68: 1 | J68: 12 | K68: 13 | L68: 20 | M68: 20 | N68: 2000 | P68: =+(((((($B$21*$C$21)+N68)*$D$21/30)*K68)/E68)*J68) -> 3403397
B69: Apoyo Canino (Parqueadero Cra. 7 de 7-9 am, portería Cra. 7 y Correspondencia) | C69: Lunes a viernes Servicio 12H DE 06:00 A 18: 00 H (ConCanino) | D69: AM | E69: 13 | F69: MANEJADOR CANINO | G69: 1 | I69: 1 | J69: 12 | K69: 13 | L69: 20 | M69: 20 | N69: 2000 | P69: =+(((((($B$21*$C$21)+N69)*$D$21/30)*K69)/E69)*J69) -> 3403397
A70: SEDE 8. EDIFICIO TORRE D | B70: Sótano | C70: Lunes a domingo Servicio 24H Con Arma | D70: FULL | E70: 24 | F70: OPERADOR DE MEDIOS | G70: 1 | H70: 1 | I70: 1 | J70: 24 | K70: 13 | N70: 6000 | P70: =+(((((($B$21*$C$21)+N70)*$D$21/30)*K70)/13)*13)+(((((($B$21*$C$21)+N70)*$D$22/30)*K70)/11)*11) -> 7749187.4
B71: Recepción | C71: Lunes a domingo Servicio 24H Con Arma | D71: FULL | E71: 24 | F71: VIGILANTE | G71: 1 | H71: 1 | I71: 1 | J71: 24 | K71: 13 | N71: 6000 | P71: =+(((((($B$21*$C$21)+N71)*$D$21/30)*K71)/13)*13)+(((((($B$21*$C$21)+N71)*$D$22/30)*K71)/11)*11) -> 7749187.4
B72: Parqueadero | C72: Lunes a domingo Servicio 24H Con Arma | D72: FULL | E72: 24 | F72: VIGILANTE | G72: 1 | H72: 1 | I72: 1 | J72: 24 | K72: 13 | N72: 6000 | P72: =+(((((($B$21*$C$21)+N72)*$D$21/30)*K72)/13)*13)+(((((($B$21*$C$21)+N72)*$D$22/30)*K72)/11)*11) -> 7749187.4
B73: Edificio aforados calle 73 acceso de sótano | C73: De Lunes a viernes SIN ARMA De las 6:00 a las 18:00 horas (12 hrs) | D73: AM | E73: 13 | F73: VIGILANTE | I73: 1 | J73: 12 | K73: 20 | M73: 20 | N73: 2000 | P73: =+(((((($B$21*$C$21)+N73)*$D$21/30)*K73)/E73)*J73) -> 5235995.3
B74: Torre D piso 7 | C74: De Lunes a viernes SIN ARMA De las 6:00 a las 18:00 horas (12 hrs) | D74: AM | E74: 13 | F74: VIGILANTE | I74: 1 | J74: 12 | K74: 20 | M74: 20 | N74: 2000 | P74: =+(((((($B$21*$C$21)+N74)*$D$21/30)*K74)/E74)*J74) -> 5235995.3
B75: Edificios aforados canino | C75: De Lunes a viernes CON CANINO SIN de las 6:00 a las 18:00 ARMA (12 hrs) | D75: AM | E75: 13 | F75: MANEJADOR CANINO | I75: 1 | J75: 12 | K75: 20 | M75: 20 | N75: 2000 | P75: =+(((((($B$21*$C$21)+N75)*$D$21/30)*K75)/E75)*J75) -> 5235995.3
B76: Edificios aforados piso 2 y 3 recorrido | C76: De Lunes a viernes SIN ARMA De las 6:00 a las 18:00 horas (12 hrs) | D76: AM | E76: 13 | F76: VIGILANTE | I76: 1 | J76: 12 | K76: 20 | M76: 20 | N76: 2000 | P76: =+(((((($B$21*$C$21)+N76)*$D$21/30)*K76)/E76)*J76) -> 5235995.3
B77: Edificios aforados piso 4 y 5 recorrido | C77: De Lunes a viernes SIN ARMA De las 6:00 a las 18:00 horas (12 hrs) | D77: AM | E77: 13 | F77: VIGILANTE | I77: 1 | J77: 12 | K77: 20 | M77: 20 | N77: 2000 | P77: =+(((((($B$21*$C$21)+N77)*$D$21/30)*K77)/E77)*J77) -> 5235995.3
B78: Edificios aforados 6 y 7 recorrido | C78: De Lunes a viernes SIN ARMA De las 6:00 a las 18:00 horas (12 hrs) | D78: AM | E78: 13 | F78: VIGILANTE | I78: 1 | J78: 12 | K78: 20 | M78: 20 | N78: 2000 | P78: =+(((((($B$21*$C$21)+N78)*$D$21/30)*K78)/E78)*J78) -> 5235995.3
B79: Supervisor de puesto zona norte y sede anexas | C79: De Lunes a viernes SIN ARMA De las 6:00 a las 18:00 horas (12 hrs) | D79: AM | E79: 13 | F79: VIGILANTE | G79: 1 | I79: 1 | J79: 12 | K79: 13 | L79: 20 | M79: 20 | N79: 2000 | P79: =+(((((($B$21*$C$21)+N79)*$D$21/30)*K79)/E79)*J79) -> 3403397
B80: Torre D piso 8 | C80: De Lunes a viernes SIN ARMA De las 6:00 a las 18:00 horas (12 hrs) | D80: AM | E80: 13 | F80: VIGILANTE | I80: 1 | J80: 12 | K80: 20 | M80: 20 | N80: 2000 | P80: =+(((((($B$21*$C$21)+N80)*$D$21/30)*K80)/E80)*J80) -> 5235995.3
B81: Torre D piso 8 | C81: De Lunes a viernes SIN ARMA De las 6:00 a las 18:00 horas (12 hrs) | D81: AM | E81: 13 | F81: VIGILANTE | I81: 1 | J81: 12 | K81: 20 | M81: 20 | N81: 2000 | P81: =+(((((($B$21*$C$21)+N81)*$D$21/30)*K81)/E81)*J81) -> 5235995.3
A82: SEDE 9. EDIFICIO TORRE B | B82: Recepción | C82: De Lunes a viernes SIN ARMA De las 6:00 a las 18:00 horas (12 hrs) | D82: AM | E82: 13 | F82: VIGILANTE | I82: 1 | J82: 12 | K82: 20 | M82: 20 | N82: 2000 | P82: =+(((((($B$21*$C$21)+N82)*$D$21/30)*K82)/E82)*J82) -> 5235995.3
B83: Recepción y recorrido | C83: De Lunes a viernes SIN ARMA De las 6:00 a las 22:00 (16 hrs) | D83: AM | E83: 13 | F83: VIGILANTE | I83: 1 | J83: 16 | K83: 20 | M83: 20 | N83: 4000 | P83: =+(((((($B$21*$C$21)+N83)*$D$21/30)*K83)/E83)*J83) -> 6982108.1
A84: SEDE 10. EDIFICIO AKL | B84: Recepción primer piso y recorrido | C84: De Lunes a domingo CON ARMA Servicio 24 horas | D84: FULL | E84: 24 | F84: VIGILANTE | G84: 1 | H84: 1 | I84: 1 | J84: 24 | K84: 13 | N84: 6000 | P84: =+(((((($B$21*$C$21)+N84)*$D$21/30)*K84)/13)*13)+(((((($B$21*$C$21)+N84)*$D$22/30)*K84)/11)*11) -> 7749187.4
B85: Recepción primer piso | C85: De Lunes a viernes SIN ARMA De las 6:00 a las 18:00 horas (12 hrs) | D85: AM | E85: 13 | F85: VIGILANTE | I85: 1 | J85: 12 | K85: 20 | M85: 20 | N85: 2000 | P85: =+(((((($B$21*$C$21)+N85)*$D$21/30)*K85)/E85)*J85) -> 5235995.3
A86: SEDE 11. LOTE PARQUEADERO | B86: Bodega general entrada y recorrido | C86: De Lunes a domingo CON ARMA Servicio 24 horas | D86: FULL | E86: 24 | F86: VIGILANTE | G86: 2 | H86: 2 | I86: 2 | J86: 24 | K86: 13 | N86: 6000 | P86: =+(((((($B$21*$C$21)+N86)*$D$21/30)*K86)/13)*13)+(((((($B$21*$C$21)+N86)*$D$22/30)*K86)/11)*11) -> 7749187.4
A87: SEDE 12. LOTE SALITRE TRIBUNALES | B87: Control de entrada y recorridos | C87: De Lunes a domingo SIN ARMA Servicio 24 horas | D87: FULL | E87: 24 | F87: VIGILANTE | G87: 1 | H87: 1 | I87: 1 | J87: 24 | K87: 13 | N87: 6000 | P87: =+(((((($B$21*$C$21)+N87)*$D$21/30)*K87)/13)*13)+(((((($B$21*$C$21)+N87)*$D$22/30)*K87)/11)*11) -> 7749187.4
A88: SEDE 13. EDIFICIO CALLE 85 | B88: Recepción, control de entrada y recorridos | C88: De Lunes a domingo CON ARMA Servicio 24 horas | D88: FULL | E88: 24 | F88: VIGILANTE | G88: 1 | H88: 1 | I88: 1 | J88: 24 | K88: 13 | N88: 6000 | P88: =+(((((($B$21*$C$21)+N88)*$D$21/30)*K88)/13)*13)+(((((($B$21*$C$21)+N88)*$D$22/30)*K88)/11)*11) -> 7749187.4
B89: TOTAL, SERVICIOS | G89: =SUM(G29:G88) -> 39 | H89: =SUM(H29:H88) -> 22 | I89: =SUM(I29:I88) -> 61 | P89: =SUM(P29:P88) -> 3.4130845e+08
N91: IVA | P91: =+P89*19% -> 64848605
N92: TOTAL | P92: =+P91+P89 -> 4.0615705e+08

Sheet 2027
A1: DESCRIPCIÓN DEL SERVICIO PRESTADO DE VIGILANCIA | B1: VALOR PÓLIZA INDEXADO PROYECCIÓN IPC 6,9% | C1: https://www.portafolio.co/economia/finanzas/riesgos-economicos-en-colombia-mayor-inflacion-y-menor-crecimiento-499944 | E1: Son 24 horas y/o tienen vacancia
A2: Servicio 24 horas, 30 días al mes, sin arma (lunes a domingo) | B2: =6000*1.069 -> 6414
A3: Servicio 24 horas, 30 días al mes, con arma (lunes a domingo) | B3: =6000*1.069 -> 6414 | E3: Tienen semana santa
A4: Servicio 24 horas, 10 días al mes, con arma (sabado, domingo y festivos) | B4: =6000*1.069 -> 6414 | E4: Tiene jornada diurna y noctura por hora
A5: Servicio 12 horas nocturnas con arma (lunes a viernes sin festivo) | B5: =2000*1.069 -> 2138
A6: Servicio 16 horas (15 horas diurnas y 1 hora nocturna) sin arma (lunes a viernes sin festivo) | B6: =4000*1.069 -> 4276
A7: Servicio 14 horas diurnas sin arma (lunes a viernes sin festivo) Supervisor | B7: =2000*1.069 -> 2138
A8: Servicio 12 horas diurnas sin arma (lunes a viernes sin festivo) | B8: =2000*1.069 -> 2138
A9: Servicio 12 horas diurnas con canino (lunes a viernes sin festivo) | B9: =2000*1.069 -> 2138
A10: Servicio 11 horas diurnas sin arma (lunes a viernes sin festivo) | B10: =2000*1.069 -> 2138
A11: Servicio 10 horas diurnas sin arma (lunes a viernes sin festivo) | B11: =2000*1.069 -> 2138
A12: Servicio 09 horas diurnas sin arma (lunes a viernes sin festivo) | B12: =2000*1.069 -> 2138
A14: TARIFAS | H14: TARIFAS 7/2027
A15: CONCEPTO | B15: SMMLV * TARIFA | C15: % AyS | D15: POLIZA | E15: VALOR AyS | F15: TOTAL TARIFA | H15: CONCEPTO | I15: SMMLV * TARIFA | J15: % AyS | K15: POLIZA | L15: VALOR AyS | M15: TOTAL TARIFA
A16: Medio Humano sin arma | B16: =+$B$21*C21 -> 19128112 | C16: Gastos admon 8 % | D16: =+B2 -> 6414 | E16: =+(B16+D16)*8% -> 1530762.1 | F16: =+B16+E16 -> 20658874 | H16: Medio Humano sin arma | I16: =+B21*J21 -> 19446601 | J16: Gastos admon 8 % | K16: =+B2 -> 6414 | L16: =+(I16+K16)*8% -> 1556241.2 | M16: =+I16+L16 -> 21002843
A17: Medio humanno con arma | B17: =+B21*C21 -> 19128112 | C17: Gastos admon 10 % | D17: =+B2 -> 6414 | E17: =+(B17+D17)*10% -> 1913452.6 | F17: =+B17+E17 -> 21041564 | H17: Medio humanno con arma | I17: =+B21*J21 -> 19446601 | J17: Gastos admon 10 % | K17: =+B2 -> 6414 | L17: =+(I17+K17)*10% -> 1945301.5 | M17: =+I17+L17 -> 21391903
A18: Medio humano con canino | B18: =+B21*C21 -> 19128112 | C18: Gastos admon 11 % | D18: =+B2 -> 6414 | E18: =+(B18+D18)*11% -> 2104797.8 | F18: =+B18+E18 -> 21232910 | H18: Medio humano con canino | I18: =+B21*J21 -> 19446601 | J18: Gastos admon 11 % | K18: =+B2 -> 6414 | L18: =+(I18+K18)*11% -> 2139831.7 | M18: =+I18+L18 -> 21586433
A20: JORNADA | B20: SMMLV | C20: TARIFA SERVICI | D20: VARIABLE PROBABILIDAD | H20: JORNADA | I20: SMMLV | J20: TARIFA SERVICI 7-2027 | K20: VARIABLE PROBABILIDAD
A21: 6:00 am a 7:00 pm (Turno de 13 horas diurnas) | B21: =1750905*(1+$B$24) -> 1873468.4 | C21: 10.21 | D21: 0.4759 | E21: 10.38 | H21: 6:00 am a 7:00 pm (Turno de 13 horas diurnas) | I21: =1750905*(1+$B$24) -> 1873468.4 | J21: 10.38 | K21: 0.4759
A22: 7:00 pm a 6:00 am (Turno de 13 horas diurnas) | B22: =1750905*(1+$B$24) -> 1873468.4 | C22: 10.21 | D22: 0.5241 | E22: 10.38 | H22: 7:00 pm a 6:00 am (Turno de 13 horas diurnas) | I22: =1750905*(1+$B$24) -> 1873468.4 | J22: 10.38 | K22: 0.5241
A24: INCREMENTO SALARIO MINIMO ESPERADO | B24: 0.07 | C24: https://www.infobae.com/colombia/2026/08/09/salario-minimo-de-2027-asi-seria-el-aumento-si-el-gobierno-de-de-la-espriella-le-hace-caso-al-banco-de-la-republica-y-lo-sube-5-o-6/
A27: INFORMACIÓN PERSONAL REQUERIDO | S27: 2027
A28: SEDE | B28: PUESTO | C28: HORARIO DE TRABAJO | D28: JORNADA Nocturna | E28: Jornada Diurna | F28: CARGO | G28: VACANCIA JUDICIAL | H28: SEMANA SANTA | I28: NÚMERO DE OPERARIOS | J28: HORAS DE SERVICIO | K28: Horas Diurnas | L28: Horas Nocturnas | M28: DIAS REQUERIDOS DIC | N28: DIAS REQUERIDOS SEMANA S | O28: DIAS REQUERIDOS Enero | P28: DIAS REQUERIDOS | Q28: VALOR POLIZA | S28: Enero | T28: Febrero | U28: Marzo | V28: Abril | W28: Mayo | X28: Junio | Y28: Julio | Z28: Agosto | AA28: Septiembre | AB28: Octubre | AC28: Noviembre | AD28: Diciembre | AF28: TOTAL
A29: SEDE 1. PALACIO DE JUSTICIA ALFONSO REYES ECHANDIA | B29: Supervisor de Puesto y sedes anexas | C29: Lunes a viernes servicio 14 Horas 06.00 A 20.00 Sin Arma | D29: 0.5241 | E29: 0.4759 | F29: SUPERVISOR | G29: 1 | I29: 1 | J29: 14 | K29: 13 | L29: 1 | M29: 20 | N29: =IF(AND(H29=1,J29<24),20,IF(AND(H29=1,J29=24),30,18)) -> 18 | O29: =IF(AND(G29=1,J29<24),20,IF(AND(G29=1,J29=24),30,15)) -> 20 | P29: =IF(M29=12,20,M29) -> 20 | Q29: 2000 | S29: =+((((((($B$21*$C$21)+Q29)*D29/30)*O29)/11*L29))+(((((($B$21*$C$21)+Q29)*E29/30)*O29)/13*K29)))*(I29)*(1+$AI29) -> 7211147.8 | T29: =+((((((($B$21*$C$21)+Q29)*D29/30)*P29)/11*L29))+(((((($B$21*$C$21)+Q29)*E29/30)*P29)/13*K29)))*(I29)*(1+$AI29) -> 7211147.8 | U29: =+((((((($B$21*$C$21)+Q29)*D29/30)*N29)/11*L29))+(((((($B$21*$C$21)+Q29)*E29/30)*N29)/13*K29)))*(I29)*(1+$AI29) -> 6490033.1 | V29: =+((((((($B$21*$C$21)+Q29)*D29/30)*P29)/11*L29))+(((((($B$21*$C$21)+Q29)*E29/30)*P29)/13*K29)))*(I29)*(1+$AI29) -> 7211147.8 | W29: =+((((((($B$21*$C$21)+Q29)*D29/30)*P29)/11*L29))+(((((($B$21*$C$21)+Q29)*E29/30)*P29)/13*K29)))*(I29)*(1+$AI29) -> 7211147.8 | X29: =+((((((($B$21*$C$21)+Q29)*D29/30)*P29)/11*L29))+(((((($B$21*$C$21)+Q29)*E29/30)*P29)/13*K29)))*(I29)*(1+$AI29) -> 7211147.8 | Y29: =+((((((($B$21*$E$21)+Q29)*D29/30)*P29)/11*L29))+(((((($B$21*$E$21)+Q29)*E29/30)*P29)/13*K29)))*(I29)*(1+$AI29) -> 7331203.4 | Z29: =+((((((($B$21*$E$21)+Q29)*D29/30)*P29)/11*L29))+(((((($B$21*$E$21)+Q29)*E29/30)*P29)/13*K29)))*(I29)*(1+$AI29) -> 7331203.4 | AA29: =+((((((($B$21*$E$21)+Q29)*D29/30)*P29)/11*L29))+(((((($B$21*$E$21)+Q29)*E29/30)*P29)/13*K29)))*(I29)*(1+$AI29) -> 7331203.4 | AB29: =+((((((($B$21*$E$21)+Q29)*D29/30)*P29)/11*L29))+(((((($B$21*$E$21)+Q29)*E29/30)*P29)/13*K29)))*(I29)*(1+$AI29) -> 7331203.4 | AC29: =+((((((($B$21*$E$21)+Q29)*D29/30)*P29)/11*L29))+(((((($B$21*$E$21)+Q29)*E29/30)*P29)/13*K29)))*(I29)*(1+$AI29) -> 7331203.4 | AD29: =+((((((($B$21*$E$21)+Q29)*D29/30)*M29)/11*L29))+(((((($B$21*$E$21)+Q29)*E29/30)*M29)/13*K29)))*(I29)*(1+$AI29) -> 7331203.4 | AF29: =SUM(S29:AD29) -> 86532992 | AG29: =IF(AD29=AC29,1,0) -> 1 | AH29: =IF(G29>=1,1,0) -> 1 | AI29: 0.08 | AL29: =AG29=AH29 -> TRUE | AN29: =S29*(1+1.9%) -> 7348159.6
B30: Ingreso y entrada vehicular Cra. 8 | C30: Lunes a domingo Servicio 24 Horas Sin Arma | D30: 0.5241 | E30: 0.4759 | F30: VIGILANTE | G30: 1 | H30: 1 | I30: 1 | J30: 24 | K30: 13 | L30: 11 | M30: =IF(AND(G30=1,J30<24),20,IF(AND(G30=1,J30=24),30,12)) -> 30 | N30: =IF(AND(H30=1,J30<24),20,IF(AND(H30=1,J30=24),30,18)) -> 30 | O30: =IF(AND(G30=1,J30<24),20,IF(AND(G30=1,J30=24),30,15)) -> 30 | P30: =IF(M30=12,20,M30) -> 30 | Q30: 6000 | S30: =+((((((($B$21*$C$21)+Q30)*D30/30)*O30)/11*L30))+(((((($B$21*$C$21)+Q30)*E30/30)*O30)/13*K30)))*(I30)*(1+$AI30) -> 20664841 | T30: =+((((((($B$21*$C$21)+Q30)*D30/30)*P30)/11*L30))+(((((($B$21*$C$21)+Q30)*E30/30)*P30)/13*K30)))*(I30)*(1+$AI30) -> 20664841 | U30: =+((((((($B$21*$C$21)+Q30)*D30/30)*N30)/11*L30))+(((((($B$21*$C$21)+Q30)*E30/30)*N30)/13*K30)))*(I30)*(1+$AI30) -> 20664841 | V30: =+((((((($B$21*$C$21)+Q30)*D30/30)*P30)/11*L30))+(((((($B$21*$C$21)+Q30)*E30/30)*P30)/13*K30)))*(I30)*(1+$AI30) -> 20664841 | W30: =+((((((($B$21*$C$21)+Q30)*D30/30)*P30)/11*L30))+(((((($B$21*$C$21)+Q30)*E30/30)*P30)/13*K30)))*(I30)*(1+$AI30) -> 20664841 | X30: =+((((((($B$21*$C$21)+Q30)*D30/30)*P30)/11*L30))+(((((($B$21*$C$21)+Q30)*E30/30)*P30)/13*K30)))*(I30)*(1+$AI30) -> 20664841 | Y30: =+((((((($B$21*$E$21)+Q30)*D30/30)*P30)/11*L30))+(((((($B$21*$E$21)+Q30)*E30/30)*P30)/13*K30)))*(I30)*(1+$AI30) -> 21008810 | Z30: =+((((((($B$21*$E$21)+Q30)*D30/30)*P30)/11*L30))+(((((($B$21*$E$21)+Q30)*E30/30)*P30)/13*K30)))*(I30)*(1+$AI30) -> 21008810 | AA30: =+((((((($B$21*$E$21)+Q30)*D30/30)*P30)/11*L30))+(((((($B$21*$E$21)+Q30)*E30/30)*P30)/13*K30)))*(I30)*(1+$AI30) -> 21008810 | AB30: =+((((((($B$21*$E$21)+Q30)*D30/30)*P30)/11*L30))+(((((($B$21*$E$21)+Q30)*E30/30)*P30)/13*K30)))*(I30)*(1+$AI30) -> 21008810 | AC30: =+((((((($B$21*$E$21)+Q30)*D30/30)*P30)/11*L30))+(((((($B$21*$E$21)+Q30)*E30/30)*P30)/13*K30)))*(I30)*(1+$AI30) -> 21008810 | AD30: =+((((((($B$21*$E$21)+Q30)*D30/30)*M30)/11*L30))+(((((($B$21*$E$21)+Q30)*E30/30)*M30)/13*K30)))*(I30)*(1+$AI30) -> 21008810 | AF30: =SUM(S30:AD30) -> 2.500419e+08 | AG30: =IF(AD30=AC30,1,0) -> 1 | AH30: =IF(G30>=1,1,0) -> 1 | AI30: 0.08 | AL30: =AG30=AH30 -> TRUE | AN30: =S30*(1+1.9%) -> 21057473
B31: Manejador canino | C31: Lunes a viernes Servicio 12 Horas 6.00 A 18.00 Horas Canino | D31: 0.5241 | E31: 0.4759 | F31: MANEJADOR CANINO | I31: 1 | J31: 12 | K31: 12 | M31: =IF(AND(G31=1,J31<24),20,IF(AND(G31=1,J31=24),30,12)) -> 12 | N31: =IF(AND(H31=1,J31<24),20,IF(AND(H31=1,J31=24),30,18)) -> 18 | O31: =IF(AND(G31=1,J31<24),20,IF(AND(G31=1,J31=24),30,15)) -> 15 | P31: =IF(M31=12,20,M31) -> 20 | Q31: 2000 | S31: =+((((((($B$21*$C$21)+Q31)*D31/30)*O31)/11*L31))+(((((($B$21*$C$21)+Q31)*E31/30)*O31)/13*K31)))*(I31)*(1+$AI31) -> 4664059.6 | T31: =+((((((($B$21*$C$21)+Q31)*D31/30)*P31)/11*L31))+(((((($B$21*$C$21)+Q31)*E31/30)*P31)/13*K31)))*(I31)*(1+$AI31) -> 6218746.1 | U31: =+((((((($B$21*$C$21)+Q31)*D31/30)*N31)/11*L31))+(((((($B$21*$C$21)+Q31)*E31/30)*N31)/13*K31)))*(I31)*(1+$AI31) -> 5596871.5 | V31: =+((((((($B$21*$C$21)+Q31)*D31/30)*P31)/11*L31))+(((((($B$21*$C$21)+Q31)*E31/30)*P31)/13*K31)))*(I31)*(1+$AI31) -> 6218746.1 | W31: =+((((((($B$21*$C$21)+Q31)*D31/30)*P31)/11*L31))+(((((($B$21*$C$21)+Q31)*E31/30)*P31)/13*K31)))*(I31)*(1+$AI31) -> 6218746.1 | X31: =+((((((($B$21*$C$21)+Q31)*D31/30)*P31)/11*L31))+(((((($B$21*$C$21)+Q31)*E31/30)*P31)/13*K31)))*(I31)*(1+$AI31) -> 6218746.1 | Y31: =+((((((($B$21*$E$21)+Q31)*D31/30)*P31)/11*L31))+(((((($B$21*$E$21)+Q31)*E31/30)*P31)/13*K31)))*(I31)*(1+$AI31) -> 6322279.6 | Z31: =+((((((($B$21*$E$21)+Q31)*D31/30)*P31)/11*L31))+(((((($B$21*$E$21)+Q31)*E31/30)*P31)/13*K31)))*(I31)*(1+$AI31) -> 6322279.6 | AA31: =+((((((($B$21*$E$21)+Q31)*D31/30)*P31)/11*L31))+(((((($B$21*$E$21)+Q31)*E31/30)*P31)/13*K31)))*(I31)*(1+$AI31) -> 6322279.6 | AB31: =+((((((($B$21*$E$21)+Q31)*D31/30)*P31)/11*L31))+(((((($B$21*$E$21)+Q31)*E31/30)*P31)/13*K31)))*(I31)*(1+$AI31) -> 6322279.6 | AC31: =+((((((($B$21*$E$21)+Q31)*D31/30)*P31)/11*L31))+(((((($B$21*$E$21)+Q31)*E31/30)*P31)/13*K31)))*(I31)*(1+$AI31) -> 6322279.6 | AD31: =+((((((($B$21*$E$21)+Q31)*D31/30)*M31)/11*L31))+(((((($B$21*$E$21)+Q31)*E31/30)*M31)/13*K31)))*(I31)*(1+$AI31) -> 3793367.7 | AF31: =SUM(S31:AD31) -> 70540681 | AG31: =IF(AD31=AC31,1,0) -> 0 | AH31: =IF(G31>=1,1,0) -> 0 | AI31: 0.11 | AL31: =AG31=AH31 -> TRUE | AN31: =S31*(1+1.9%) -> 4752676.7
B32: Correspondencia principal | C32: Lunes a viernes Servicio 9 Horas 08.00 A 17.00 Horas Sin Arma | D32: 0.5241 | E32: 0.4759 | F32: VIGILANTE | I32: 1 | J32: 9 | K32: 9 | M32: =IF(AND(G32=1,J32<24),20,IF(AND(G32=1,J32=24),30,12)) -> 12 | N32: =IF(AND(H32=1,J32<24),20,IF(AND(H32=1,J32=24),30,18)) -> 18 | O32: =IF(AND(G32=1,J32<24),20,IF(AND(G32=1,J32=24),30,15)) -> 15 | P32: =IF(M32=12,20,M32) -> 20 | Q32: 2000 | S32: =+((((((($B$21*$C$21)+Q32)*D32/30)*O32)/11*L32))+(((((($B$21*$C$21)+Q32)*E32/30)*O32)/13*K32)))*(I32)*(1+$AI32) -> 3403502.9 | T32: =+((((((($B$21*$C$21)+Q32)*D32/30)*P32)/11*L32))+(((((($B$21*$C$21)+Q32)*E32/30)*P32)/13*K32)))*(I32)*(1+$AI32) -> 4538003.9 | U32: =+((((((($B$21*$C$21)+Q32)*D32/30)*N32)/11*L32))+(((((($B$21*$C$21)+Q32)*E32/30)*N32)/13*K32)))*(I32)*(1+$AI32) -> 4084203.5 | V32: =+((((((($B$21*$C$21)+Q32)*D32/30)*P32)/11*L32))+(((((($B$21*$C$21)+Q32)*E32/30)*P32)/13*K32)))*(I32)*(1+$AI32) -> 4538003.9 | W32: =+((((((($B$21*$C$21)+Q32)*D32/30)*P32)/11*L32))+(((((($B$21*$C$21)+Q32)*E32/30)*P32)/13*K32)))*(I32)*(1+$AI32) -> 4538003.9 | X32: =+((((((($B$21*$C$21)+Q32)*D32/30)*P32)/11*L32))+(((((($B$21*$C$21)+Q32)*E32/30)*P32)/13*K32)))*(I32)*(1+$AI32) -> 4538003.9 | Y32: =+((((((($B$21*$E$21)+Q32)*D32/30)*P32)/11*L32))+(((((($B$21*$E$21)+Q32)*E32/30)*P32)/13*K32)))*(I32)*(1+$AI32) -> 4613555.4 | Z32: =+((((((($B$21*$E$21)+Q32)*D32/30)*P32)/11*L32))+(((((($B$21*$E$21)+Q32)*E32/30)*P32)/13*K32)))*(I32)*(1+$AI32) -> 4613555.4 | AA32: =+((((((($B$21*$E$21)+Q32)*D32/30)*P32)/11*L32))+(((((($B$21*$E$21)+Q32)*E32/30)*P32)/13*K32)))*(I32)*(1+$AI32) -> 4613555.4 | AB32: =+((((((($B$21*$E$21)+Q32)*D32/30)*P32)/11*L32))+(((((($B$21*$E$21)+Q32)*E32/30)*P32)/13*K32)))*(I32)*(1+$AI32) -> 4613555.4 | AC32: =+((((((($B$21*$E$21)+Q32)*D32/30)*P32)/11*L32))+(((((($B$21*$E$21)+Q32)*E32/30)*P32)/13*K32)))*(I32)*(1+$AI32) -> 4613555.4 | AD32: =+((((((($B$21*$E$21)+Q32)*D32/30)*M32)/11*L32))+(((((($B$21*$E$21)+Q32)*E32/30)*M32)/13*K32)))*(I32)*(1+$AI32) -> 2768133.2 | AF32: =SUM(S32:AD32) -> 51475632 | AG32: =IF(AD32=AC32,1,0) -> 0 | AH32: =IF(G32>=1,1,0) -> 0 | AI32: 0.08 | AL32: =AG32=AH32 -> TRUE | AN32: =S32*(1+1.9%) -> 3468169.5
B33: Filtro Cortes Suprema y Constitucional | C33: Lunes a viernes Servicio 11 H De 08.00 A 19.00 H Sin Arma | D33: 0.5241 | E33: 0.4759 | F33: VIGILANTE | I33: 1 | J33: 11 | K33: 11 | M33: =IF(AND(G33=1,J33<24),20,IF(AND(G33=1,J33=24),30,12)) -> 12 | N33: =IF(AND(H33=1,J33<24),20,IF(AND(H33=1,J33=24),30,18)) -> 18 | O33: =IF(AND(G33=1,J33<24),20,IF(AND(G33=1,J33=24),30,15)) -> 15 | P33: =IF(M33=12,20,M33) -> 20 | Q33: 2000 | S33: =+((((((($B$21*$C$21)+Q33)*D33/30)*O33)/11*L33))+(((((($B$21*$C$21)+Q33)*E33/30)*O33)/13*K33)))*(I33)*(1+$AI33) -> 4159836.9 | T33: =+((((((($B$21*$C$21)+Q33)*D33/30)*P33)/11*L33))+(((((($B$21*$C$21)+Q33)*E33/30)*P33)/13*K33)))*(I33)*(1+$AI33) -> 5546449.2 | U33: =+((((((($B$21*$C$21)+Q33)*D33/30)*N33)/11*L33))+(((((($B$21*$C$21)+Q33)*E33/30)*N33)/13*K33)))*(I33)*(1+$AI33) -> 4991804.3 | V33: =+((((((($B$21*$C$21)+Q33)*D33/30)*P33)/11*L33))+(((((($B$21*$C$21)+Q33)*E33/30)*P33)/13*K33)))*(I33)*(1+$AI33) -> 5546449.2 | W33: =+((((((($B$21*$C$21)+Q33)*D33/30)*P33)/11*L33))+(((((($B$21*$C$21)+Q33)*E33/30)*P33)/13*K33)))*(I33)*(1+$AI33) -> 5546449.2 | X33: =+((((((($B$21*$C$21)+Q33)*D33/30)*P33)/11*L33))+(((((($B$21*$C$21)+Q33)*E33/30)*P33)/13*K33)))*(I33)*(1+$AI33) -> 5546449.2 | Y33: =+((((((($B$21*$E$21)+Q33)*D33/30)*P33)/11*L33))+(((((($B$21*$E$21)+Q33)*E33/30)*P33)/13*K33)))*(I33)*(1+$AI33) -> 5638789.9 | Z33: =+((((((($B$21*$E$21)+Q33)*D33/30)*P33)/11*L33))+(((((($B$21*$E$21)+Q33)*E33/30)*P33)/13*K33)))*(I33)*(1+$AI33) -> 5638789.9 | AA33: =+((((((($B$21*$E$21)+Q33)*D33/30)*P33)/11*L33))+(((((($B$21*$E$21)+Q33)*E33/30)*P33)/13*K33)))*(I33)*(1+$AI33) -> 5638789.9 | AB33: =+((((((($B$21*$E$21)+Q33)*D33/30)*P33)/11*L33))+(((((($B$21*$E$21)+Q33)*E33/30)*P33)/13*K33)))*(I33)*(1+$AI33) -> 5638789.9 | AC33: =+((((((($B$21*$E$21)+Q33)*D33/30)*P33)/11*L33))+(((((($B$21*$E$21)+Q33)*E33/30)*P33)/13*K33)))*(I33)*(1+$AI33) -> 5638789.9 | AD33: =+((((((($B$21*$E$21)+Q33)*D33/30)*M33)/11*L33))+(((((($B$21*$E$21)+Q33)*E33/30)*M33)/13*K33)))*(I33)*(1+$AI33) -> 3383273.9 | AF33: =SUM(S33:AD33) -> 62914662 | AG33: =IF(AD33=AC33,1,0) -> 0 | AH33: =IF(G33>=1,1,0) -> 0 | AI33: 0.08 | AL33: =AG33=AH33 -> TRUE | AN33: =S33*(1+1.9%) -> 4238873.8
B34: Filtro Consejo Superior de la Judicatura y Estado | C34: Lunes a viernes Servicio 11 H De 08.00 A 19.00 H Sin Arma | D34: 0.5241 | E34: 0.4759 | F34: VIGILANTE | G34: 1 | I34: 1 | J34: 11 | K34: 11 | M34: =IF(AND(G34=1,J34<24),20,IF(AND(G34=1,J34=24),30,12)) -> 20 | N34: =IF(AND(H34=1,J34<24),20,IF(AND(H34=1,J34=24),30,18)) -> 18 | O34: =IF(AND(G34=1,J34<24),20,IF(AND(G34=1,J34=24),30,15)) -> 20 | P34: =IF(M34=12,20,M34) -> 20 | Q34: 2000 | S34: =+((((((($B$21*$C$21)+Q34)*D34/30)*O34)/11*L34))+(((((($B$21*$C$21)+Q34)*E34/30)*O34)/13*K34)))*(I34)*(1+$AI34) -> 5546449.2 | T34: =+((((((($B$21*$C$21)+Q34)*D34/30)*P34)/11*L34))+(((((($B$21*$C$21)+Q34)*E34/30)*P34)/13*K34)))*(I34)*(1+$AI34) -> 5546449.2 | U34: =+((((((($B$21*$C$21)+Q34)*D34/30)*N34)/11*L34))+(((((($B$21*$C$21)+Q34)*E34/30)*N34)/13*K34)))*(I34)*(1+$AI34) -> 4991804.3 | V34: =+((((((($B$21*$C$21)+Q34)*D34/30)*P34)/11*L34))+(((((($B$21*$C$21)+Q34)*E34/30)*P34)/13*K34)))*(I34)*(1+$AI34) -> 5546449.2 | W34: =+((((((($B$21*$C$21)+Q34)*D34/30)*P34)/11*L34))+(((((($B$21*$C$21)+Q34)*E34/30)*P34)/13*K34)))*(I34)*(1+$AI34) -> 5546449.2 | X34: =+((((((($B$21*$C$21)+Q34)*D34/30)*P34)/11*L34))+(((((($B$21*$C$21)+Q34)*E34/30)*P34)/13*K34)))*(I34)*(1+$AI34) -> 5546449.2 | Y34: =+((((((($B$21*$E$21)+Q34)*D34/30)*P34)/11*L34))+(((((($B$21*$E$21)+Q34)*E34/30)*P34)/13*K34)))*(I34)*(1+$AI34) -> 5638789.9 | Z34: =+((((((($B$21*$E$21)+Q34)*D34/30)*P34)/11*L34))+(((((($B$21*$E$21)+Q34)*E34/30)*P34)/13*K34)))*(I34)*(1+$AI34) -> 5638789.9 | AA34: =+((((((($B$21*$E$21)+Q34)*D34/30)*P34)/11*L34))+(((((($B$21*$E$21)+Q34)*E34/30)*P34)/13*K34)))*(I34)*(1+$AI34) -> 5638789.9 | AB34: =+((((((($B$21*$E$21)+Q34)*D34/30)*P34)/11*L34))+(((((($B$21*$E$21)+Q34)*E34/30)*P34)/13*K34)))*(I34)*(1+$AI34) -> 5638789.9 | AC34: =+((((((($B$21*$E$21)+Q34)*D34/30)*P34)/11*L34))+(((((($B$21*$E$21)+Q34)*E34/30)*P34)/13*K34)))*(I34)*(1+$AI34) -> 5638789.9 | AD34: =+((((((($B$21*$E$21)+Q34)*D34/30)*M34)/11*L34))+(((((($B$21*$E$21)+Q34)*E34/30)*M34)/13*K34)))*(I34)*(1+$AI34) -> 5638789.9 | AF34: =SUM(S34:AD34) -> 66556790 | AG34: =IF(AD34=AC34,1,0) -> 1 | AH34: =IF(G34>=1,1,0) -> 1 | AI34: 0.08 | AL34: =AG34=AH34 -> TRUE | AN34: =S34*(1+1.9%) -> 5651831.8
B35: Recepción exclusa o Consejo Estado | C35: Lunes a viernes Servicio 11 H De 08.00 A 19.00 H Sin Arma | D35: 0.5241 | E35: 0.4759 | F35: VIGILANTE | I35: 1 | J35: 11 | K35: 11 | M35: =IF(AND(G35=1,J35<24),20,IF(AND(G35=1,J35=24),30,12)) -> 12 | N35: =IF(AND(H35=1,J35<24),20,IF(AND(H35=1,J35=24),30,18)) -> 18 | O35: =IF(AND(G35=1,J35<24),20,IF(AND(G35=1,J35=24),30,15)) -> 15 | P35: =IF(M35=12,20,M35) -> 20 | Q35: 2000 | S35: =+((((((($B$21*$C$21)+Q35)*D35/30)*O35)/11*L35))+(((((($B$21*$C$21)+Q35)*E35/30)*O35)/13*K35)))*(I35)*(1+$AI35) -> 4159836.9 | T35: =+((((((($B$21*$C$21)+Q35)*D35/30)*P35)/11*L35))+(((((($B$21*$C$21)+Q35)*E35/30)*P35)/13*K35)))*(I35)*(1+$AI35) -> 5546449.2 | U35: =+((((((($B$21*$C$21)+Q35)*D35/30)*N35)/11*L35))+(((((($B$21*$C$21)+Q35)*E35/30)*N35)/13*K35)))*(I35)*(1+$AI35) -> 4991804.3 | V35: =+((((((($B$21*$C$21)+Q35)*D35/30)*P35)/11*L35))+(((((($B$21*$C$21)+Q35)*E35/30)*P35)/13*K35)))*(I35)*(1+$AI35) -> 5546449.2 | W35: =+((((((($B$21*$C$21)+Q35)*D35/30)*P35)/11*L35))+(((((($B$21*$C$21)+Q35)*E35/30)*P35)/13*K35)))*(I35)*(1+$AI35) -> 5546449.2 | X35: =+((((((($B$21*$C$21)+Q35)*D35/30)*P35)/11*L35))+(((((($B$21*$C$21)+Q35)*E35/30)*P35)/13*K35)))*(I35)*(1+$AI35) -> 5546449.2 | Y35: =+((((((($B$21*$E$21)+Q35)*D35/30)*P35)/11*L35))+(((((($B$21*$E$21)+Q35)*E35/30)*P35)/13*K35)))*(I35)*(1+$AI35) -> 5638789.9 | Z35: =+((((((($B$21*$E$21)+Q35)*D35/30)*P35)/11*L35))+(((((($B$21*$E$21)+Q35)*E35/30)*P35)/13*K35)))*(I35)*(1+$AI35) -> 5638789.9 | AA35: =+((((((($B$21*$E$21)+Q35)*D35/30)*P35)/11*L35))+(((((($B$21*$E$21)+Q35)*E35/30)*P35)/13*K35)))*(I35)*(1+$AI35) -> 5638789.9 | AB35: =+((((((($B$21*$E$21)+Q35)*D35/30)*P35)/11*L35))+(((((($B$21*$E$21)+Q35)*E35/30)*P35)/13*K35)))*(I35)*(1+$AI35) -> 5638789.9 | AC35: =+((((((($B$21*$E$21)+Q35)*D35/30)*P35)/11*L35))+(((((($B$21*$E$21)+Q35)*E35/30)*P35)/13*K35)))*(I35)*(1+$AI35) -> 5638789.9 | AD35: =+((((((($B$21*$E$21)+Q35)*D35/30)*M35)/11*L35))+(((((($B$21*$E$21)+Q35)*E35/30)*M35)/13*K35)))*(I35)*(1+$AI35) -> 3383273.9 | AF35: =SUM(S35:AD35) -> 62914662 | AG35: =IF(AD35=AC35,1,0) -> 0 | AH35: =IF(G35>=1,1,0) -> 0 | AI35: 0.08 | AL35: =AG35=AH35 -> TRUE | AN35: =S35*(1+1.9%) -> 4238873.8
B36: Recepción exclusa o Corte Constitucional | C36: Lunes a viernes Servicio 11 H De 08.00 A 19.00 H Sin Arma | D36: 0.5241 | E36: 0.4759 | F36: VIGILANTE | I36: 1 | J36: 11 | K36: 11 | M36: =IF(AND(G36=1,J36<24),20,IF(AND(G36=1,J36=24),30,12)) -> 12 | N36: =IF(AND(H36=1,J36<24),20,IF(AND(H36=1,J36=24),30,18)) -> 18 | O36: =IF(AND(G36=1,J36<24),20,IF(AND(G36=1,J36=24),30,15)) -> 15 | P36: =IF(M36=12,20,M36) -> 20 | Q36: 2000 | S36: =+((((((($B$21*$C$21)+Q36)*D36/30)*O36)/11*L36))+(((((($B$21*$C$21)+Q36)*E36/30)*O36)/13*K36)))*(I36)*(1+$AI36) -> 4159836.9 | T36: =+((((((($B$21*$C$21)+Q36)*D36/30)*P36)/11*L36))+(((((($B$21*$C$21)+Q36)*E36/30)*P36)/13*K36)))*(I36)*(1+$AI36) -> 5546449.2 | U36: =+((((((($B$21*$C$21)+Q36)*D36/30)*N36)/11*L36))+(((((($B$21*$C$21)+Q36)*E36/30)*N36)/13*K36)))*(I36)*(1+$AI36) -> 4991804.3 | V36: =+((((((($B$21*$C$21)+Q36)*D36/30)*P36)/11*L36))+(((((($B$21*$C$21)+Q36)*E36/30)*P36)/13*K36)))*(I36)*(1+$AI36) -> 5546449.2 | W36: =+((((((($B$21*$C$21)+Q36)*D36/30)*P36)/11*L36))+(((((($B$21*$C$21)+Q36)*E36/30)*P36)/13*K36)))*(I36)*(1+$AI36) -> 5546449.2 | X36: =+((((((($B$21*$C$21)+Q36)*D36/30)*P36)/11*L36))+(((((($B$21*$C$21)+Q36)*E36/30)*P36)/13*K36)))*(I36)*(1+$AI36) -> 5546449.2 | Y36: =+((((((($B$21*$E$21)+Q36)*D36/30)*P36)/11*L36))+(((((($B$21*$E$21)+Q36)*E36/30)*P36)/13*K36)))*(I36)*(1+$AI36) -> 5638789.9 | Z36: =+((((((($B$21*$E$21)+Q36)*D36/30)*P36)/11*L36))+(((((($B$21*$E$21)+Q36)*E36/30)*P36)/13*K36)))*(I36)*(1+$AI36) -> 5638789.9 | AA36: =+((((((($B$21*$E$21)+Q36)*D36/30)*P36)/11*L36))+(((((($B$21*$E$21)+Q36)*E36/30)*P36)/13*K36)))*(I36)*(1+$AI36) -> 5638789.9 | AB36: =+((((((($B$21*$E$21)+Q36)*D36/30)*P36)/11*L36))+(((((($B$21*$E$21)+Q36)*E36/30)*P36)/13*K36)))*(I36)*(1+$AI36) -> 5638789.9 | AC36: =+((((((($B$21*$E$21)+Q36)*D36/30)*P36)/11*L36))+(((((($B$21*$E$21)+Q36)*E36/30)*P36)/13*K36)))*(I36)*(1+$AI36) -> 5638789.9 | AD36: =+((((((($B$21*$E$21)+Q36)*D36/30)*M36)/11*L36))+(((((($B$21*$E$21)+Q36)*E36/30)*M36)/13*K36)))*(I36)*(1+$AI36) -> 3383273.9 | AF36: =SUM(S36:AD36) -> 62914662 | AG36: =IF(AD36=AC36,1,0) -> 0 | AH36: =IF(G36>=1,1,0) -> 0 | AI36: 0.08 | AL36: =AG36=AH36 -> TRUE | AN36: =S36*(1+1.9%) -> 4238873.8
B37: Recepción exclusa o Corte Suprema de Justicia | C37: Lunes a viernes Servicio 11 H De 08.00 A 19.00 H Sin Arma | D37: 0.5241 | E37: 0.4759 | F37: VIGILANTE | I37: 1 | J37: 11 | K37: 11 | M37: =IF(AND(G37=1,J37<24),20,IF(AND(G37=1,J37=24),30,12)) -> 12 | N37: =IF(AND(H37=1,J37<24),20,IF(AND(H37=1,J37=24),30,18)) -> 18 | O37: =IF(AND(G37=1,J37<24),20,IF(AND(G37=1,J37=24),30,15)) -> 15 | P37: =IF(M37=12,20,M37) -> 20 | Q37: 2000 | S37: =+((((((($B$21*$C$21)+Q37)*D37/30)*O37)/11*L37))+(((((($B$21*$C$21)+Q37)*E37/30)*O37)/13*K37)))*(I37)*(1+$AI37) -> 4159836.9 | T37: =+((((((($B$21*$C$21)+Q37)*D37/30)*P37)/11*L37))+(((((($B$21*$C$21)+Q37)*E37/30)*P37)/13*K37)))*(I37)*(1+$AI37) -> 5546449.2 | U37: =+((((((($B$21*$C$21)+Q37)*D37/30)*N37)/11*L37))+(((((($B$21*$C$21)+Q37)*E37/30)*N37)/13*K37)))*(I37)*(1+$AI37) -> 4991804.3 | V37: =+((((((($B$21*$C$21)+Q37)*D37/30)*P37)/11*L37))+(((((($B$21*$C$21)+Q37)*E37/30)*P37)/13*K37)))*(I37)*(1+$AI37) -> 5546449.2 | W37: =+((((((($B$21*$C$21)+Q37)*D37/30)*P37)/11*L37))+(((((($B$21*$C$21)+Q37)*E37/30)*P37)/13*K37)))*(I37)*(1+$AI37) -> 5546449.2 | X37: =+((((((($B$21*$C$21)+Q37)*D37/30)*P37)/11*L37))+(((((($B$21*$C$21)+Q37)*E37/30)*P37)/13*K37)))*(I37)*(1+$AI37) -> 5546449.2 | Y37: =+((((((($B$21*$E$21)+Q37)*D37/30)*P37)/11*L37))+(((((($B$21*$E$21)+Q37)*E37/30)*P37)/13*K37)))*(I37)*(1+$AI37) -> 5638789.9 | Z37: =+((((((($B$21*$E$21)+Q37)*D37/30)*P37)/11*L37))+(((((($B$21*$E$21)+Q37)*E37/30)*P37)/13*K37)))*(I37)*(1+$AI37) -> 5638789.9 | AA37: =+((((((($B$21*$E$21)+Q37)*D37/30)*P37)/11*L37))+(((((($B$21*$E$21)+Q37)*E37/30)*P37)/13*K37)))*(I37)*(1+$AI37) -> 5638789.9 | AB37: =+((((((($B$21*$E$21)+Q37)*D37/30)*P37)/11*L37))+(((((($B$21*$E$21)+Q37)*E37/30)*P37)/13*K37)))*(I37)*(1+$AI37) -> 5638789.9 | AC37: =+((((((($B$21*$E$21)+Q37)*D37/30)*P37)/11*L37))+(((((($B$21*$E$21)+Q37)*E37/30)*P37)/13*K37)))*(I37)*(1+$AI37) -> 5638789.9 | AD37: =+((((((($B$21*$E$21)+Q37)*D37/30)*M37)/11*L37))+(((((($B$21*$E$21)+Q37)*E37/30)*M37)/13*K37)))*(I37)*(1+$AI37) -> 3383273.9 | AF37: =SUM(S37:AD37) -> 62914662 | AG37: =IF(AD37=AC37,1,0) -> 0 | AH37: =IF(G37>=1,1,0) -> 0 | AI37: 0.08 | AL37: =AG37=AH37 -> TRUE | AN37: =S37*(1+1.9%) -> 4238873.8
B38: Recepción exclusa Comisión Nacional de Disciplina y Consejo Superior de la Judicatura | C38: Lunes a viernes Servicio 12 Horas 07.00 A 19.00 Sin Arma | D38: 0.5241 | E38: 0.4759 | F38: VIGILANTE | G38: 1 | I38: 1 | J38: 12 | K38: 12 | M38: =IF(AND(G38=1,J38<24),20,IF(AND(G38=1,J38=24),30,12)) -> 20 | N38: =IF(AND(H38=1,J38<24),20,IF(AND(H38=1,J38=24),30,18)) -> 18 | O38: =IF(AND(G38=1,J38<24),20,IF(AND(G38=1,J38=24),30,15)) -> 20 | P38: =IF(M38=12,20,M38) -> 20 | Q38: 2000 | S38: =+((((((($B$21*$C$21)+Q38)*D38/30)*O38)/11*L38))+(((((($B$21*$C$21)+Q38)*E38/30)*O38)/13*K38)))*(I38)*(1+$AI38) -> 6050671.9 | T38: =+((((((($B$21*$C$21)+Q38)*D38/30)*P38)/11*L38))+(((((($B$21*$C$21)+Q38)*E38/30)*P38)/13*K38)))*(I38)*(1+$AI38) -> 6050671.9 | U38: =+((((((($B$21*$C$21)+Q38)*D38/30)*N38)/11*L38))+(((((($B$21*$C$21)+Q38)*E38/30)*N38)/13*K38)))*(I38)*(1+$AI38) -> 5445604.7 | V38: =+((((((($B$21*$C$21)+Q38)*D38/30)*P38)/11*L38))+(((((($B$21*$C$21)+Q38)*E38/30)*P38)/13*K38)))*(I38)*(1+$AI38) -> 6050671.9 | W38: =+((((((($B$21*$C$21)+Q38)*D38/30)*P38)/11*L38))+(((((($B$21*$C$21)+Q38)*E38/30)*P38)/13*K38)))*(I38)*(1+$AI38) -> 6050671.9 | X38: =+((((((($B$21*$C$21)+Q38)*D38/30)*P38)/11*L38))+(((((($B$21*$C$21)+Q38)*E38/30)*P38)/13*K38)))*(I38)*(1+$AI38) -> 6050671.9 | Y38: =+((((((($B$21*$E$21)+Q38)*D38/30)*P38)/11*L38))+(((((($B$21*$E$21)+Q38)*E38/30)*P38)/13*K38)))*(I38)*(1+$AI38) -> 6151407.1 | Z38: =+((((((($B$21*$E$21)+Q38)*D38/30)*P38)/11*L38))+(((((($B$21*$E$21)+Q38)*E38/30)*P38)/13*K38)))*(I38)*(1+$AI38) -> 6151407.1 | AA38: =+((((((($B$21*$E$21)+Q38)*D38/30)*P38)/11*L38))+(((((($B$21*$E$21)+Q38)*E38/30)*P38)/13*K38)))*(I38)*(1+$AI38) -> 6151407.1 | AB38: =+((((((($B$21*$E$21)+Q38)*D38/30)*P38)/11*L38))+(((((($B$21*$E$21)+Q38)*E38/30)*P38)/13*K38)))*(I38)*(1+$AI38) -> 6151407.1 | AC38: =+((((((($B$21*$E$21)+Q38)*D38/30)*P38)/11*L38))+(((((($B$21*$E$21)+Q38)*E38/30)*P38)/13*K38)))*(I38)*(1+$AI38) -> 6151407.1 | AD38: =+((((((($B$21*$E$21)+Q38)*D38/30)*M38)/11*L38))+(((((($B$21*$E$21)+Q38)*E38/30)*M38)/13*K38)))*(I38)*(1+$AI38) -> 6151407.1 | AF38: =SUM(S38:AD38) -> 72607407 | AG38: =IF(AD38=AC38,1,0) -> 1 | AH38: =IF(G38>=1,1,0) -> 1 | AI38: 0.08 | AL38: =AG38=AH38 -> TRUE | AN38: =S38*(1+1.9%) -> 6165634.7
B39: Entrada de funcionarios molinetes calle12 | C39: Lunes a viernes Servicio 12 Horas 06.00 A 18.00 Sin Arma | D39: 0.5241 | E39: 0.4759 | F39: VIGILANTE | G39: 1 | I39: 1 | J39: 12 | K39: 12 | M39: =IF(AND(G39=1,J39<24),20,IF(AND(G39=1,J39=24),30,12)) -> 20 | N39: =IF(AND(H39=1,J39<24),20,IF(AND(H39=1,J39=24),30,18)) -> 18 | O39: =IF(AND(G39=1,J39<24),20,IF(AND(G39=1,J39=24),30,15)) -> 20 | P39: =IF(M39=12,20,M39) -> 20 | Q39: 2000 | S39: =+((((((($B$21*$C$21)+Q39)*D39/30)*O39)/11*L39))+(((((($B$21*$C$21)+Q39)*E39/30)*O39)/13*K39)))*(I39)*(1+$AI39) -> 6050671.9 | T39: =+((((((($B$21*$C$21)+Q39)*D39/30)*P39)/11*L39))+(((((($B$21*$C$21)+Q39)*E39/30)*P39)/13*K39)))*(I39)*(1+$AI39) -> 6050671.9 | U39: =+((((((($B$21*$C$21)+Q39)*D39/30)*N39)/11*L39))+(((((($B$21*$C$21)+Q39)*E39/30)*N39)/13*K39)))*(I39)*(1+$AI39) -> 5445604.7 | V39: =+((((((($B$21*$C$21)+Q39)*D39/30)*P39)/11*L39))+(((((($B$21*$C$21)+Q39)*E39/30)*P39)/13*K39)))*(I39)*(1+$AI39) -> 6050671.9 | W39: =+((((((($B$21*$C$21)+Q39)*D39/30)*P39)/11*L39))+(((((($B$21*$C$21)+Q39)*E39/30)*P39)/13*K39)))*(I39)*(1+$AI39) -> 6050671.9 | X39: =+((((((($B$21*$C$21)+Q39)*D39/30)*P39)/11*L39))+(((((($B$21*$C$21)+Q39)*E39/30)*P39)/13*K39)))*(I39)*(1+$AI39) -> 6050671.9 | Y39: =+((((((($B$21*$E$21)+Q39)*D39/30)*P39)/11*L39))+(((((($B$21*$E$21)+Q39)*E39/30)*P39)/13*K39)))*(I39)*(1+$AI39) -> 6151407.1 | Z39: =+((((((($B$21*$E$21)+Q39)*D39/30)*P39)/11*L39))+(((((($B$21*$E$21)+Q39)*E39/30)*P39)/13*K39)))*(I39)*(1+$AI39) -> 6151407.1 | AA39: =+((((((($B$21*$E$21)+Q39)*D39/30)*P39)/11*L39))+(((((($B$21*$E$21)+Q39)*E39/30)*P39)/13*K39)))*(I39)*(1+$AI39) -> 6151407.1 | AB39: =+((((((($B$21*$E$21)+Q39)*D39/30)*P39)/11*L39))+(((((($B$21*$E$21)+Q39)*E39/30)*P39)/13*K39)))*(I39)*(1+$AI39) -> 6151407.1 | AC39: =+((((((($B$21*$E$21)+Q39)*D39/30)*P39)/11*L39))+(((((($B$21*$E$21)+Q39)*E39/30)*P39)/13*K39)))*(I39)*(1+$AI39) -> 6151407.1 | AD39: =+((((((($B$21*$E$21)+Q39)*D39/30)*M39)/11*L39))+(((((($B$21*$E$21)+Q39)*E39/30)*M39)/13*K39)))*(I39)*(1+$AI39) -> 6151407.1 | AF39: =SUM(S39:AD39) -> 72607407 | AG39: =IF(AD39=AC39,1,0) -> 1 | AH39: =IF(G39>=1,1,0) -> 1 | AI39: 0.08 | AL39: =AG39=AH39 -> TRUE | AN39: =S39*(1+1.9%) -> 6165634.7
B40: Entrada funcionarios molinetes Cra. 8 | C40: Lunes a viernes Servicio 12 Horas 08.00 A 20.00 Sin Arma | D40: 0.5241 | E40: 0.4759 | F40: VIGILANTE | G40: 1 | I40: 1 | J40: 12 | K40: 11 | L40: 1 | M40: =IF(AND(G40=1,J40<24),20,IF(AND(G40=1,J40=24),30,12)) -> 20 | N40: =IF(AND(H40=1,J40<24),20,IF(AND(H40=1,J40=24),30,18)) -> 18 | O40: =IF(AND(G40=1,J40<24),20,IF(AND(G40=1,J40=24),30,15)) -> 20 | P40: =IF(M40=12,20,M40) -> 20 | Q40: 2000 | S40: =+((((((($B$21*$C$21)+Q40)*D40/30)*O40)/11*L40))+(((((($B$21*$C$21)+Q40)*E40/30)*O40)/13*K40)))*(I40)*(1+$AI40) -> 6202702.5 | T40: =+((((((($B$21*$C$21)+Q40)*D40/30)*P40)/11*L40))+(((((($B$21*$C$21)+Q40)*E40/30)*P40)/13*K40)))*(I40)*(1+$AI40) -> 6202702.5 | U40: =+((((((($B$21*$C$21)+Q40)*D40/30)*N40)/11*L40))+(((((($B$21*$C$21)+Q40)*E40/30)*N40)/13*K40)))*(I40)*(1+$AI40) -> 5582432.3 | V40: =+((((((($B$21*$C$21)+Q40)*D40/30)*P40)/11*L40))+(((((($B$21*$C$21)+Q40)*E40/30)*P40)/13*K40)))*(I40)*(1+$AI40) -> 6202702.5 | W40: =+((((((($B$21*$C$21)+Q40)*D40/30)*P40)/11*L40))+(((((($B$21*$C$21)+Q40)*E40/30)*P40)/13*K40)))*(I40)*(1+$AI40) -> 6202702.5 | X40: =+((((((($B$21*$C$21)+Q40)*D40/30)*P40)/11*L40))+(((((($B$21*$C$21)+Q40)*E40/30)*P40)/13*K40)))*(I40)*(1+$AI40) -> 6202702.5 | Y40: =+((((((($B$21*$E$21)+Q40)*D40/30)*P40)/11*L40))+(((((($B$21*$E$21)+Q40)*E40/30)*P40)/13*K40)))*(I40)*(1+$AI40) -> 6305968.8 | Z40: =+((((((($B$21*$E$21)+Q40)*D40/30)*P40)/11*L40))+(((((($B$21*$E$21)+Q40)*E40/30)*P40)/13*K40)))*(I40)*(1+$AI40) -> 6305968.8 | AA40: =+((((((($B$21*$E$21)+Q40)*D40/30)*P40)/11*L40))+(((((($B$21*$E$21)+Q40)*E40/30)*P40)/13*K40)))*(I40)*(1+$AI40) -> 6305968.8 | AB40: =+((((((($B$21*$E$21)+Q40)*D40/30)*P40)/11*L40))+(((((($B$21*$E$21)+Q40)*E40/30)*P40)/13*K40)))*(I40)*(1+$AI40) -> 6305968.8 | AC40: =+((((((($B$21*$E$21)+Q40)*D40/30)*P40)/11*L40))+(((((($B$21*$E$21)+Q40)*E40/30)*P40)/13*K40)))*(I40)*(1+$AI40) -> 6305968.8 | AD40: =+((((((($B$21*$E$21)+Q40)*D40/30)*M40)/11*L40))+(((((($B$21*$E$21)+Q40)*E40/30)*M40)/13*K40)))*(I40)*(1+$AI40) -> 6305968.8 | AF40: =SUM(S40:AD40) -> 74431758 | AG40: =IF(AD40=AC40,1,0) -> 1 | AH40: =IF(G40>=1,1,0) -> 1 | AI40: 0.08 | AL40: =AG40=AH40 -> TRUE | AN40: =S40*(1+1.9%) -> 6320553.9
B41: Parqueadero calle 8 | C41: Lunes a viernes Servicio 12 Horas 06.00 A 18.00 Sin Arma | D41: 0.5241 | E41: 0.4759 | F41: VIGILANTE | G41: 1 | I41: 1 | J41: 12 | K41: 12 | M41: =IF(AND(G41=1,J41<24),20,IF(AND(G41=1,J41=24),30,12)) -> 20 | N41: =IF(AND(H41=1,J41<24),20,IF(AND(H41=1,J41=24),30,18)) -> 18 | O41: =IF(AND(G41=1,J41<24),20,IF(AND(G41=1,J41=24),30,15)) -> 20 | P41: =IF(M41=12,20,M41) -> 20 | Q41: 2000 | S41: =+((((((($B$21*$C$21)+Q41)*D41/30)*O41)/11*L41))+(((((($B$21*$C$21)+Q41)*E41/30)*O41)/13*K41)))*(I41)*(1+$AI41) -> 6050671.9 | T41: =+((((((($B$21*$C$21)+Q41)*D41/30)*P41)/11*L41))+(((((($B$21*$C$21)+Q41)*E41/30)*P41)/13*K41)))*(I41)*(1+$AI41) -> 6050671.9 | U41: =+((((((($B$21*$C$21)+Q41)*D41/30)*N41)/11*L41))+(((((($B$21*$C$21)+Q41)*E41/30)*N41)/13*K41)))*(I41)*(1+$AI41) -> 5445604.7 | V41: =+((((((($B$21*$C$21)+Q41)*D41/30)*P41)/11*L41))+(((((($B$21*$C$21)+Q41)*E41/30)*P41)/13*K41)))*(I41)*(1+$AI41) -> 6050671.9 | W41: =+((((((($B$21*$C$21)+Q41)*D41/30)*P41)/11*L41))+(((((($B$21*$C$21)+Q41)*E41/30)*P41)/13*K41)))*(I41)*(1+$AI41) -> 6050671.9 | X41: =+((((((($B$21*$C$21)+Q41)*D41/30)*P41)/11*L41))+(((((($B$21*$C$21)+Q41)*E41/30)*P41)/13*K41)))*(I41)*(1+$AI41) -> 6050671.9 | Y41: =+((((((($B$21*$E$21)+Q41)*D41/30)*P41)/11*L41))+(((((($B$21*$E$21)+Q41)*E41/30)*P41)/13*K41)))*(I41)*(1+$AI41) -> 6151407.1 | Z41: =+((((((($B$21*$E$21)+Q41)*D41/30)*P41)/11*L41))+(((((($B$21*$E$21)+Q41)*E41/30)*P41)/13*K41)))*(I41)*(1+$AI41) -> 6151407.1 | AA41: =+((((((($B$21*$E$21)+Q41)*D41/30)*P41)/11*L41))+(((((($B$21*$E$21)+Q41)*E41/30)*P41)/13*K41)))*(I41)*(1+$AI41) -> 6151407.1 | AB41: =+((((((($B$21*$E$21)+Q41)*D41/30)*P41)/11*L41))+(((((($B$21*$E$21)+Q41)*E41/30)*P41)/13*K41)))*(I41)*(1+$AI41) -> 6151407.1 | AC41: =+((((((($B$21*$E$21)+Q41)*D41/30)*P41)/11*L41))+(((((($B$21*$E$21)+Q41)*E41/30)*P41)/13*K41)))*(I41)*(1+$AI41) -> 6151407.1 | AD41: =+((((((($B$21*$E$21)+Q41)*D41/30)*M41)/11*L41))+(((((($B$21*$E$21)+Q41)*E41/30)*M41)/13*K41)))*(I41)*(1+$AI41) -> 6151407.1 | AF41: =SUM(S41:AD41) -> 72607407 | AG41: =IF(AD41=AC41,1,0) -> 1 | AH41: =IF(G41>=1,1,0) -> 1 | AI41: 0.08 | AL41: =AG41=AH41 -> TRUE | AN41: =S41*(1+1.9%) -> 6165634.7
B42: Parqueadero calle 12 | C42: Lunes a viernes Servicio 12 Horas 06.00 A 18.00 Sin Arma | D42: 0.5241 | E42: 0.4759 | F42: VIGILANTE | G42: 1 | I42: 1 | J42: 12 | K42: 12 | M42: =IF(AND(G42=1,J42<24),20,IF(AND(G42=1,J42=24),30,12)) -> 20 | N42: =IF(AND(H42=1,J42<24),20,IF(AND(H42=1,J42=24),30,18)) -> 18 | O42: =IF(AND(G42=1,J42<24),20,IF(AND(G42=1,J42=24),30,15)) -> 20 | P42: =IF(M42=12,20,M42) -> 20 | Q42: 2000 | S42: =+((((((($B$21*$C$21)+Q42)*D42/30)*O42)/11*L42))+(((((($B$21*$C$21)+Q42)*E42/30)*O42)/13*K42)))*(I42)*(1+$AI42) -> 6050671.9 | T42: =+((((((($B$21*$C$21)+Q42)*D42/30)*P42)/11*L42))+(((((($B$21*$C$21)+Q42)*E42/30)*P42)/13*K42)))*(I42)*(1+$AI42) -> 6050671.9 | U42: =+((((((($B$21*$C$21)+Q42)*D42/30)*N42)/11*L42))+(((((($B$21*$C$21)+Q42)*E42/30)*N42)/13*K42)))*(I42)*(1+$AI42) -> 5445604.7 | V42: =+((((((($B$21*$C$21)+Q42)*D42/30)*P42)/11*L42))+(((((($B$21*$C$21)+Q42)*E42/30)*P42)/13*K42)))*(I42)*(1+$AI42) -> 6050671.9 | W42: =+((((((($B$21*$C$21)+Q42)*D42/30)*P42)/11*L42))+(((((($B$21*$C$21)+Q42)*E42/30)*P42)/13*K42)))*(I42)*(1+$AI42) -> 6050671.9 | X42: =+((((((($B$21*$C$21)+Q42)*D42/30)*P42)/11*L42))+(((((($B$21*$C$21)+Q42)*E42/30)*P42)/13*K42)))*(I42)*(1+$AI42) -> 6050671.9 | Y42: =+((((((($B$21*$E$21)+Q42)*D42/30)*P42)/11*L42))+(((((($B$21*$E$21)+Q42)*E42/30)*P42)/13*K42)))*(I42)*(1+$AI42) -> 6151407.1 | Z42: =+((((((($B$21*$E$21)+Q42)*D42/30)*P42)/11*L42))+(((((($B$21*$E$21)+Q42)*E42/30)*P42)/13*K42)))*(I42)*(1+$AI42) -> 6151407.1 | AA42: =+((((((($B$21*$E$21)+Q42)*D42/30)*P42)/11*L42))+(((((($B$21*$E$21)+Q42)*E42/30)*P42)/13*K42)))*(I42)*(1+$AI42) -> 6151407.1 | AB42: =+((((((($B$21*$E$21)+Q42)*D42/30)*P42)/11*L42))+(((((($B$21*$E$21)+Q42)*E42/30)*P42)/13*K42)))*(I42)*(1+$AI42) -> 6151407.1 | AC42: =+((((((($B$21*$E$21)+Q42)*D42/30)*P42)/11*L42))+(((((($B$21*$E$21)+Q42)*E42/30)*P42)/13*K42)))*(I42)*(1+$AI42) -> 6151407.1 | AD42: =+((((((($B$21*$E$21)+Q42)*D42/30)*M42)/11*L42))+(((((($B$21*$E$21)+Q42)*E42/30)*M42)/13*K42)))*(I42)*(1+$AI42) -> 6151407.1 | AF42: =SUM(S42:AD42) -> 72607407 | AG42: =IF(AD42=AC42,1,0) -> 1 | AH42: =IF(G42>=1,1,0) -> 1 | AI42: 0.08 | AL42: =AG42=AH42 -> TRUE | AN42: =S42*(1+1.9%) -> 6165634.7
B43: Parqueadero calle 12 | C43: Lunes a viernes Servicio 12 Horas 08.00 A 20.00 Sin Arma | D43: 0.5241 | E43: 0.4759 | F43: VIGILANTE | G43: 1 | I43: 1 | J43: 12 | K43: 11 | L43: 1 | M43: =IF(AND(G43=1,J43<24),20,IF(AND(G43=1,J43=24),30,12)) -> 20 | N43: =IF(AND(H43=1,J43<24),20,IF(AND(H43=1,J43=24),30,18)) -> 18 | O43: =IF(AND(G43=1,J43<24),20,IF(AND(G43=1,J43=24),30,15)) -> 20 | P43: =IF(M43=12,20,M43) -> 20 | Q43: 2000 | S43: =+((((((($B$21*$C$21)+Q43)*D43/30)*O43)/11*L43))+(((((($B$21*$C$21)+Q43)*E43/30)*O43)/13*K43)))*(I43)*(1+$AI43) -> 6202702.5 | T43: =+((((((($B$21*$C$21)+Q43)*D43/30)*P43)/11*L43))+(((((($B$21*$C$21)+Q43)*E43/30)*P43)/13*K43)))*(I43)*(1+$AI43) -> 6202702.5 | U43: =+((((((($B$21*$C$21)+Q43)*D43/30)*N43)/11*L43))+(((((($B$21*$C$21)+Q43)*E43/30)*N43)/13*K43)))*(I43)*(1+$AI43) -> 5582432.3 | V43: =+((((((($B$21*$C$21)+Q43)*D43/30)*P43)/11*L43))+(((((($B$21*$C$21)+Q43)*E43/30)*P43)/13*K43)))*(I43)*(1+$AI43) -> 6202702.5 | W43: =+((((((($B$21*$C$21)+Q43)*D43/30)*P43)/11*L43))+(((((($B$21*$C$21)+Q43)*E43/30)*P43)/13*K43)))*(I43)*(1+$AI43) -> 6202702.5 | X43: =+((((((($B$21*$C$21)+Q43)*D43/30)*P43)/11*L43))+(((((($B$21*$C$21)+Q43)*E43/30)*P43)/13*K43)))*(I43)*(1+$AI43) -> 6202702.5 | Y43: =+((((((($B$21*$E$21)+Q43)*D43/30)*P43)/11*L43))+(((((($B$21*$E$21)+Q43)*E43/30)*P43)/13*K43)))*(I43)*(1+$AI43) -> 6305968.8 | Z43: =+((((((($B$21*$E$21)+Q43)*D43/30)*P43)/11*L43))+(((((($B$21*$E$21)+Q43)*E43/30)*P43)/13*K43)))*(I43)*(1+$AI43) -> 6305968.8 | AA43: =+((((((($B$21*$E$21)+Q43)*D43/30)*P43)/11*L43))+(((((($B$21*$E$21)+Q43)*E43/30)*P43)/13*K43)))*(I43)*(1+$AI43) -> 6305968.8 | AB43: =+((((((($B$21*$E$21)+Q43)*D43/30)*P43)/11*L43))+(((((($B$21*$E$21)+Q43)*E43/30)*P43)/13*K43)))*(I43)*(1+$AI43) -> 6305968.8 | AC43: =+((((((($B$21*$E$21)+Q43)*D43/30)*P43)/11*L43))+(((((($B$21*$E$21)+Q43)*E43/30)*P43)/13*K43)))*(I43)*(1+$AI43) -> 6305968.8 | AD43: =+((((((($B$21*$E$21)+Q43)*D43/30)*M43)/11*L43))+(((((($B$21*$E$21)+Q43)*E43/30)*M43)/13*K43)))*(I43)*(1+$AI43) -> 6305968.8 | AF43: =SUM(S43:AD43) -> 74431758 | AG43: =IF(AD43=AC43,1,0) -> 1 | AH43: =IF(G43>=1,1,0) -> 1 | AI43: 0.08 | AL43: =AG43=AH43 -> TRUE | AN43: =S43*(1+1.9%) -> 6320553.9
B44: Acceso semisótano corte suprema de Justicia | C44: Lunes a viernes Servicio 12 Horas 07.00 A 19.00 Sin Arma | D44: 0.5241 | E44: 0.4759 | F44: VIGILANTE | I44: 1 | J44: 12 | K44: 12 | M44: =IF(AND(G44=1,J44<24),20,IF(AND(G44=1,J44=24),30,12)) -> 12 | N44: =IF(AND(H44=1,J44<24),20,IF(AND(H44=1,J44=24),30,18)) -> 18 | O44: =IF(AND(G44=1,J44<24),20,IF(AND(G44=1,J44=24),30,15)) -> 15 | P44: =IF(M44=12,20,M44) -> 20 | Q44: 2000 | S44: =+((((((($B$21*$C$21)+Q44)*D44/30)*O44)/11*L44))+(((((($B$21*$C$21)+Q44)*E44/30)*O44)/13*K44)))*(I44)*(1+$AI44) -> 4538003.9 | T44: =+((((((($B$21*$C$21)+Q44)*D44/30)*P44)/11*L44))+(((((($B$21*$C$21)+Q44)*E44/30)*P44)/13*K44)))*(I44)*(1+$AI44) -> 6050671.9 | U44: =+((((((($B$21*$C$21)+Q44)*D44/30)*N44)/11*L44))+(((((($B$21*$C$21)+Q44)*E44/30)*N44)/13*K44)))*(I44)*(1+$AI44) -> 5445604.7 | V44: =+((((((($B$21*$C$21)+Q44)*D44/30)*P44)/11*L44))+(((((($B$21*$C$21)+Q44)*E44/30)*P44)/13*K44)))*(I44)*(1+$AI44) -> 6050671.9 | W44: =+((((((($B$21*$C$21)+Q44)*D44/30)*P44)/11*L44))+(((((($B$21*$C$21)+Q44)*E44/30)*P44)/13*K44)))*(I44)*(1+$AI44) -> 6050671.9 | X44: =+((((((($B$21*$C$21)+Q44)*D44/30)*P44)/11*L44))+(((((($B$21*$C$21)+Q44)*E44/30)*P44)/13*K44)))*(I44)*(1+$AI44) -> 6050671.9 | Y44: =+((((((($B$21*$E$21)+Q44)*D44/30)*P44)/11*L44))+(((((($B$21*$E$21)+Q44)*E44/30)*P44)/13*K44)))*(I44)*(1+$AI44) -> 6151407.1 | Z44: =+((((((($B$21*$E$21)+Q44)*D44/30)*P44)/11*L44))+(((((($B$21*$E$21)+Q44)*E44/30)*P44)/13*K44)))*(I44)*(1+$AI44) -> 6151407.1 | AA44: =+((((((($B$21*$E$21)+Q44)*D44/30)*P44)/11*L44))+(((((($B$21*$E$21)+Q44)*E44/30)*P44)/13*K44)))*(I44)*(1+$AI44) -> 6151407.1 | AB44: =+((((((($B$21*$E$21)+Q44)*D44/30)*P44)/11*L44))+(((((($B$21*$E$21)+Q44)*E44/30)*P44)/13*K44)))*(I44)*(1+$AI44) -> 6151407.1 | AC44: =+((((((($B$21*$E$21)+Q44)*D44/30)*P44)/11*L44))+(((((($B$21*$E$21)+Q44)*E44/30)*P44)/13*K44)))*(I44)*(1+$AI44) -> 6151407.1 | AD44: =+((((((($B$21*$E$21)+Q44)*D44/30)*M44)/11*L44))+(((((($B$21*$E$21)+Q44)*E44/30)*M44)/13*K44)))*(I44)*(1+$AI44) -> 3690844.3 | AF44: =SUM(S44:AD44) -> 68634176 | AG44: =IF(AD44=AC44,1,0) -> 0 | AH44: =IF(G44>=1,1,0) -> 0 | AI44: 0.08 | AL44: =AG44=AH44 -> TRUE | AN44: =S44*(1+1.9%) -> 4624226
B45: Acceso semisótano corte constitucional | C45: Lunes a viernes Servicio 12 Horas 07.00 A 19.00 Sin Arma | D45: 0.5241 | E45: 0.4759 | F45: VIGILANTE | I45: 1 | J45: 12 | K45: 12 | M45: =IF(AND(G45=1,J45<24),20,IF(AND(G45=1,J45=24),30,12)) -> 12 | N45: =IF(AND(H45=1,J45<24),20,IF(AND(H45=1,J45=24),30,18)) -> 18 | O45: =IF(AND(G45=1,J45<24),20,IF(AND(G45=1,J45=24),30,15)) -> 15 | P45: =IF(M45=12,20,M45) -> 20 | Q45: 2000 | S45: =+((((((($B$21*$C$21)+Q45)*D45/30)*O45)/11*L45))+(((((($B$21*$C$21)+Q45)*E45/30)*O45)/13*K45)))*(I45)*(1+$AI45) -> 4538003.9 | T45: =+((((((($B$21*$C$21)+Q45)*D45/30)*P45)/11*L45))+(((((($B$21*$C$21)+Q45)*E45/30)*P45)/13*K45)))*(I45)*(1+$AI45) -> 6050671.9 | U45: =+((((((($B$21*$C$21)+Q45)*D45/30)*N45)/11*L45))+(((((($B$21*$C$21)+Q45)*E45/30)*N45)/13*K45)))*(I45)*(1+$AI45) -> 5445604.7 | V45: =+((((((($B$21*$C$21)+Q45)*D45/30)*P45)/11*L45))+(((((($B$21*$C$21)+Q45)*E45/30)*P45)/13*K45)))*(I45)*(1+$AI45) -> 6050671.9 | W45: =+((((((($B$21*$C$21)+Q45)*D45/30)*P45)/11*L45))+(((((($B$21*$C$21)+Q45)*E45/30)*P45)/13*K45)))*(I45)*(1+$AI45) -> 6050671.9 | X45: =+((((((($B$21*$C$21)+Q45)*D45/30)*P45)/11*L45))+(((((($B$21*$C$21)+Q45)*E45/30)*P45)/13*K45)))*(I45)*(1+$AI45) -> 6050671.9 | Y45: =+((((((($B$21*$E$21)+Q45)*D45/30)*P45)/11*L45))+(((((($B$21*$E$21)+Q45)*E45/30)*P45)/13*K45)))*(I45)*(1+$AI45) -> 6151407.1 | Z45: =+((((((($B$21*$E$21)+Q45)*D45/30)*P45)/11*L45))+(((((($B$21*$E$21)+Q45)*E45/30)*P45)/13*K45)))*(I45)*(1+$AI45) -> 6151407.1 | AA45: =+((((((($B$21*$E$21)+Q45)*D45/30)*P45)/11*L45))+(((((($B$21*$E$21)+Q45)*E45/30)*P45)/13*K45)))*(I45)*(1+$AI45) -> 6151407.1 | AB45: =+((((((($B$21*$E$21)+Q45)*D45/30)*P45)/11*L45))+(((((($B$21*$E$21)+Q45)*E45/30)*P45)/13*K45)))*(I45)*(1+$AI45) -> 6151407.1 | AC45: =+((((((($B$21*$E$21)+Q45)*D45/30)*P45)/11*L45))+(((((($B$21*$E$21)+Q45)*E45/30)*P45)/13*K45)))*(I45)*(1+$AI45) -> 6151407.1 | AD45: =+((((((($B$21*$E$21)+Q45)*D45/30)*M45)/11*L45))+(((((($B$21*$E$21)+Q45)*E45/30)*M45)/13*K45)))*(I45)*(1+$AI45) -> 3690844.3 | AF45: =SUM(S45:AD45) -> 68634176 | AG45: =IF(AD45=AC45,1,0) -> 0 | AH45: =IF(G45>=1,1,0) -> 0 | AI45: 0.08 | AL45: =AG45=AH45 -> TRUE | AN45: =S45*(1+1.9%) -> 4624226
B46: Acceso semisótano Consejo Superior de la Judicatura | C46: Lunes a viernes Servicio 12 Horas 07.00 A 19.00 Sin Arma | D46: 0.5241 | E46: 0.4759 | F46: VIGILANTE | G46: 1 | I46: 1 | J46: 12 | K46: 12 | M46: =IF(AND(G46=1,J46<24),20,IF(AND(G46=1,J46=24),30,12)) -> 20 | N46: =IF(AND(H46=1,J46<24),20,IF(AND(H46=1,J46=24),30,18)) -> 18 | O46: =IF(AND(G46=1,J46<24),20,IF(AND(G46=1,J46=24),30,15)) -> 20 | P46: =IF(M46=12,20,M46) -> 20 | Q46: 2000 | S46: =+((((((($B$21*$C$21)+Q46)*D46/30)*O46)/11*L46))+(((((($B$21*$C$21)+Q46)*E46/30)*O46)/13*K46)))*(I46)*(1+$AI46) -> 6050671.9 | T46: =+((((((($B$21*$C$21)+Q46)*D46/30)*P46)/11*L46))+(((((($B$21*$C$21)+Q46)*E46/30)*P46)/13*K46)))*(I46)*(1+$AI46) -> 6050671.9 | U46: =+((((((($B$21*$C$21)+Q46)*D46/30)*N46)/11*L46))+(((((($B$21*$C$21)+Q46)*E46/30)*N46)/13*K46)))*(I46)*(1+$AI46) -> 5445604.7 | V46: =+((((((($B$21*$C$21)+Q46)*D46/30)*P46)/11*L46))+(((((($B$21*$C$21)+Q46)*E46/30)*P46)/13*K46)))*(I46)*(1+$AI46) -> 6050671.9 | W46: =+((((((($B$21*$C$21)+Q46)*D46/30)*P46)/11*L46))+(((((($B$21*$C$21)+Q46)*E46/30)*P46)/13*K46)))*(I46)*(1+$AI46) -> 6050671.9 | X46: =+((((((($B$21*$C$21)+Q46)*D46/30)*P46)/11*L46))+(((((($B$21*$C$21)+Q46)*E46/30)*P46)/13*K46)))*(I46)*(1+$AI46) -> 6050671.9 | Y46: =+((((((($B$21*$E$21)+Q46)*D46/30)*P46)/11*L46))+(((((($B$21*$E$21)+Q46)*E46/30)*P46)/13*K46)))*(I46)*(1+$AI46) -> 6151407.1 | Z46: =+((((((($B$21*$E$21)+Q46)*D46/30)*P46)/11*L46))+(((((($B$21*$E$21)+Q46)*E46/30)*P46)/13*K46)))*(I46)*(1+$AI46) -> 6151407.1 | AA46: =+((((((($B$21*$E$21)+Q46)*D46/30)*P46)/11*L46))+(((((($B$21*$E$21)+Q46)*E46/30)*P46)/13*K46)))*(I46)*(1+$AI46) -> 6151407.1 | AB46: =+((((((($B$21*$E$21)+Q46)*D46/30)*P46)/11*L46))+(((((($B$21*$E$21)+Q46)*E46/30)*P46)/13*K46)))*(I46)*(1+$AI46) -> 6151407.1 | AC46: =+((((((($B$21*$E$21)+Q46)*D46/30)*P46)/11*L46))+(((((($B$21*$E$21)+Q46)*E46/30)*P46)/13*K46)))*(I46)*(1+$AI46) -> 6151407.1 | AD46: =+((((((($B$21*$E$21)+Q46)*D46/30)*M46)/11*L46))+(((((($B$21*$E$21)+Q46)*E46/30)*M46)/13*K46)))*(I46)*(1+$AI46) -> 6151407.1 | AF46: =SUM(S46:AD46) -> 72607407 | AG46: =IF(AD46=AC46,1,0) -> 1 | AH46: =IF(G46>=1,1,0) -> 1 | AI46: 0.08 | AL46: =AG46=AH46 -> TRUE | AN46: =S46*(1+1.9%) -> 6165634.7
B47: Acceso Semisótano Consejo de Estado | C47: Lunes a viernes Servicio 12 Horas 07.00 A 19.00 Sin Arma | D47: 0.5241 | E47: 0.4759 | F47: VIGILANTE | I47: 1 | J47: 12 | K47: 12 | M47: =IF(AND(G47=1,J47<24),20,IF(AND(G47=1,J47=24),30,12)) -> 12 | N47: =IF(AND(H47=1,J47<24),20,IF(AND(H47=1,J47=24),30,18)) -> 18 | O47: =IF(AND(G47=1,J47<24),20,IF(AND(G47=1,J47=24),30,15)) -> 15 | P47: =IF(M47=12,20,M47) -> 20 | Q47: 2000 | S47: =+((((((($B$21*$C$21)+Q47)*D47/30)*O47)/11*L47))+(((((($B$21*$C$21)+Q47)*E47/30)*O47)/13*K47)))*(I47)*(1+$AI47) -> 4538003.9 | T47: =+((((((($B$21*$C$21)+Q47)*D47/30)*P47)/11*L47))+(((((($B$21*$C$21)+Q47)*E47/30)*P47)/13*K47)))*(I47)*(1+$AI47) -> 6050671.9 | U47: =+((((((($B$21*$C$21)+Q47)*D47/30)*N47)/11*L47))+(((((($B$21*$C$21)+Q47)*E47/30)*N47)/13*K47)))*(I47)*(1+$AI47) -> 5445604.7 | V47: =+((((((($B$21*$C$21)+Q47)*D47/30)*P47)/11*L47))+(((((($B$21*$C$21)+Q47)*E47/30)*P47)/13*K47)))*(I47)*(1+$AI47) -> 6050671.9 | W47: =+((((((($B$21*$C$21)+Q47)*D47/30)*P47)/11*L47))+(((((($B$21*$C$21)+Q47)*E47/30)*P47)/13*K47)))*(I47)*(1+$AI47) -> 6050671.9 | X47: =+((((((($B$21*$C$21)+Q47)*D47/30)*P47)/11*L47))+(((((($B$21*$C$21)+Q47)*E47/30)*P47)/13*K47)))*(I47)*(1+$AI47) -> 6050671.9 | Y47: =+((((((($B$21*$E$21)+Q47)*D47/30)*P47)/11*L47))+(((((($B$21*$E$21)+Q47)*E47/30)*P47)/13*K47)))*(I47)*(1+$AI47) -> 6151407.1 | Z47: =+((((((($B$21*$E$21)+Q47)*D47/30)*P47)/11*L47))+(((((($B$21*$E$21)+Q47)*E47/30)*P47)/13*K47)))*(I47)*(1+$AI47) -> 6151407.1 | AA47: =+((((((($B$21*$E$21)+Q47)*D47/30)*P47)/11*L47))+(((((($B$21*$E$21)+Q47)*E47/30)*P47)/13*K47)))*(I47)*(1+$AI47) -> 6151407.1 | AB47: =+((((((($B$21*$E$21)+Q47)*D47/30)*P47)/11*L47))+(((((($B$21*$E$21)+Q47)*E47/30)*P47)/13*K47)))*(I47)*(1+$AI47) -> 6151407.1 | AC47: =+((((((($B$21*$E$21)+Q47)*D47/30)*P47)/11*L47))+(((((($B$21*$E$21)+Q47)*E47/30)*P47)/13*K47)))*(I47)*(1+$AI47) -> 6151407.1 | AD47: =+((((((($B$21*$E$21)+Q47)*D47/30)*M47)/11*L47))+(((((($B$21*$E$21)+Q47)*E47/30)*M47)/13*K47)))*(I47)*(1+$AI47) -> 3690844.3 | AF47: =SUM(S47:AD47) -> 68634176 | AG47: =IF(AD47=AC47,1,0) -> 0 | AH47: =IF(G47>=1,1,0) -> 0 | AI47: 0.08 | AL47: =AG47=AH47 -> TRUE | AN47: =S47*(1+1.9%) -> 4624226
B48: Recorredor Palacio de Justicia y apoyo obras | C48: Lunes a domingo Servicio 24 Horas Sin Arma | D48: 0.5241 | E48: 0.4759 | F48: VIGILANTE | G48: 1 | H48: 1 | I48: 1 | J48: 24 | K48: 13 | L48: 11 | M48: =IF(AND(G48=1,J48<24),20,IF(AND(G48=1,J48=24),30,12)) -> 30 | N48: =IF(AND(H48=1,J48<24),20,IF(AND(H48=1,J48=24),30,18)) -> 30 | O48: =IF(AND(G48=1,J48<24),20,IF(AND(G48=1,J48=24),30,15)) -> 30 | P48: =IF(M48=12,20,M48) -> 30 | Q48: 6000 | S48: =+((((((($B$21*$C$21)+Q48)*D48/30)*O48)/11*L48))+(((((($B$21*$C$21)+Q48)*E48/30)*O48)/13*K48)))*(I48)*(1+$AI48) -> 20664841 | T48: =+((((((($B$21*$C$21)+Q48)*D48/30)*P48)/11*L48))+(((((($B$21*$C$21)+Q48)*E48/30)*P48)/13*K48)))*(I48)*(1+$AI48) -> 20664841 | U48: =+((((((($B$21*$C$21)+Q48)*D48/30)*N48)/11*L48))+(((((($B$21*$C$21)+Q48)*E48/30)*N48)/13*K48)))*(I48)*(1+$AI48) -> 20664841 | V48: =+((((((($B$21*$C$21)+Q48)*D48/30)*P48)/11*L48))+(((((($B$21*$C$21)+Q48)*E48/30)*P48)/13*K48)))*(I48)*(1+$AI48) -> 20664841 | W48: =+((((((($B$21*$C$21)+Q48)*D48/30)*P48)/11*L48))+(((((($B$21*$C$21)+Q48)*E48/30)*P48)/13*K48)))*(I48)*(1+$AI48) -> 20664841 | X48: =+((((((($B$21*$C$21)+Q48)*D48/30)*P48)/11*L48))+(((((($B$21*$C$21)+Q48)*E48/30)*P48)/13*K48)))*(I48)*(1+$AI48) -> 20664841 | Y48: =+((((((($B$21*$E$21)+Q48)*D48/30)*P48)/11*L48))+(((((($B$21*$E$21)+Q48)*E48/30)*P48)/13*K48)))*(I48)*(1+$AI48) -> 21008810 | Z48: =+((((((($B$21*$E$21)+Q48)*D48/30)*P48)/11*L48))+(((((($B$21*$E$21)+Q48)*E48/30)*P48)/13*K48)))*(I48)*(1+$AI48) -> 21008810 | AA48: =+((((((($B$21*$E$21)+Q48)*D48/30)*P48)/11*L48))+(((((($B$21*$E$21)+Q48)*E48/30)*P48)/13*K48)))*(I48)*(1+$AI48) -> 21008810 | AB48: =+((((((($B$21*$E$21)+Q48)*D48/30)*P48)/11*L48))+(((((($B$21*$E$21)+Q48)*E48/30)*P48)/13*K48)))*(I48)*(1+$AI48) -> 21008810 | AC48: =+((((((($B$21*$E$21)+Q48)*D48/30)*P48)/11*L48))+(((((($B$21*$E$21)+Q48)*E48/30)*P48)/13*K48)))*(I48)*(1+$AI48) -> 21008810 | AD48: =+((((((($B$21*$E$21)+Q48)*D48/30)*M48)/11*L48))+(((((($B$21*$E$21)+Q48)*E48/30)*M48)/13*K48)))*(I48)*(1+$AI48) -> 21008810 | AF48: =SUM(S48:AD48) -> 2.500419e+08 | AG48: =IF(AD48=AC48,1,0) -> 1 | AH48: =IF(G48>=1,1,0) -> 1 | AI48: 0.08 | AL48: =AG48=AH48 -> TRUE | AN48: =S48*(1+1.9%) -> 21057473
A49: SEDE 2. ESCUELA JUDICIAL RODRIGO LARA BONILLA | B49: Control ingreso 2 piso | C49: Lunes a domingo Servicio 24 Horas Con Arma | D49: 0.5241 | E49: 0.4759 | F49: VIGILANTE | G49: 1 | H49: 1 | I49: 1 | J49: 24 | K49: 13 | L49: 11 | M49: =IF(AND(G49=1,J49<24),20,IF(AND(G49=1,J49=24),30,12)) -> 30 | N49: =IF(AND(H49=1,J49<24),20,IF(AND(H49=1,J49=24),30,18)) -> 30 | O49: =IF(AND(G49=1,J49<24),20,IF(AND(G49=1,J49=24),30,15)) -> 30 | P49: =IF(M49=12,20,M49) -> 30 | Q49: 6000 | S49: =+((((((($B$21*$C$21)+Q49)*D49/30)*O49)/11*L49))+(((((($B$21*$C$21)+Q49)*E49/30)*O49)/13*K49)))*(I49)*(1+$AI49) -> 21047523 | T49: =+((((((($B$21*$C$21)+Q49)*D49/30)*P49)/11*L49))+(((((($B$21*$C$21)+Q49)*E49/30)*P49)/13*K49)))*(I49)*(1+$AI49) -> 21047523 | U49: =+((((((($B$21*$C$21)+Q49)*D49/30)*N49)/11*L49))+(((((($B$21*$C$21)+Q49)*E49/30)*N49)/13*K49)))*(I49)*(1+$AI49) -> 21047523 | V49: =+((((((($B$21*$C$21)+Q49)*D49/30)*P49)/11*L49))+(((((($B$21*$C$21)+Q49)*E49/30)*P49)/13*K49)))*(I49)*(1+$AI49) -> 21047523 | W49: =+((((((($B$21*$C$21)+Q49)*D49/30)*P49)/11*L49))+(((((($B$21*$C$21)+Q49)*E49/30)*P49)/13*K49)))*(I49)*(1+$AI49) -> 21047523 | X49: =+((((((($B$21*$C$21)+Q49)*D49/30)*P49)/11*L49))+(((((($B$21*$C$21)+Q49)*E49/30)*P49)/13*K49)))*(I49)*(1+$AI49) -> 21047523 | Y49: =+((((((($B$21*$E$21)+Q49)*D49/30)*P49)/11*L49))+(((((($B$21*$E$21)+Q49)*E49/30)*P49)/13*K49)))*(I49)*(1+$AI49) -> 21397862 | Z49: =+((((((($B$21*$E$21)+Q49)*D49/30)*P49)/11*L49))+(((((($B$21*$E$21)+Q49)*E49/30)*P49)/13*K49)))*(I49)*(1+$AI49) -> 21397862 | AA49: =+((((((($B$21*$E$21)+Q49)*D49/30)*P49)/11*L49))+(((((($B$21*$E$21)+Q49)*E49/30)*P49)/13*K49)))*(I49)*(1+$AI49) -> 21397862 | AB49: =+((((((($B$21*$E$21)+Q49)*D49/30)*P49)/11*L49))+(((((($B$21*$E$21)+Q49)*E49/30)*P49)/13*K49)))*(I49)*(1+$AI49) -> 21397862 | AC49: =+((((((($B$21*$E$21)+Q49)*D49/30)*P49)/11*L49))+(((((($B$21*$E$21)+Q49)*E49/30)*P49)/13*K49)))*(I49)*(1+$AI49) -> 21397862 | AD49: =+((((((($B$21*$E$21)+Q49)*D49/30)*M49)/11*L49))+(((((($B$21*$E$21)+Q49)*E49/30)*M49)/13*K49)))*(I49)*(1+$AI49) -> 21397862 | AF49: =SUM(S49:AD49) -> 2.5467231e+08 | AG49: =IF(AD49=AC49,1,0) -> 1 | AH49: =IF(G49>=1,1,0) -> 1 | AI49: 0.1 | AL49: =AG49=AH49 -> TRUE | AN49: =S49*(1+1.9%) -> 21447426
B50: Control ingreso 4 piso | C50: Lunes a domingo Servicio 24 Horas Con Arma | D50: 0.5241 | E50: 0.4759 | F50: VIGILANTE | G50: 1 | H50: 1 | I50: 1 | J50: 24 | K50: 13 | L50: 11 | M50: =IF(AND(G50=1,J50<24),20,IF(AND(G50=1,J50=24),30,12)) -> 30 | N50: =IF(AND(H50=1,J50<24),20,IF(AND(H50=1,J50=24),30,18)) -> 30 | O50: =IF(AND(G50=1,J50<24),20,IF(AND(G50=1,J50=24),30,15)) -> 30 | P50: =IF(M50=12,20,M50) -> 30 | Q50: 6000 | S50: =+((((((($B$21*$C$21)+Q50)*D50/30)*O50)/11*L50))+(((((($B$21*$C$21)+Q50)*E50/30)*O50)/13*K50)))*(I50)*(1+$AI50) -> 21047523 | T50: =+((((((($B$21*$C$21)+Q50)*D50/30)*P50)/11*L50))+(((((($B$21*$C$21)+Q50)*E50/30)*P50)/13*K50)))*(I50)*(1+$AI50) -> 21047523 | U50: =+((((((($B$21*$C$21)+Q50)*D50/30)*N50)/11*L50))+(((((($B$21*$C$21)+Q50)*E50/30)*N50)/13*K50)))*(I50)*(1+$AI50) -> 21047523 | V50: =+((((((($B$21*$C$21)+Q50)*D50/30)*P50)/11*L50))+(((((($B$21*$C$21)+Q50)*E50/30)*P50)/13*K50)))*(I50)*(1+$AI50) -> 21047523 | W50: =+((((((($B$21*$C$21)+Q50)*D50/30)*P50)/11*L50))+(((((($B$21*$C$21)+Q50)*E50/30)*P50)/13*K50)))*(I50)*(1+$AI50) -> 21047523 | X50: =+((((((($B$21*$C$21)+Q50)*D50/30)*P50)/11*L50))+(((((($B$21*$C$21)+Q50)*E50/30)*P50)/13*K50)))*(I50)*(1+$AI50) -> 21047523 | Y50: =+((((((($B$21*$E$21)+Q50)*D50/30)*P50)/11*L50))+(((((($B$21*$E$21)+Q50)*E50/30)*P50)/13*K50)))*(I50)*(1+$AI50) -> 21397862 | Z50: =+((((((($B$21*$E$21)+Q50)*D50/30)*P50)/11*L50))+(((((($B$21*$E$21)+Q50)*E50/30)*P50)/13*K50)))*(I50)*(1+$AI50) -> 21397862 | AA50: =+((((((($B$21*$E$21)+Q50)*D50/30)*P50)/11*L50))+(((((($B$21*$E$21)+Q50)*E50/30)*P50)/13*K50)))*(I50)*(1+$AI50) -> 21397862 | AB50: =+((((((($B$21*$E$21)+Q50)*D50/30)*P50)/11*L50))+(((((($B$21*$E$21)+Q50)*E50/30)*P50)/13*K50)))*(I50)*(1+$AI50) -> 21397862 | AC50: =+((((((($B$21*$E$21)+Q50)*D50/30)*P50)/11*L50))+(((((($B$21*$E$21)+Q50)*E50/30)*P50)/13*K50)))*(I50)*(1+$AI50) -> 21397862 | AD50: =+((((((($B$21*$E$21)+Q50)*D50/30)*M50)/11*L50))+(((((($B$21*$E$21)+Q50)*E50/30)*M50)/13*K50)))*(I50)*(1+$AI50) -> 21397862 | AF50: =SUM(S50:AD50) -> 2.5467231e+08 | AG50: =IF(AD50=AC50,1,0) -> 1 | AH50: =IF(G50>=1,1,0) -> 1 | AI50: 0.1 | AL50: =AG50=AH50 -> TRUE | AN50: =S50*(1+1.9%) -> 21447426
A51: SEDE 3. EDIFICIO ANTIGUO BANCO POPULAR | B51: Recepción | C51: Lunes a domingo Servicio 24 Horas Con Arma | D51: 0.5241 | E51: 0.4759 | F51: VIGILANTE | G51: 1 | H51: 1 | I51: 1 | J51: 24 | K51: 13 | L51: 11 | M51: =IF(AND(G51=1,J51<24),20,IF(AND(G51=1,J51=24),30,12)) -> 30 | N51: =IF(AND(H51=1,J51<24),20,IF(AND(H51=1,J51=24),30,18)) -> 30 | O51: =IF(AND(G51=1,J51<24),20,IF(AND(G51=1,J51=24),30,15)) -> 30 | P51: =IF(M51=12,20,M51) -> 30 | Q51: 6000 | S51: =+((((((($B$21*$C$21)+Q51)*D51/30)*O51)/11*L51))+(((((($B$21*$C$21)+Q51)*E51/30)*O51)/13*K51)))*(I51)*(1+$AI51) -> 21047523 | T51: =+((((((($B$21*$C$21)+Q51)*D51/30)*P51)/11*L51))+(((((($B$21*$C$21)+Q51)*E51/30)*P51)/13*K51)))*(I51)*(1+$AI51) -> 21047523 | U51: =+((((((($B$21*$C$21)+Q51)*D51/30)*N51)/11*L51))+(((((($B$21*$C$21)+Q51)*E51/30)*N51)/13*K51)))*(I51)*(1+$AI51) -> 21047523 | V51: =+((((((($B$21*$C$21)+Q51)*D51/30)*P51)/11*L51))+(((((($B$21*$C$21)+Q51)*E51/30)*P51)/13*K51)))*(I51)*(1+$AI51) -> 21047523 | W51: =+((((((($B$21*$C$21)+Q51)*D51/30)*P51)/11*L51))+(((((($B$21*$C$21)+Q51)*E51/30)*P51)/13*K51)))*(I51)*(1+$AI51) -> 21047523 | X51: =+((((((($B$21*$C$21)+Q51)*D51/30)*P51)/11*L51))+(((((($B$21*$C$21)+Q51)*E51/30)*P51)/13*K51)))*(I51)*(1+$AI51) -> 21047523 | Y51: =+((((((($B$21*$E$21)+Q51)*D51/30)*P51)/11*L51))+(((((($B$21*$E$21)+Q51)*E51/30)*P51)/13*K51)))*(I51)*(1+$AI51) -> 21397862 | Z51: =+((((((($B$21*$E$21)+Q51)*D51/30)*P51)/11*L51))+(((((($B$21*$E$21)+Q51)*E51/30)*P51)/13*K51)))*(I51)*(1+$AI51) -> 21397862 | AA51: =+((((((($B$21*$E$21)+Q51)*D51/30)*P51)/11*L51))+(((((($B$21*$E$21)+Q51)*E51/30)*P51)/13*K51)))*(I51)*(1+$AI51) -> 21397862 | AB51: =+((((((($B$21*$E$21)+Q51)*D51/30)*P51)/11*L51))+(((((($B$21*$E$21)+Q51)*E51/30)*P51)/13*K51)))*(I51)*(1+$AI51) -> 21397862 | AC51: =+((((((($B$21*$E$21)+Q51)*D51/30)*P51)/11*L51))+(((((($B$21*$E$21)+Q51)*E51/30)*P51)/13*K51)))*(I51)*(1+$AI51) -> 21397862 | AD51: =+((((((($B$21*$E$21)+Q51)*D51/30)*M51)/11*L51))+(((((($B$21*$E$21)+Q51)*E51/30)*M51)/13*K51)))*(I51)*(1+$AI51) -> 21397862 | AF51: =SUM(S51:AD51) -> 2.5467231e+08 | AG51: =IF(AD51=AC51,1,0) -> 1 | AH51: =IF(G51>=1,1,0) -> 1 | AI51: 0.1 | AL51: =AG51=AH51 -> TRUE | AN51: =S51*(1+1.9%) -> 21447426
B52: Control de ingreso y revistas | C52: Lunes a viernes 12 H De 06.00 A 18.00 Horas Sin Arma | D52: 0.5241 | E52: 0.4759 | F52: VIGILANTE | I52: 1 | J52: 12 | K52: 12 | M52: =IF(AND(G52=1,J52<24),20,IF(AND(G52=1,J52=24),30,12)) -> 12 | N52: =IF(AND(H52=1,J52<24),20,IF(AND(H52=1,J52=24),30,18)) -> 18 | O52: =IF(AND(G52=1,J52<24),20,IF(AND(G52=1,J52=24),30,15)) -> 15 | P52: =IF(M52=12,20,M52) -> 20 | Q52: 2000 | S52: =+((((((($B$21*$C$21)+Q52)*D52/30)*O52)/11*L52))+(((((($B$21*$C$21)+Q52)*E52/30)*O52)/13*K52)))*(I52)*(1+$AI52) -> 4538003.9 | T52: =+((((((($B$21*$C$21)+Q52)*D52/30)*P52)/11*L52))+(((((($B$21*$C$21)+Q52)*E52/30)*P52)/13*K52)))*(I52)*(1+$AI52) -> 6050671.9 | U52: =+((((((($B$21*$C$21)+Q52)*D52/30)*N52)/11*L52))+(((((($B$21*$C$21)+Q52)*E52/30)*N52)/13*K52)))*(I52)*(1+$AI52) -> 5445604.7 | V52: =+((((((($B$21*$C$21)+Q52)*D52/30)*P52)/11*L52))+(((((($B$21*$C$21)+Q52)*E52/30)*P52)/13*K52)))*(I52)*(1+$AI52) -> 6050671.9 | W52: =+((((((($B$21*$C$21)+Q52)*D52/30)*P52)/11*L52))+(((((($B$21*$C$21)+Q52)*E52/30)*P52)/13*K52)))*(I52)*(1+$AI52) -> 6050671.9 | X52: =+((((((($B$21*$C$21)+Q52)*D52/30)*P52)/11*L52))+(((((($B$21*$C$21)+Q52)*E52/30)*P52)/13*K52)))*(I52)*(1+$AI52) -> 6050671.9 | Y52: =+((((((($B$21*$E$21)+Q52)*D52/30)*P52)/11*L52))+(((((($B$21*$E$21)+Q52)*E52/30)*P52)/13*K52)))*(I52)*(1+$AI52) -> 6151407.1 | Z52: =+((((((($B$21*$E$21)+Q52)*D52/30)*P52)/11*L52))+(((((($B$21*$E$21)+Q52)*E52/30)*P52)/13*K52)))*(I52)*(1+$AI52) -> 6151407.1 | AA52: =+((((((($B$21*$E$21)+Q52)*D52/30)*P52)/11*L52))+(((((($B$21*$E$21)+Q52)*E52/30)*P52)/13*K52)))*(I52)*(1+$AI52) -> 6151407.1 | AB52: =+((((((($B$21*$E$21)+Q52)*D52/30)*P52)/11*L52))+(((((($B$21*$E$21)+Q52)*E52/30)*P52)/13*K52)))*(I52)*(1+$AI52) -> 6151407.1 | AC52: =+((((((($B$21*$E$21)+Q52)*D52/30)*P52)/11*L52))+(((((($B$21*$E$21)+Q52)*E52/30)*P52)/13*K52)))*(I52)*(1+$AI52) -> 6151407.1 | AD52: =+((((((($B$21*$E$21)+Q52)*D52/30)*M52)/11*L52))+(((((($B$21*$E$21)+Q52)*E52/30)*M52)/13*K52)))*(I52)*(1+$AI52) -> 3690844.3 | AF52: =SUM(S52:AD52) -> 68634176 | AG52: =IF(AD52=AC52,1,0) -> 0 | AH52: =IF(G52>=1,1,0) -> 0 | AI52: 0.08 | AL52: =AG52=AH52 -> TRUE | AN52: =S52*(1+1.9%) -> 4624226
A53: SEDE 4. SEDE ANEXA | B53: Control Ingreso personal y paquetes | C53: Lunes a domingo Servicio 24 H Con Arma | D53: 0.5241 | E53: 0.4759 | F53: VIGILANTE | G53: 1 | H53: 1 | I53: 1 | J53: 24 | K53: 13 | L53: 11 | M53: =IF(AND(G53=1,J53<24),20,IF(AND(G53=1,J53=24),30,12)) -> 30 | N53: =IF(AND(H53=1,J53<24),20,IF(AND(H53=1,J53=24),30,18)) -> 30 | O53: =IF(AND(G53=1,J53<24),20,IF(AND(G53=1,J53=24),30,15)) -> 30 | P53: =IF(M53=12,20,M53) -> 30 | Q53: 6000 | S53: =+((((((($B$21*$C$21)+Q53)*D53/30)*O53)/11*L53))+(((((($B$21*$C$21)+Q53)*E53/30)*O53)/13*K53)))*(I53)*(1+$AI53) -> 21047523 | T53: =+((((((($B$21*$C$21)+Q53)*D53/30)*P53)/11*L53))+(((((($B$21*$C$21)+Q53)*E53/30)*P53)/13*K53)))*(I53)*(1+$AI53) -> 21047523 | U53: =+((((((($B$21*$C$21)+Q53)*D53/30)*N53)/11*L53))+(((((($B$21*$C$21)+Q53)*E53/30)*N53)/13*K53)))*(I53)*(1+$AI53) -> 21047523 | V53: =+((((((($B$21*$C$21)+Q53)*D53/30)*P53)/11*L53))+(((((($B$21*$C$21)+Q53)*E53/30)*P53)/13*K53)))*(I53)*(1+$AI53) -> 21047523 | W53: =+((((((($B$21*$C$21)+Q53)*D53/30)*P53)/11*L53))+(((((($B$21*$C$21)+Q53)*E53/30)*P53)/13*K53)))*(I53)*(1+$AI53) -> 21047523 | X53: =+((((((($B$21*$C$21)+Q53)*D53/30)*P53)/11*L53))+(((((($B$21*$C$21)+Q53)*E53/30)*P53)/13*K53)))*(I53)*(1+$AI53) -> 21047523 | Y53: =+((((((($B$21*$E$21)+Q53)*D53/30)*P53)/11*L53))+(((((($B$21*$E$21)+Q53)*E53/30)*P53)/13*K53)))*(I53)*(1+$AI53) -> 21397862 | Z53: =+((((((($B$21*$E$21)+Q53)*D53/30)*P53)/11*L53))+(((((($B$21*$E$21)+Q53)*E53/30)*P53)/13*K53)))*(I53)*(1+$AI53) -> 21397862 | AA53: =+((((((($B$21*$E$21)+Q53)*D53/30)*P53)/11*L53))+(((((($B$21*$E$21)+Q53)*E53/30)*P53)/13*K53)))*(I53)*(1+$AI53) -> 21397862 | AB53: =+((((((($B$21*$E$21)+Q53)*D53/30)*P53)/11*L53))+(((((($B$21*$E$21)+Q53)*E53/30)*P53)/13*K53)))*(I53)*(1+$AI53) -> 21397862 | AC53: =+((((((($B$21*$E$21)+Q53)*D53/30)*P53)/11*L53))+(((((($B$21*$E$21)+Q53)*E53/30)*P53)/13*K53)))*(I53)*(1+$AI53) -> 21397862 | AD53: =+((((((($B$21*$E$21)+Q53)*D53/30)*M53)/11*L53))+(((((($B$21*$E$21)+Q53)*E53/30)*M53)/13*K53)))*(I53)*(1+$AI53) -> 21397862 | AF53: =SUM(S53:AD53) -> 2.5467231e+08 | AG53: =IF(AD53=AC53,1,0) -> 1 | AH53: =IF(G53>=1,1,0) -> 1 | AI53: 0.1 | AL53: =AG53=AH53 -> TRUE | AN53: =S53*(1+1.9%) -> 21447426
B54: Control de ingreso funcionarios | C54: Lunes a viernes Servicio 12 Horas 07.00 A 19.00 Sin Arma | D54: 0.5241 | E54: 0.4759 | F54: VIGILANTE | I54: 1 | J54: 12 | K54: 12 | M54: =IF(AND(G54=1,J54<24),20,IF(AND(G54=1,J54=24),30,12)) -> 12 | N54: =IF(AND(H54=1,J54<24),20,IF(AND(H54=1,J54=24),30,18)) -> 18 | O54: =IF(AND(G54=1,J54<24),20,IF(AND(G54=1,J54=24),30,15)) -> 15 | P54: =IF(M54=12,20,M54) -> 20 | Q54: 6000 | S54: =+((((((($B$21*$C$21)+Q54)*D54/30)*O54)/11*L54))+(((((($B$21*$C$21)+Q54)*E54/30)*O54)/13*K54)))*(I54)*(1+$AI54) -> 4538952.8 | T54: =+((((((($B$21*$C$21)+Q54)*D54/30)*P54)/11*L54))+(((((($B$21*$C$21)+Q54)*E54/30)*P54)/13*K54)))*(I54)*(1+$AI54) -> 6051937.1 | U54: =+((((((($B$21*$C$21)+Q54)*D54/30)*N54)/11*L54))+(((((($B$21*$C$21)+Q54)*E54/30)*N54)/13*K54)))*(I54)*(1+$AI54) -> 5446743.4 | V54: =+((((((($B$21*$C$21)+Q54)*D54/30)*P54)/11*L54))+(((((($B$21*$C$21)+Q54)*E54/30)*P54)/13*K54)))*(I54)*(1+$AI54) -> 6051937.1 | W54: =+((((((($B$21*$C$21)+Q54)*D54/30)*P54)/11*L54))+(((((($B$21*$C$21)+Q54)*E54/30)*P54)/13*K54)))*(I54)*(1+$AI54) -> 6051937.1 | X54: =+((((((($B$21*$C$21)+Q54)*D54/30)*P54)/11*L54))+(((((($B$21*$C$21)+Q54)*E54/30)*P54)/13*K54)))*(I54)*(1+$AI54) -> 6051937.1 | Y54: =+((((((($B$21*$E$21)+Q54)*D54/30)*P54)/11*L54))+(((((($B$21*$E$21)+Q54)*E54/30)*P54)/13*K54)))*(I54)*(1+$AI54) -> 6152672.3 | Z54: =+((((((($B$21*$E$21)+Q54)*D54/30)*P54)/11*L54))+(((((($B$21*$E$21)+Q54)*E54/30)*P54)/13*K54)))*(I54)*(1+$AI54) -> 6152672.3 | AA54: =+((((((($B$21*$E$21)+Q54)*D54/30)*P54)/11*L54))+(((((($B$21*$E$21)+Q54)*E54/30)*P54)/13*K54)))*(I54)*(1+$AI54) -> 6152672.3 | AB54: =+((((((($B$21*$E$21)+Q54)*D54/30)*P54)/11*L54))+(((((($B$21*$E$21)+Q54)*E54/30)*P54)/13*K54)))*(I54)*(1+$AI54) -> 6152672.3 | AC54: =+((((((($B$21*$E$21)+Q54)*D54/30)*P54)/11*L54))+(((((($B$21*$E$21)+Q54)*E54/30)*P54)/13*K54)))*(I54)*(1+$AI54) -> 6152672.3 | AD54: =+((((((($B$21*$E$21)+Q54)*D54/30)*M54)/11*L54))+(((((($B$21*$E$21)+Q54)*E54/30)*M54)/13*K54)))*(I54)*(1+$AI54) -> 3691603.4 | AF54: =SUM(S54:AD54) -> 68648409 | AG54: =IF(AD54=AC54,1,0) -> 0 | AH54: =IF(G54>=1,1,0) -> 0 | AI54: 0.08 | AL54: =AG54=AH54 -> TRUE | AN54: =S54*(1+1.9%) -> 4625192.9
A55: SEDE 5. EDIFICIO DINERS | B55: Entrada principal y recorrido | C55: Lunes a domingo Servicio 24 Horas Con Arma | D55: 0.5241 | E55: 0.4759 | F55: VIGILANTE | G55: 1 | H55: 1 | I55: 1 | J55: 24 | K55: 13 | L55: 11 | M55: =IF(AND(G55=1,J55<24),20,IF(AND(G55=1,J55=24),30,12)) -> 30 | N55: =IF(AND(H55=1,J55<24),20,IF(AND(H55=1,J55=24),30,18)) -> 30 | O55: =IF(AND(G55=1,J55<24),20,IF(AND(G55=1,J55=24),30,15)) -> 30 | P55: =IF(M55=12,20,M55) -> 30 | Q55: 6000 | S55: =+((((((($B$21*$C$21)+Q55)*D55/30)*O55)/11*L55))+(((((($B$21*$C$21)+Q55)*E55/30)*O55)/13*K55)))*(I55)*(1+$AI55) -> 21047523 | T55: =+((((((($B$21*$C$21)+Q55)*D55/30)*P55)/11*L55))+(((((($B$21*$C$21)+Q55)*E55/30)*P55)/13*K55)))*(I55)*(1+$AI55) -> 21047523 | U55: =+((((((($B$21*$C$21)+Q55)*D55/30)*N55)/11*L55))+(((((($B$21*$C$21)+Q55)*E55/30)*N55)/13*K55)))*(I55)*(1+$AI55) -> 21047523 | V55: =+((((((($B$21*$C$21)+Q55)*D55/30)*P55)/11*L55))+(((((($B$21*$C$21)+Q55)*E55/30)*P55)/13*K55)))*(I55)*(1+$AI55) -> 21047523 | W55: =+((((((($B$21*$C$21)+Q55)*D55/30)*P55)/11*L55))+(((((($B$21*$C$21)+Q55)*E55/30)*P55)/13*K55)))*(I55)*(1+$AI55) -> 21047523 | X55: =+((((((($B$21*$C$21)+Q55)*D55/30)*P55)/11*L55))+(((((($B$21*$C$21)+Q55)*E55/30)*P55)/13*K55)))*(I55)*(1+$AI55) -> 21047523 | Y55: =+((((((($B$21*$E$21)+Q55)*D55/30)*P55)/11*L55))+(((((($B$21*$E$21)+Q55)*E55/30)*P55)/13*K55)))*(I55)*(1+$AI55) -> 21397862 | Z55: =+((((((($B$21*$E$21)+Q55)*D55/30)*P55)/11*L55))+(((((($B$21*$E$21)+Q55)*E55/30)*P55)/13*K55)))*(I55)*(1+$AI55) -> 21397862 | AA55: =+((((((($B$21*$E$21)+Q55)*D55/30)*P55)/11*L55))+(((((($B$21*$E$21)+Q55)*E55/30)*P55)/13*K55)))*(I55)*(1+$AI55) -> 21397862 | AB55: =+((((((($B$21*$E$21)+Q55)*D55/30)*P55)/11*L55))+(((((($B$21*$E$21)+Q55)*E55/30)*P55)/13*K55)))*(I55)*(1+$AI55) -> 21397862 | AC55: =+((((((($B$21*$E$21)+Q55)*D55/30)*P55)/11*L55))+(((((($B$21*$E$21)+Q55)*E55/30)*P55)/13*K55)))*(I55)*(1+$AI55) -> 21397862 | AD55: =+((((((($B$21*$E$21)+Q55)*D55/30)*M55)/11*L55))+(((((($B$21*$E$21)+Q55)*E55/30)*M55)/13*K55)))*(I55)*(1+$AI55) -> 21397862 | AF55: =SUM(S55:AD55) -> 2.5467231e+08 | AG55: =IF(AD55=AC55,1,0) -> 1 | AH55: =IF(G55>=1,1,0) -> 1 | AI55: 0.1 | AL55: =AG55=AH55 -> TRUE | AN55: =S55*(1+1.9%) -> 21447426
A56: SEDE 6. ALMACÉN GENERAL E INVENTARIOS | B56: Control ingreso 1 piso | C56: Lunes a domingo Servicio 24H Con Arma | D56: 0.5241 | E56: 0.4759 | F56: VIGILANTE | G56: 1 | I56: 1 | J56: 24 | K56: 13 | L56: 11 | M56: =IF(AND(G56=1,J56<24),20,IF(AND(G56=1,J56=24),30,12)) -> 30 | N56: 23 | O56: =IF(AND(G56=1,J56<24),20,IF(AND(G56=1,J56=24),30,15)) -> 30 | P56: =IF(M56=12,20,M56) -> 30 | Q56: 6000 | S56: =+((((((($B$21*$C$21)+Q56)*D56/30)*O56)/11*L56))+(((((($B$21*$C$21)+Q56)*E56/30)*O56)/13*K56)))*(I56)*(1+$AI56) -> 21047523 | T56: =+((((((($B$21*$C$21)+Q56)*D56/30)*P56)/11*L56))+(((((($B$21*$C$21)+Q56)*E56/30)*P56)/13*K56)))*(I56)*(1+$AI56) -> 21047523 | U56: =+((((((($B$21*$C$21)+Q56)*D56/30)*N56)/11*L56))+(((((($B$21*$C$21)+Q56)*E56/30)*N56)/13*K56)))*(I56)*(1+$AI56) -> 16136434 | V56: =+((((((($B$21*$C$21)+Q56)*D56/30)*P56)/11*L56))+(((((($B$21*$C$21)+Q56)*E56/30)*P56)/13*K56)))*(I56)*(1+$AI56) -> 21047523 | W56: =+((((((($B$21*$C$21)+Q56)*D56/30)*P56)/11*L56))+(((((($B$21*$C$21)+Q56)*E56/30)*P56)/13*K56)))*(I56)*(1+$AI56) -> 21047523 | X56: =+((((((($B$21*$C$21)+Q56)*D56/30)*P56)/11*L56))+(((((($B$21*$C$21)+Q56)*E56/30)*P56)/13*K56)))*(I56)*(1+$AI56) -> 21047523 | Y56: =+((((((($B$21*$E$21)+Q56)*D56/30)*P56)/11*L56))+(((((($B$21*$E$21)+Q56)*E56/30)*P56)/13*K56)))*(I56)*(1+$AI56) -> 21397862 | Z56: =+((((((($B$21*$E$21)+Q56)*D56/30)*P56)/11*L56))+(((((($B$21*$E$21)+Q56)*E56/30)*P56)/13*K56)))*(I56)*(1+$AI56) -> 21397862 | AA56: =+((((((($B$21*$E$21)+Q56)*D56/30)*P56)/11*L56))+(((((($B$21*$E$21)+Q56)*E56/30)*P56)/13*K56)))*(I56)*(1+$AI56) -> 21397862 | AB56: =+((((((($B$21*$E$21)+Q56)*D56/30)*P56)/11*L56))+(((((($B$21*$E$21)+Q56)*E56/30)*P56)/13*K56)))*(I56)*(1+$AI56) -> 21397862 | AC56: =+((((((($B$21*$E$21)+Q56)*D56/30)*P56)/11*L56))+(((((($B$21*$E$21)+Q56)*E56/30)*P56)/13*K56)))*(I56)*(1+$AI56) -> 21397862 | AD56: =+((((((($B$21*$E$21)+Q56)*D56/30)*M56)/11*L56))+(((((($B$21*$E$21)+Q56)*E56/30)*M56)/13*K56)))*(I56)*(1+$AI56) -> 21397862 | AF56: =SUM(S56:AD56) -> 2.4976122e+08 | AG56: =IF(AD56=AC56,1,0) -> 1 | AH56: =IF(G56>=1,1,0) -> 1 | AI56: 0.1 | AL56: =AG56=AH56 -> TRUE | AN56: =S56*(1+1.9%) -> 21447426
B57: Control ingreso parqueadero y recorrido | C57: Lunes a domingo Servicio 24H Con Arma | D57: 0.5241 | E57: 0.4759 | F57: VIGILANTE | G57: 1 | H57: 1 | I57: 1 | J57: 24 | K57: 13 | L57: 11 | M57: =IF(AND(G57=1,J57<24),20,IF(AND(G57=1,J57=24),30,12)) -> 30 | N57: =IF(AND(H57=1,J57<24),20,IF(AND(H57=1,J57=24),30,18)) -> 30 | O57: =IF(AND(G57=1,J57<24),20,IF(AND(G57=1,J57=24),30,15)) -> 30 | P57: =IF(M57=12,20,M57) -> 30 | Q57: 6000 | S57: =+((((((($B$21*$C$21)+Q57)*D57/30)*O57)/11*L57))+(((((($B$21*$C$21)+Q57)*E57/30)*O57)/13*K57)))*(I57)*(1+$AI57) -> 21047523 | T57: =+((((((($B$21*$C$21)+Q57)*D57/30)*P57)/11*L57))+(((((($B$21*$C$21)+Q57)*E57/30)*P57)/13*K57)))*(I57)*(1+$AI57) -> 21047523 | U57: =+((((((($B$21*$C$21)+Q57)*D57/30)*N57)/11*L57))+(((((($B$21*$C$21)+Q57)*E57/30)*N57)/13*K57)))*(I57)*(1+$AI57) -> 21047523 | V57: =+((((((($B$21*$C$21)+Q57)*D57/30)*P57)/11*L57))+(((((($B$21*$C$21)+Q57)*E57/30)*P57)/13*K57)))*(I57)*(1+$AI57) -> 21047523 | W57: =+((((((($B$21*$C$21)+Q57)*D57/30)*P57)/11*L57))+(((((($B$21*$C$21)+Q57)*E57/30)*P57)/13*K57)))*(I57)*(1+$AI57) -> 21047523 | X57: =+((((((($B$21*$C$21)+Q57)*D57/30)*P57)/11*L57))+(((((($B$21*$C$21)+Q57)*E57/30)*P57)/13*K57)))*(I57)*(1+$AI57) -> 21047523 | Y57: =+((((((($B$21*$E$21)+Q57)*D57/30)*P57)/11*L57))+(((((($B$21*$E$21)+Q57)*E57/30)*P57)/13*K57)))*(I57)*(1+$AI57) -> 21397862 | Z57: =+((((((($B$21*$E$21)+Q57)*D57/30)*P57)/11*L57))+(((((($B$21*$E$21)+Q57)*E57/30)*P57)/13*K57)))*(I57)*(1+$AI57) -> 21397862 | AA57: =+((((((($B$21*$E$21)+Q57)*D57/30)*P57)/11*L57))+(((((($B$21*$E$21)+Q57)*E57/30)*P57)/13*K57)))*(I57)*(1+$AI57) -> 21397862 | AB57: =+((((((($B$21*$E$21)+Q57)*D57/30)*P57)/11*L57))+(((((($B$21*$E$21)+Q57)*E57/30)*P57)/13*K57)))*(I57)*(1+$AI57) -> 21397862 | AC57: =+((((((($B$21*$E$21)+Q57)*D57/30)*P57)/11*L57))+(((((($B$21*$E$21)+Q57)*E57/30)*P57)/13*K57)))*(I57)*(1+$AI57) -> 21397862 | AD57: =+((((((($B$21*$E$21)+Q57)*D57/30)*M57)/11*L57))+(((((($B$21*$E$21)+Q57)*E57/30)*M57)/13*K57)))*(I57)*(1+$AI57) -> 21397862 | AF57: =SUM(S57:AD57) -> 2.5467231e+08 | AG57: =IF(AD57=AC57,1,0) -> 1 | AH57: =IF(G57>=1,1,0) -> 1 | AI57: 0.1 | AL57: =AG57=AH57 -> TRUE | AN57: =S57*(1+1.9%) -> 21447426
A58: SEDE 7. EDIFICIO BANCO DE CRÉDITO | B58: Parqueadero VIP portería Cra. 6 | C58: Lunes a domingo Servicio 24 Horas Con Arma | D58: 0.5241 | E58: 0.4759 | F58: VIGILANTE | G58: 1 | H58: 1 | I58: 1 | J58: 24 | K58: 13 | L58: 11 | M58: =IF(AND(G58=1,J58<24),20,IF(AND(G58=1,J58=24),30,12)) -> 30 | N58: =IF(AND(H58=1,J58<24),20,IF(AND(H58=1,J58=24),30,18)) -> 30 | O58: =IF(AND(G58=1,J58<24),20,IF(AND(G58=1,J58=24),30,15)) -> 30 | P58: =IF(M58=12,20,M58) -> 30 | Q58: 6000 | S58: =+((((((($B$21*$C$21)+Q58)*D58/30)*O58)/11*L58))+(((((($B$21*$C$21)+Q58)*E58/30)*O58)/13*K58)))*(I58)*(1+$AI58) -> 21047523 | T58: =+((((((($B$21*$C$21)+Q58)*D58/30)*P58)/11*L58))+(((((($B$21*$C$21)+Q58)*E58/30)*P58)/13*K58)))*(I58)*(1+$AI58) -> 21047523 | U58: =+((((((($B$21*$C$21)+Q58)*D58/30)*N58)/11*L58))+(((((($B$21*$C$21)+Q58)*E58/30)*N58)/13*K58)))*(I58)*(1+$AI58) -> 21047523 | V58: =+((((((($B$21*$C$21)+Q58)*D58/30)*P58)/11*L58))+(((((($B$21*$C$21)+Q58)*E58/30)*P58)/13*K58)))*(I58)*(1+$AI58) -> 21047523 | W58: =+((((((($B$21*$C$21)+Q58)*D58/30)*P58)/11*L58))+(((((($B$21*$C$21)+Q58)*E58/30)*P58)/13*K58)))*(I58)*(1+$AI58) -> 21047523 | X58: =+((((((($B$21*$C$21)+Q58)*D58/30)*P58)/11*L58))+(((((($B$21*$C$21)+Q58)*E58/30)*P58)/13*K58)))*(I58)*(1+$AI58) -> 21047523 | Y58: =+((((((($B$21*$E$21)+Q58)*D58/30)*P58)/11*L58))+(((((($B$21*$E$21)+Q58)*E58/30)*P58)/13*K58)))*(I58)*(1+$AI58) -> 21397862 | Z58: =+((((((($B$21*$E$21)+Q58)*D58/30)*P58)/11*L58))+(((((($B$21*$E$21)+Q58)*E58/30)*P58)/13*K58)))*(I58)*(1+$AI58) -> 21397862 | AA58: =+((((((($B$21*$E$21)+Q58)*D58/30)*P58)/11*L58))+(((((($B$21*$E$21)+Q58)*E58/30)*P58)/13*K58)))*(I58)*(1+$AI58) -> 21397862 | AB58: =+((((((($B$21*$E$21)+Q58)*D58/30)*P58)/11*L58))+(((((($B$21*$E$21)+Q58)*E58/30)*P58)/13*K58)))*(I58)*(1+$AI58) -> 21397862 | AC58: =+((((((($B$21*$E$21)+Q58)*D58/30)*P58)/11*L58))+(((((($B$21*$E$21)+Q58)*E58/30)*P58)/13*K58)))*(I58)*(1+$AI58) -> 21397862 | AD58: =+((((((($B$21*$E$21)+Q58)*D58/30)*M58)/11*L58))+(((((($B$21*$E$21)+Q58)*E58/30)*M58)/13*K58)))*(I58)*(1+$AI58) -> 21397862 | AF58: =SUM(S58:AD58) -> 2.5467231e+08 | AG58: =IF(AD58=AC58,1,0) -> 1 | AH58: =IF(G58>=1,1,0) -> 1 | AI58: 0.1 | AL58: =AG58=AH58 -> TRUE | AN58: =S58*(1+1.9%) -> 21447426
B59: Parqueadero por la Cra. 7 | C59: Lunes a domingo Servicio 24 Horas Con Arma | D59: 0.5241 | E59: 0.4759 | F59: VIGILANTE | G59: 1 | H59: 1 | I59: 1 | J59: 24 | K59: 13 | L59: 11 | M59: =IF(AND(G59=1,J59<24),20,IF(AND(G59=1,J59=24),30,12)) -> 30 | N59: =IF(AND(H59=1,J59<24),20,IF(AND(H59=1,J59=24),30,18)) -> 30 | O59: =IF(AND(G59=1,J59<24),20,IF(AND(G59=1,J59=24),30,15)) -> 30 | P59: =IF(M59=12,20,M59) -> 30 | Q59: 6000 | S59: =+((((((($B$21*$C$21)+Q59)*D59/30)*O59)/11*L59))+(((((($B$21*$C$21)+Q59)*E59/30)*O59)/13*K59)))*(I59)*(1+$AI59) -> 21047523 | T59: =+((((((($B$21*$C$21)+Q59)*D59/30)*P59)/11*L59))+(((((($B$21*$C$21)+Q59)*E59/30)*P59)/13*K59)))*(I59)*(1+$AI59) -> 21047523 | U59: =+((((((($B$21*$C$21)+Q59)*D59/30)*N59)/11*L59))+(((((($B$21*$C$21)+Q59)*E59/30)*N59)/13*K59)))*(I59)*(1+$AI59) -> 21047523 | V59: =+((((((($B$21*$C$21)+Q59)*D59/30)*P59)/11*L59))+(((((($B$21*$C$21)+Q59)*E59/30)*P59)/13*K59)))*(I59)*(1+$AI59) -> 21047523 | W59: =+((((((($B$21*$C$21)+Q59)*D59/30)*P59)/11*L59))+(((((($B$21*$C$21)+Q59)*E59/30)*P59)/13*K59)))*(I59)*(1+$AI59) -> 21047523 | X59: =+((((((($B$21*$C$21)+Q59)*D59/30)*P59)/11*L59))+(((((($B$21*$C$21)+Q59)*E59/30)*P59)/13*K59)))*(I59)*(1+$AI59) -> 21047523 | Y59: =+((((((($B$21*$E$21)+Q59)*D59/30)*P59)/11*L59))+(((((($B$21*$E$21)+Q59)*E59/30)*P59)/13*K59)))*(I59)*(1+$AI59) -> 21397862 | Z59: =+((((((($B$21*$E$21)+Q59)*D59/30)*P59)/11*L59))+(((((($B$21*$E$21)+Q59)*E59/30)*P59)/13*K59)))*(I59)*(1+$AI59) -> 21397862 | AA59: =+((((((($B$21*$E$21)+Q59)*D59/30)*P59)/11*L59))+(((((($B$21*$E$21)+Q59)*E59/30)*P59)/13*K59)))*(I59)*(1+$AI59) -> 21397862 | AB59: =+((((((($B$21*$E$21)+Q59)*D59/30)*P59)/11*L59))+(((((($B$21*$E$21)+Q59)*E59/30)*P59)/13*K59)))*(I59)*(1+$AI59) -> 21397862 | AC59: =+((((((($B$21*$E$21)+Q59)*D59/30)*P59)/11*L59))+(((((($B$21*$E$21)+Q59)*E59/30)*P59)/13*K59)))*(I59)*(1+$AI59) -> 21397862 | AD59: =+((((((($B$21*$E$21)+Q59)*D59/30)*M59)/11*L59))+(((((($B$21*$E$21)+Q59)*E59/30)*M59)/13*K59)))*(I59)*(1+$AI59) -> 21397862 | AF59: =SUM(S59:AD59) -> 2.5467231e+08 | AG59: =IF(AD59=AC59,1,0) -> 1 | AH59: =IF(G59>=1,1,0) -> 1 | AI59: 0.1 | AL59: =AG59=AH59 -> TRUE | AN59: =S59*(1+1.9%) -> 21447426
B60: Control de medios tecnológicos y recorrido | C60: Lunes a domingo Servicio 24 Horas | D60: 0.5241 | E60: 0.4759 | F60: OPERADOR DE MEDIOS | G60: 1 | H60: 1 | I60: 1 | J60: 24 | K60: 13 | L60: 11 | M60: =IF(AND(G60=1,J60<24),20,IF(AND(G60=1,J60=24),30,12)) -> 30 | N60: =IF(AND(H60=1,J60<24),20,IF(AND(H60=1,J60=24),30,18)) -> 30 | O60: =IF(AND(G60=1,J60<24),20,IF(AND(G60=1,J60=24),30,15)) -> 30 | P60: =IF(M60=12,20,M60) -> 30 | Q60: 6000 | S60: =+((((((($B$21*$C$21)+Q60)*D60/30)*O60)/11*L60))+(((((($B$21*$C$21)+Q60)*E60/30)*O60)/13*K60)))*(I60)*(1+$AI60) -> 20664841 | T60: =+((((((($B$21*$C$21)+Q60)*D60/30)*P60)/11*L60))+(((((($B$21*$C$21)+Q60)*E60/30)*P60)/13*K60)))*(I60)*(1+$AI60) -> 20664841 | U60: =+((((((($B$21*$C$21)+Q60)*D60/30)*N60)/11*L60))+(((((($B$21*$C$21)+Q60)*E60/30)*N60)/13*K60)))*(I60)*(1+$AI60) -> 20664841 | V60: =+((((((($B$21*$C$21)+Q60)*D60/30)*P60)/11*L60))+(((((($B$21*$C$21)+Q60)*E60/30)*P60)/13*K60)))*(I60)*(1+$AI60) -> 20664841 | W60: =+((((((($B$21*$C$21)+Q60)*D60/30)*P60)/11*L60))+(((((($B$21*$C$21)+Q60)*E60/30)*P60)/13*K60)))*(I60)*(1+$AI60) -> 20664841 | X60: =+((((((($B$21*$C$21)+Q60)*D60/30)*P60)/11*L60))+(((((($B$21*$C$21)+Q60)*E60/30)*P60)/13*K60)))*(I60)*(1+$AI60) -> 20664841 | Y60: =+((((((($B$21*$E$21)+Q60)*D60/30)*P60)/11*L60))+(((((($B$21*$E$21)+Q60)*E60/30)*P60)/13*K60)))*(I60)*(1+$AI60) -> 21008810 | Z60: =+((((((($B$21*$E$21)+Q60)*D60/30)*P60)/11*L60))+(((((($B$21*$E$21)+Q60)*E60/30)*P60)/13*K60)))*(I60)*(1+$AI60) -> 21008810 | AA60: =+((((((($B$21*$E$21)+Q60)*D60/30)*P60)/11*L60))+(((((($B$21*$E$21)+Q60)*E60/30)*P60)/13*K60)))*(I60)*(1+$AI60) -> 21008810 | AB60: =+((((((($B$21*$E$21)+Q60)*D60/30)*P60)/11*L60))+(((((($B$21*$E$21)+Q60)*E60/30)*P60)/13*K60)))*(I60)*(1+$AI60) -> 21008810 | AC60: =+((((((($B$21*$E$21)+Q60)*D60/30)*P60)/11*L60))+(((((($B$21*$E$21)+Q60)*E60/30)*P60)/13*K60)))*(I60)*(1+$AI60) -> 21008810 | AD60: =+((((((($B$21*$E$21)+Q60)*D60/30)*M60)/11*L60))+(((((($B$21*$E$21)+Q60)*E60/30)*M60)/13*K60)))*(I60)*(1+$AI60) -> 21008810 | AF60: =SUM(S60:AD60) -> 2.500419e+08 | AG60: =IF(AD60=AC60,1,0) -> 1 | AH60: =IF(G60>=1,1,0) -> 1 | AI60: 0.08 | AL60: =AG60=AH60 -> TRUE | AN60: =S60*(1+1.9%) -> 21057473
B61: Escáner | C61: Lunes a domingo Servicio 24 Horas Con Arma | D61: 0.5241 | E61: 0.4759 | F61: VIGILANTE | G61: 1 | H61: 1 | I61: 1 | J61: 24 | K61: 13 | L61: 11 | M61: =IF(AND(G61=1,J61<24),20,IF(AND(G61=1,J61=24),30,12)) -> 30 | N61: =IF(AND(H61=1,J61<24),20,IF(AND(H61=1,J61=24),30,18)) -> 30 | O61: =IF(AND(G61=1,J61<24),20,IF(AND(G61=1,J61=24),30,15)) -> 30 | P61: =IF(M61=12,20,M61) -> 30 | Q61: 6000 | S61: =+((((((($B$21*$C$21)+Q61)*D61/30)*O61)/11*L61))+(((((($B$21*$C$21)+Q61)*E61/30)*O61)/13*K61)))*(I61)*(1+$AI61) -> 21047523 | T61: =+((((((($B$21*$C$21)+Q61)*D61/30)*P61)/11*L61))+(((((($B$21*$C$21)+Q61)*E61/30)*P61)/13*K61)))*(I61)*(1+$AI61) -> 21047523 | U61: =+((((((($B$21*$C$21)+Q61)*D61/30)*N61)/11*L61))+(((((($B$21*$C$21)+Q61)*E61/30)*N61)/13*K61)))*(I61)*(1+$AI61) -> 21047523 | V61: =+((((((($B$21*$C$21)+Q61)*D61/30)*P61)/11*L61))+(((((($B$21*$C$21)+Q61)*E61/30)*P61)/13*K61)))*(I61)*(1+$AI61) -> 21047523 | W61: =+((((((($B$21*$C$21)+Q61)*D61/30)*P61)/11*L61))+(((((($B$21*$C$21)+Q61)*E61/30)*P61)/13*K61)))*(I61)*(1+$AI61) -> 21047523 | X61: =+((((((($B$21*$C$21)+Q61)*D61/30)*P61)/11*L61))+(((((($B$21*$C$21)+Q61)*E61/30)*P61)/13*K61)))*(I61)*(1+$AI61) -> 21047523 | Y61: =+((((((($B$21*$E$21)+Q61)*D61/30)*P61)/11*L61))+(((((($B$21*$E$21)+Q61)*E61/30)*P61)/13*K61)))*(I61)*(1+$AI61) -> 21397862 | Z61: =+((((((($B$21*$E$21)+Q61)*D61/30)*P61)/11*L61))+(((((($B$21*$E$21)+Q61)*E61/30)*P61)/13*K61)))*(I61)*(1+$AI61) -> 21397862 | AA61: =+((((((($B$21*$E$21)+Q61)*D61/30)*P61)/11*L61))+(((((($B$21*$E$21)+Q61)*E61/30)*P61)/13*K61)))*(I61)*(1+$AI61) -> 21397862 | AB61: =+((((((($B$21*$E$21)+Q61)*D61/30)*P61)/11*L61))+(((((($B$21*$E$21)+Q61)*E61/30)*P61)/13*K61)))*(I61)*(1+$AI61) -> 21397862 | AC61: =+((((((($B$21*$E$21)+Q61)*D61/30)*P61)/11*L61))+(((((($B$21*$E$21)+Q61)*E61/30)*P61)/13*K61)))*(I61)*(1+$AI61) -> 21397862 | AD61: =+((((((($B$21*$E$21)+Q61)*D61/30)*M61)/11*L61))+(((((($B$21*$E$21)+Q61)*E61/30)*M61)/13*K61)))*(I61)*(1+$AI61) -> 21397862 | AF61: =SUM(S61:AD61) -> 2.5467231e+08 | AG61: =IF(AD61=AC61,1,0) -> 1 | AH61: =IF(G61>=1,1,0) -> 1 | AI61: 0.1 | AL61: =AG61=AH61 -> TRUE | AN61: =S61*(1+1.9%) -> 21447426
B62: Portería Cra. 7 (entrada principal) | C62: 24 H Fines De Semana Y Festivos | D62: 0.5241 | E62: 0.4759 | F62: VIGILANTE | G62: 1 | H62: 1 | I62: 1 | J62: 24 | K62: 13 | L62: 11 | M62: 10 | N62: 10 | O62: 10 | P62: =IF(M62=12,20,M62) -> 10 | Q62: 6000 | S62: =+((((((($B$21*$C$21)+Q62)*D62/30)*O62)/11*L62))+(((((($B$21*$C$21)+Q62)*E62/30)*O62)/13*K62)))*(I62)*(1+$AI62) -> 7015841 | T62: =+((((((($B$21*$C$21)+Q62)*D62/30)*P62)/11*L62))+(((((($B$21*$C$21)+Q62)*E62/30)*P62)/13*K62)))*(I62)*(1+$AI62) -> 7015841 | U62: =+((((((($B$21*$C$21)+Q62)*D62/30)*N62)/11*L62))+(((((($B$21*$C$21)+Q62)*E62/30)*N62)/13*K62)))*(I62)*(1+$AI62) -> 7015841 | V62: =+((((((($B$21*$C$21)+Q62)*D62/30)*P62)/11*L62))+(((((($B$21*$C$21)+Q62)*E62/30)*P62)/13*K62)))*(I62)*(1+$AI62) -> 7015841 | W62: =+((((((($B$21*$C$21)+Q62)*D62/30)*P62)/11*L62))+(((((($B$21*$C$21)+Q62)*E62/30)*P62)/13*K62)))*(I62)*(1+$AI62) -> 7015841 | X62: =+((((((($B$21*$C$21)+Q62)*D62/30)*P62)/11*L62))+(((((($B$21*$C$21)+Q62)*E62/30)*P62)/13*K62)))*(I62)*(1+$AI62) -> 7015841 | Y62: =+((((((($B$21*$E$21)+Q62)*D62/30)*P62)/11*L62))+(((((($B$21*$E$21)+Q62)*E62/30)*P62)/13*K62)))*(I62)*(1+$AI62) -> 7132620.5 | Z62: =+((((((($B$21*$E$21)+Q62)*D62/30)*P62)/11*L62))+(((((($B$21*$E$21)+Q62)*E62/30)*P62)/13*K62)))*(I62)*(1+$AI62) -> 7132620.5 | AA62: =+((((((($B$21*$E$21)+Q62)*D62/30)*P62)/11*L62))+(((((($B$21*$E$21)+Q62)*E62/30)*P62)/13*K62)))*(I62)*(1+$AI62) -> 7132620.5 | AB62: =+((((((($B$21*$E$21)+Q62)*D62/30)*P62)/11*L62))+(((((($B$21*$E$21)+Q62)*E62/30)*P62)/13*K62)))*(I62)*(1+$AI62) -> 7132620.5 | AC62: =+((((((($B$21*$E$21)+Q62)*D62/30)*P62)/11*L62))+(((((($B$21*$E$21)+Q62)*E62/30)*P62)/13*K62)))*(I62)*(1+$AI62) -> 7132620.5 | AD62: =+((((((($B$21*$E$21)+Q62)*D62/30)*M62)/11*L62))+(((((($B$21*$E$21)+Q62)*E62/30)*M62)/13*K62)))*(I62)*(1+$AI62) -> 7132620.5 | AF62: =SUM(S62:AD62) -> 84890769 | AG62: =IF(AD62=AC62,1,0) -> 1 | AH62: =IF(G62>=1,1,0) -> 1 | AI62: 0.1 | AL62: =AG62=AH62 -> TRUE | AN62: =S62*(1+1.9%) -> 7149142
B63: Portería Cra. 7 (entrada principal) | C63: Lunes a viernes Servicio 12 H Con Arma Lunes a viernes Nocturno | D63: 0.5241 | E63: 0.4759 | F63: VIGILANTE | G63: 1 | H63: 1 | I63: 1 | J63: 12 | K63: 1 | L63: 11 | M63: =IF(AND(G63=1,J63<24),20,IF(AND(G63=1,J63=24),30,12)) -> 20 | N63: =IF(AND(H63=1,J63<24),20,IF(AND(H63=1,J63=24),30,18)) -> 20 | O63: =IF(AND(G63=1,J63<24),20,IF(AND(G63=1,J63=24),30,15)) -> 20 | P63: =IF(M63=12,20,M63) -> 20 | Q63: 2000 | S63: =+((((((($B$21*$C$21)+Q63)*D63/30)*O63)/11*L63))+(((((($B$21*$C$21)+Q63)*E63/30)*O63)/13*K63)))*(I63)*(1+$AI63) -> 7866027.3 | T63: =+((((((($B$21*$C$21)+Q63)*D63/30)*P63)/11*L63))+(((((($B$21*$C$21)+Q63)*E63/30)*P63)/13*K63)))*(I63)*(1+$AI63) -> 7866027.3 | U63: =+((((((($B$21*$C$21)+Q63)*D63/30)*N63)/11*L63))+(((((($B$21*$C$21)+Q63)*E63/30)*N63)/13*K63)))*(I63)*(1+$AI63) -> 7866027.3 | V63: =+((((((($B$21*$C$21)+Q63)*D63/30)*P63)/11*L63))+(((((($B$21*$C$21)+Q63)*E63/30)*P63)/13*K63)))*(I63)*(1+$AI63) -> 7866027.3 | W63: =+((((((($B$21*$C$21)+Q63)*D63/30)*P63)/11*L63))+(((((($B$21*$C$21)+Q63)*E63/30)*P63)/13*K63)))*(I63)*(1+$AI63) -> 7866027.3 | X63: =+((((((($B$21*$C$21)+Q63)*D63/30)*P63)/11*L63))+(((((($B$21*$C$21)+Q63)*E63/30)*P63)/13*K63)))*(I63)*(1+$AI63) -> 7866027.3 | Y63: =+((((((($B$21*$E$21)+Q63)*D63/30)*P63)/11*L63))+(((((($B$21*$E$21)+Q63)*E63/30)*P63)/13*K63)))*(I63)*(1+$AI63) -> 7996985.7 | Z63: =+((((((($B$21*$E$21)+Q63)*D63/30)*P63)/11*L63))+(((((($B$21*$E$21)+Q63)*E63/30)*P63)/13*K63)))*(I63)*(1+$AI63) -> 7996985.7 | AA63: =+((((((($B$21*$E$21)+Q63)*D63/30)*P63)/11*L63))+(((((($B$21*$E$21)+Q63)*E63/30)*P63)/13*K63)))*(I63)*(1+$AI63) -> 7996985.7 | AB63: =+((((((($B$21*$E$21)+Q63)*D63/30)*P63)/11*L63))+(((((($B$21*$E$21)+Q63)*E63/30)*P63)/13*K63)))*(I63)*(1+$AI63) -> 7996985.7 | AC63: =+((((((($B$21*$E$21)+Q63)*D63/30)*P63)/11*L63))+(((((($B$21*$E$21)+Q63)*E63/30)*P63)/13*K63)))*(I63)*(1+$AI63) -> 7996985.7 | AD63: =+((((((($B$21*$E$21)+Q63)*D63/30)*M63)/11*L63))+(((((($B$21*$E$21)+Q63)*E63/30)*M63)/13*K63)))*(I63)*(1+$AI63) -> 7996985.7 | AF63: =SUM(S63:AD63) -> 95178078 | AG63: =IF(AD63=AC63,1,0) -> 1 | AH63: =IF(G63>=1,1,0) -> 1 | AI63: 0.1 | AL63: =AG63=AH63 -> TRUE | AN63: =S63*(1+1.9%) -> 8015481.8
B64: Puerta correspondencia | C64: Lunes a viernes Servicio 9 Horas 08.00 A 17.00 Horas Sin Arma | D64: 0.5241 | E64: 0.4759 | F64: VIGILANTE | G64: 1 | I64: 1 | J64: 9 | K64: 9 | M64: =IF(AND(G64=1,J64<24),20,IF(AND(G64=1,J64=24),30,12)) -> 20 | N64: =IF(AND(H64=1,J64<24),20,IF(AND(H64=1,J64=24),30,18)) -> 18 | O64: =IF(AND(G64=1,J64<24),20,IF(AND(G64=1,J64=24),30,15)) -> 20 | P64: =IF(M64=12,20,M64) -> 20 | Q64: 2000 | S64: =+((((((($B$21*$C$21)+Q64)*D64/30)*O64)/11*L64))+(((((($B$21*$C$21)+Q64)*E64/30)*O64)/13*K64)))*(I64)*(1+$AI64) -> 4538003.9 | T64: =+((((((($B$21*$C$21)+Q64)*D64/30)*P64)/11*L64))+(((((($B$21*$C$21)+Q64)*E64/30)*P64)/13*K64)))*(I64)*(1+$AI64) -> 4538003.9 | U64: =+((((((($B$21*$C$21)+Q64)*D64/30)*N64)/11*L64))+(((((($B$21*$C$21)+Q64)*E64/30)*N64)/13*K64)))*(I64)*(1+$AI64) -> 4084203.5 | V64: =+((((((($B$21*$C$21)+Q64)*D64/30)*P64)/11*L64))+(((((($B$21*$C$21)+Q64)*E64/30)*P64)/13*K64)))*(I64)*(1+$AI64) -> 4538003.9 | W64: =+((((((($B$21*$C$21)+Q64)*D64/30)*P64)/11*L64))+(((((($B$21*$C$21)+Q64)*E64/30)*P64)/13*K64)))*(I64)*(1+$AI64) -> 4538003.9 | X64: =+((((((($B$21*$C$21)+Q64)*D64/30)*P64)/11*L64))+(((((($B$21*$C$21)+Q64)*E64/30)*P64)/13*K64)))*(I64)*(1+$AI64) -> 4538003.9 | Y64: =+((((((($B$21*$E$21)+Q64)*D64/30)*P64)/11*L64))+(((((($B$21*$E$21)+Q64)*E64/30)*P64)/13*K64)))*(I64)*(1+$AI64) -> 4613555.4 | Z64: =+((((((($B$21*$E$21)+Q64)*D64/30)*P64)/11*L64))+(((((($B$21*$E$21)+Q64)*E64/30)*P64)/13*K64)))*(I64)*(1+$AI64) -> 4613555.4 | AA64: =+((((((($B$21*$E$21)+Q64)*D64/30)*P64)/11*L64))+(((((($B$21*$E$21)+Q64)*E64/30)*P64)/13*K64)))*(I64)*(1+$AI64) -> 4613555.4 | AB64: =+((((((($B$21*$E$21)+Q64)*D64/30)*P64)/11*L64))+(((((($B$21*$E$21)+Q64)*E64/30)*P64)/13*K64)))*(I64)*(1+$AI64) -> 4613555.4 | AC64: =+((((((($B$21*$E$21)+Q64)*D64/30)*P64)/11*L64))+(((((($B$21*$E$21)+Q64)*E64/30)*P64)/13*K64)))*(I64)*(1+$AI64) -> 4613555.4 | AD64: =+((((((($B$21*$E$21)+Q64)*D64/30)*M64)/11*L64))+(((((($B$21*$E$21)+Q64)*E64/30)*M64)/13*K64)))*(I64)*(1+$AI64) -> 4613555.4 | AF64: =SUM(S64:AD64) -> 54455555 | AG64: =IF(AD64=AC64,1,0) -> 1 | AH64: =IF(G64>=1,1,0) -> 1 | AI64: 0.08 | AL64: =AG64=AH64 -> TRUE | AN64: =S64*(1+1.9%) -> 4624226
B65: Despacho | C65: Lunes a viernes Servicio 9 Horas de 08:00 H A 17:00 H Sin Festivos | D65: 0.5241 | E65: 0.4759 | F65: VIGILANTE | G65: 1 | I65: 1 | J65: 9 | K65: 9 | M65: =IF(AND(G65=1,J65<24),20,IF(AND(G65=1,J65=24),30,12)) -> 20 | N65: =IF(AND(H65=1,J65<24),20,IF(AND(H65=1,J65=24),30,18)) -> 18 | O65: =IF(AND(G65=1,J65<24),20,IF(AND(G65=1,J65=24),30,15)) -> 20 | P65: =IF(M65=12,20,M65) -> 20 | Q65: 2000 | S65: =+((((((($B$21*$C$21)+Q65)*D65/30)*O65)/11*L65))+(((((($B$21*$C$21)+Q65)*E65/30)*O65)/13*K65)))*(I65)*(1+$AI65) -> 4538003.9 | T65: =+((((((($B$21*$C$21)+Q65)*D65/30)*P65)/11*L65))+(((((($B$21*$C$21)+Q65)*E65/30)*P65)/13*K65)))*(I65)*(1+$AI65) -> 4538003.9 | U65: =+((((((($B$21*$C$21)+Q65)*D65/30)*N65)/11*L65))+(((((($B$21*$C$21)+Q65)*E65/30)*N65)/13*K65)))*(I65)*(1+$AI65) -> 4084203.5 | V65: =+((((((($B$21*$C$21)+Q65)*D65/30)*P65)/11*L65))+(((((($B$21*$C$21)+Q65)*E65/30)*P65)/13*K65)))*(I65)*(1+$AI65) -> 4538003.9 | W65: =+((((((($B$21*$C$21)+Q65)*D65/30)*P65)/11*L65))+(((((($B$21*$C$21)+Q65)*E65/30)*P65)/13*K65)))*(I65)*(1+$AI65) -> 4538003.9 | X65: =+((((((($B$21*$C$21)+Q65)*D65/30)*P65)/11*L65))+(((((($B$21*$C$21)+Q65)*E65/30)*P65)/13*K65)))*(I65)*(1+$AI65) -> 4538003.9 | Y65: =+((((((($B$21*$E$21)+Q65)*D65/30)*P65)/11*L65))+(((((($B$21*$E$21)+Q65)*E65/30)*P65)/13*K65)))*(I65)*(1+$AI65) -> 4613555.4 | Z65: =+((((((($B$21*$E$21)+Q65)*D65/30)*P65)/11*L65))+(((((($B$21*$E$21)+Q65)*E65/30)*P65)/13*K65)))*(I65)*(1+$AI65) -> 4613555.4 | AA65: =+((((((($B$21*$E$21)+Q65)*D65/30)*P65)/11*L65))+(((((($B$21*$E$21)+Q65)*E65/30)*P65)/13*K65)))*(I65)*(1+$AI65) -> 4613555.4 | AB65: =+((((((($B$21*$E$21)+Q65)*D65/30)*P65)/11*L65))+(((((($B$21*$E$21)+Q65)*E65/30)*P65)/13*K65)))*(I65)*(1+$AI65) -> 4613555.4 | AC65: =+((((((($B$21*$E$21)+Q65)*D65/30)*P65)/11*L65))+(((((($B$21*$E$21)+Q65)*E65/30)*P65)/13*K65)))*(I65)*(1+$AI65) -> 4613555.4 | AD65: =+((((((($B$21*$E$21)+Q65)*D65/30)*M65)/11*L65))+(((((($B$21*$E$21)+Q65)*E65/30)*M65)/13*K65)))*(I65)*(1+$AI65) -> 4613555.4 | AF65: =SUM(S65:AD65) -> 54455555 | AG65: =IF(AD65=AC65,1,0) -> 1 | AH65: =IF(G65>=1,1,0) -> 1 | AI65: 0.08 | AL65: =AG65=AH65 -> TRUE | AN65: =S65*(1+1.9%) -> 4624226
B66: Puerta principal despacho judiciales | C66: Lunes a viernes Servicio 9 Horas 08.00 A 17.00 Horas Sin Arma | D66: 0.5241 | E66: 0.4759 | F66: VIGILANTE | G66: 1 | I66: 1 | J66: 9 | K66: 9 | M66: =IF(AND(G66=1,J66<24),20,IF(AND(G66=1,J66=24),30,12)) -> 20 | N66: =IF(AND(H66=1,J66<24),20,IF(AND(H66=1,J66=24),30,18)) -> 18 | O66: =IF(AND(G66=1,J66<24),20,IF(AND(G66=1,J66=24),30,15)) -> 20 | P66: =IF(M66=12,20,M66) -> 20 | Q66: 2000 | S66: =+((((((($B$21*$C$21)+Q66)*D66/30)*O66)/11*L66))+(((((($B$21*$C$21)+Q66)*E66/30)*O66)/13*K66)))*(I66)*(1+$AI66) -> 4538003.9 | T66: =+((((((($B$21*$C$21)+Q66)*D66/30)*P66)/11*L66))+(((((($B$21*$C$21)+Q66)*E66/30)*P66)/13*K66)))*(I66)*(1+$AI66) -> 4538003.9 | U66: =+((((((($B$21*$C$21)+Q66)*D66/30)*N66)/11*L66))+(((((($B$21*$C$21)+Q66)*E66/30)*N66)/13*K66)))*(I66)*(1+$AI66) -> 4084203.5 | V66: =+((((((($B$21*$C$21)+Q66)*D66/30)*P66)/11*L66))+(((((($B$21*$C$21)+Q66)*E66/30)*P66)/13*K66)))*(I66)*(1+$AI66) -> 4538003.9 | W66: =+((((((($B$21*$C$21)+Q66)*D66/30)*P66)/11*L66))+(((((($B$21*$C$21)+Q66)*E66/30)*P66)/13*K66)))*(I66)*(1+$AI66) -> 4538003.9 | X66: =+((((((($B$21*$C$21)+Q66)*D66/30)*P66)/11*L66))+(((((($B$21*$C$21)+Q66)*E66/30)*P66)/13*K66)))*(I66)*(1+$AI66) -> 4538003.9 | Y66: =+((((((($B$21*$E$21)+Q66)*D66/30)*P66)/11*L66))+(((((($B$21*$E$21)+Q66)*E66/30)*P66)/13*K66)))*(I66)*(1+$AI66) -> 4613555.4 | Z66: =+((((((($B$21*$E$21)+Q66)*D66/30)*P66)/11*L66))+(((((($B$21*$E$21)+Q66)*E66/30)*P66)/13*K66)))*(I66)*(1+$AI66) -> 4613555.4 | AA66: =+((((((($B$21*$E$21)+Q66)*D66/30)*P66)/11*L66))+(((((($B$21*$E$21)+Q66)*E66/30)*P66)/13*K66)))*(I66)*(1+$AI66) -> 4613555.4 | AB66: =+((((((($B$21*$E$21)+Q66)*D66/30)*P66)/11*L66))+(((((($B$21*$E$21)+Q66)*E66/30)*P66)/13*K66)))*(I66)*(1+$AI66) -> 4613555.4 | AC66: =+((((((($B$21*$E$21)+Q66)*D66/30)*P66)/11*L66))+(((((($B$21*$E$21)+Q66)*E66/30)*P66)/13*K66)))*(I66)*(1+$AI66) -> 4613555.4 | AD66: =+((((((($B$21*$E$21)+Q66)*D66/30)*M66)/11*L66))+(((((($B$21*$E$21)+Q66)*E66/30)*M66)/13*K66)))*(I66)*(1+$AI66) -> 4613555.4 | AF66: =SUM(S66:AD66) -> 54455555 | AG66: =IF(AD66=AC66,1,0) -> 1 | AH66: =IF(G66>=1,1,0) -> 1 | AI66: 0.08 | AL66: =AG66=AH66 -> TRUE | AN66: =S66*(1+1.9%) -> 4624226
B67: Recepción | C67: Lunes a viernes 12 H De 06.00 A 18.00 Horas Sin Arma | D67: 0.5241 | E67: 0.4759 | F67: VIGILANTE | G67: 1 | I67: 1 | J67: 12 | K67: 12 | M67: =IF(AND(G67=1,J67<24),20,IF(AND(G67=1,J67=24),30,12)) -> 20 | N67: =IF(AND(H67=1,J67<24),20,IF(AND(H67=1,J67=24),30,18)) -> 18 | O67: =IF(AND(G67=1,J67<24),20,IF(AND(G67=1,J67=24),30,15)) -> 20 | P67: =IF(M67=12,20,M67) -> 20 | Q67: 2000 | S67: =+((((((($B$21*$C$21)+Q67)*D67/30)*O67)/11*L67))+(((((($B$21*$C$21)+Q67)*E67/30)*O67)/13*K67)))*(I67)*(1+$AI67) -> 6050671.9 | T67: =+((((((($B$21*$C$21)+Q67)*D67/30)*P67)/11*L67))+(((((($B$21*$C$21)+Q67)*E67/30)*P67)/13*K67)))*(I67)*(1+$AI67) -> 6050671.9 | U67: =+((((((($B$21*$C$21)+Q67)*D67/30)*N67)/11*L67))+(((((($B$21*$C$21)+Q67)*E67/30)*N67)/13*K67)))*(I67)*(1+$AI67) -> 5445604.7 | V67: =+((((((($B$21*$C$21)+Q67)*D67/30)*P67)/11*L67))+(((((($B$21*$C$21)+Q67)*E67/30)*P67)/13*K67)))*(I67)*(1+$AI67) -> 6050671.9 | W67: =+((((((($B$21*$C$21)+Q67)*D67/30)*P67)/11*L67))+(((((($B$21*$C$21)+Q67)*E67/30)*P67)/13*K67)))*(I67)*(1+$AI67) -> 6050671.9 | X67: =+((((((($B$21*$C$21)+Q67)*D67/30)*P67)/11*L67))+(((((($B$21*$C$21)+Q67)*E67/30)*P67)/13*K67)))*(I67)*(1+$AI67) -> 6050671.9 | Y67: =+((((((($B$21*$E$21)+Q67)*D67/30)*P67)/11*L67))+(((((($B$21*$E$21)+Q67)*E67/30)*P67)/13*K67)))*(I67)*(1+$AI67) -> 6151407.1 | Z67: =+((((((($B$21*$E$21)+Q67)*D67/30)*P67)/11*L67))+(((((($B$21*$E$21)+Q67)*E67/30)*P67)/13*K67)))*(I67)*(1+$AI67) -> 6151407.1 | AA67: =+((((((($B$21*$E$21)+Q67)*D67/30)*P67)/11*L67))+(((((($B$21*$E$21)+Q67)*E67/30)*P67)/13*K67)))*(I67)*(1+$AI67) -> 6151407.1 | AB67: =+((((((($B$21*$E$21)+Q67)*D67/30)*P67)/11*L67))+(((((($B$21*$E$21)+Q67)*E67/30)*P67)/13*K67)))*(I67)*(1+$AI67) -> 6151407.1 | AC67: =+((((((($B$21*$E$21)+Q67)*D67/30)*P67)/11*L67))+(((((($B$21*$E$21)+Q67)*E67/30)*P67)/13*K67)))*(I67)*(1+$AI67) -> 6151407.1 | AD67: =+((((((($B$21*$E$21)+Q67)*D67/30)*M67)/11*L67))+(((((($B$21*$E$21)+Q67)*E67/30)*M67)/13*K67)))*(I67)*(1+$AI67) -> 6151407.1 | AF67: =SUM(S67:AD67) -> 72607407 | AG67: =IF(AD67=AC67,1,0) -> 1 | AH67: =IF(G67>=1,1,0) -> 1 | AI67: 0.08 | AL67: =AG67=AH67 -> TRUE | AN67: =S67*(1+1.9%) -> 6165634.7
B68: Medios tecnológicos - CCTV | C68: Lunes a viernes 12 H De 06.00 A 18.00 Horas Sin Arma | D68: 0.5241 | E68: 0.4759 | F68: OPERADOR DE MEDIOS | G68: 1 | I68: 1 | J68: 12 | K68: 12 | M68: =IF(AND(G68=1,J68<24),20,IF(AND(G68=1,J68=24),30,12)) -> 20 | N68: =IF(AND(H68=1,J68<24),20,IF(AND(H68=1,J68=24),30,18)) -> 18 | O68: =IF(AND(G68=1,J68<24),20,IF(AND(G68=1,J68=24),30,15)) -> 20 | P68: =IF(M68=12,20,M68) -> 20 | Q68: 2000 | S68: =+((((((($B$21*$C$21)+Q68)*D68/30)*O68)/11*L68))+(((((($B$21*$C$21)+Q68)*E68/30)*O68)/13*K68)))*(I68)*(1+$AI68) -> 6050671.9 | T68: =+((((((($B$21*$C$21)+Q68)*D68/30)*P68)/11*L68))+(((((($B$21*$C$21)+Q68)*E68/30)*P68)/13*K68)))*(I68)*(1+$AI68) -> 6050671.9 | U68: =+((((((($B$21*$C$21)+Q68)*D68/30)*N68)/11*L68))+(((((($B$21*$C$21)+Q68)*E68/30)*N68)/13*K68)))*(I68)*(1+$AI68) -> 5445604.7 | V68: =+((((((($B$21*$C$21)+Q68)*D68/30)*P68)/11*L68))+(((((($B$21*$C$21)+Q68)*E68/30)*P68)/13*K68)))*(I68)*(1+$AI68) -> 6050671.9 | W68: =+((((((($B$21*$C$21)+Q68)*D68/30)*P68)/11*L68))+(((((($B$21*$C$21)+Q68)*E68/30)*P68)/13*K68)))*(I68)*(1+$AI68) -> 6050671.9 | X68: =+((((((($B$21*$C$21)+Q68)*D68/30)*P68)/11*L68))+(((((($B$21*$C$21)+Q68)*E68/30)*P68)/13*K68)))*(I68)*(1+$AI68) -> 6050671.9 | Y68: =+((((((($B$21*$E$21)+Q68)*D68/30)*P68)/11*L68))+(((((($B$21*$E$21)+Q68)*E68/30)*P68)/13*K68)))*(I68)*(1+$AI68) -> 6151407.1 | Z68: =+((((((($B$21*$E$21)+Q68)*D68/30)*P68)/11*L68))+(((((($B$21*$E$21)+Q68)*E68/30)*P68)/13*K68)))*(I68)*(1+$AI68) -> 6151407.1 | AA68: =+((((((($B$21*$E$21)+Q68)*D68/30)*P68)/11*L68))+(((((($B$21*$E$21)+Q68)*E68/30)*P68)/13*K68)))*(I68)*(1+$AI68) -> 6151407.1 | AB68: =+((((((($B$21*$E$21)+Q68)*D68/30)*P68)/11*L68))+(((((($B$21*$E$21)+Q68)*E68/30)*P68)/13*K68)))*(I68)*(1+$AI68) -> 6151407.1 | AC68: =+((((((($B$21*$E$21)+Q68)*D68/30)*P68)/11*L68))+(((((($B$21*$E$21)+Q68)*E68/30)*P68)/13*K68)))*(I68)*(1+$AI68) -> 6151407.1 | AD68: =+((((((($B$21*$E$21)+Q68)*D68/30)*M68)/11*L68))+(((((($B$21*$E$21)+Q68)*E68/30)*M68)/13*K68)))*(I68)*(1+$AI68) -> 6151407.1 | AF68: =SUM(S68:AD68) -> 72607407 | AG68: =IF(AD68=AC68,1,0) -> 1 | AH68: =IF(G68>=1,1,0) -> 1 | AI68: 0.08 | AL68: =AG68=AH68 -> TRUE | AN68: =S68*(1+1.9%) -> 6165634.7
B69: Apoyo Canino (Parqueadero Cra. 7 de 7-9 am, portería Cra. 7 y Correspondencia) | C69: Lunes a viernes Servicio 12H DE 06:00 A 18: 00 H (ConCanino) | D69: 0.5241 | E69: 0.4759 | F69: MANEJADOR CANINO | G69: 1 | I69: 1 | J69: 12 | K69: 12 | M69: =IF(AND(G69=1,J69<24),20,IF(AND(G69=1,J69=24),30,12)) -> 20 | N69: =IF(AND(H69=1,J69<24),20,IF(AND(H69=1,J69=24),30,18)) -> 18 | O69: =IF(AND(G69=1,J69<24),20,IF(AND(G69=1,J69=24),30,15)) -> 20 | P69: =IF(M69=12,20,M69) -> 20 | Q69: 2000 | S69: =+((((((($B$21*$C$21)+Q69)*D69/30)*O69)/11*L69))+(((((($B$21*$C$21)+Q69)*E69/30)*O69)/13*K69)))*(I69)*(1+$AI69) -> 6218746.1 | T69: =+((((((($B$21*$C$21)+Q69)*D69/30)*P69)/11*L69))+(((((($B$21*$C$21)+Q69)*E69/30)*P69)/13*K69)))*(I69)*(1+$AI69) -> 6218746.1 | U69: =+((((((($B$21*$C$21)+Q69)*D69/30)*N69)/11*L69))+(((((($B$21*$C$21)+Q69)*E69/30)*N69)/13*K69)))*(I69)*(1+$AI69) -> 5596871.5 | V69: =+((((((($B$21*$C$21)+Q69)*D69/30)*P69)/11*L69))+(((((($B$21*$C$21)+Q69)*E69/30)*P69)/13*K69)))*(I69)*(1+$AI69) -> 6218746.1 | W69: =+((((((($B$21*$C$21)+Q69)*D69/30)*P69)/11*L69))+(((((($B$21*$C$21)+Q69)*E69/30)*P69)/13*K69)))*(I69)*(1+$AI69) -> 6218746.1 | X69: =+((((((($B$21*$C$21)+Q69)*D69/30)*P69)/11*L69))+(((((($B$21*$C$21)+Q69)*E69/30)*P69)/13*K69)))*(I69)*(1+$AI69) -> 6218746.1 | Y69: =+((((((($B$21*$E$21)+Q69)*D69/30)*P69)/11*L69))+(((((($B$21*$E$21)+Q69)*E69/30)*P69)/13*K69)))*(I69)*(1+$AI69) -> 6322279.6 | Z69: =+((((((($B$21*$E$21)+Q69)*D69/30)*P69)/11*L69))+(((((($B$21*$E$21)+Q69)*E69/30)*P69)/13*K69)))*(I69)*(1+$AI69) -> 6322279.6 | AA69: =+((((((($B$21*$E$21)+Q69)*D69/30)*P69)/11*L69))+(((((($B$21*$E$21)+Q69)*E69/30)*P69)/13*K69)))*(I69)*(1+$AI69) -> 6322279.6 | AB69: =+((((((($B$21*$E$21)+Q69)*D69/30)*P69)/11*L69))+(((((($B$21*$E$21)+Q69)*E69/30)*P69)/13*K69)))*(I69)*(1+$AI69) -> 6322279.6 | AC69: =+((((((($B$21*$E$21)+Q69)*D69/30)*P69)/11*L69))+(((((($B$21*$E$21)+Q69)*E69/30)*P69)/13*K69)))*(I69)*(1+$AI69) -> 6322279.6 | AD69: =+((((((($B$21*$E$21)+Q69)*D69/30)*M69)/11*L69))+(((((($B$21*$E$21)+Q69)*E69/30)*M69)/13*K69)))*(I69)*(1+$AI69) -> 6322279.6 | AF69: =SUM(S69:AD69) -> 74624279 | AG69: =IF(AD69=AC69,1,0) -> 1 | AH69: =IF(G69>=1,1,0) -> 1 | AI69: 0.11 | AL69: =AG69=AH69 -> TRUE | AN69: =S69*(1+1.9%) -> 6336902.3
A70: SEDE 8. EDIFICIO TORRE D | B70: Sótano | C70: Lunes a domingo Servicio 24H Con Arma | D70: 0.5241 | E70: 0.4759 | F70: OPERADOR DE MEDIOS | G70: 1 | H70: 1 | I70: 1 | J70: 24 | K70: 13 | L70: 11 | M70: =IF(AND(G70=1,J70<24),20,IF(AND(G70=1,J70=24),30,12)) -> 30 | N70: =IF(AND(H70=1,J70<24),20,IF(AND(H70=1,J70=24),30,18)) -> 30 | O70: =IF(AND(G70=1,J70<24),20,IF(AND(G70=1,J70=24),30,15)) -> 30 | P70: =IF(M70=12,20,M70) -> 30 | Q70: 6000 | S70: =+((((((($B$21*$C$21)+Q70)*D70/30)*O70)/11*L70))+(((((($B$21*$C$21)+Q70)*E70/30)*O70)/13*K70)))*(I70)*(1+$AI70) -> 21047523 | T70: =+((((((($B$21*$C$21)+Q70)*D70/30)*P70)/11*L70))+(((((($B$21*$C$21)+Q70)*E70/30)*P70)/13*K70)))*(I70)*(1+$AI70) -> 21047523 | U70: =+((((((($B$21*$C$21)+Q70)*D70/30)*N70)/11*L70))+(((((($B$21*$C$21)+Q70)*E70/30)*N70)/13*K70)))*(I70)*(1+$AI70) -> 21047523 | V70: =+((((((($B$21*$C$21)+Q70)*D70/30)*P70)/11*L70))+(((((($B$21*$C$21)+Q70)*E70/30)*P70)/13*K70)))*(I70)*(1+$AI70) -> 21047523 | W70: =+((((((($B$21*$C$21)+Q70)*D70/30)*P70)/11*L70))+(((((($B$21*$C$21)+Q70)*E70/30)*P70)/13*K70)))*(I70)*(1+$AI70) -> 21047523 | X70: =+((((((($B$21*$C$21)+Q70)*D70/30)*P70)/11*L70))+(((((($B$21*$C$21)+Q70)*E70/30)*P70)/13*K70)))*(I70)*(1+$AI70) -> 21047523 | Y70: =+((((((($B$21*$E$21)+Q70)*D70/30)*P70)/11*L70))+(((((($B$21*$E$21)+Q70)*E70/30)*P70)/13*K70)))*(I70)*(1+$AI70) -> 21397862 | Z70: =+((((((($B$21*$E$21)+Q70)*D70/30)*P70)/11*L70))+(((((($B$21*$E$21)+Q70)*E70/30)*P70)/13*K70)))*(I70)*(1+$AI70) -> 21397862 | AA70: =+((((((($B$21*$E$21)+Q70)*D70/30)*P70)/11*L70))+(((((($B$21*$E$21)+Q70)*E70/30)*P70)/13*K70)))*(I70)*(1+$AI70) -> 21397862 | AB70: =+((((((($B$21*$E$21)+Q70)*D70/30)*P70)/11*L70))+(((((($B$21*$E$21)+Q70)*E70/30)*P70)/13*K70)))*(I70)*(1+$AI70) -> 21397862 | AC70: =+((((((($B$21*$E$21)+Q70)*D70/30)*P70)/11*L70))+(((((($B$21*$E$21)+Q70)*E70/30)*P70)/13*K70)))*(I70)*(1+$AI70) -> 21397862 | AD70: =+((((((($B$21*$E$21)+Q70)*D70/30)*M70)/11*L70))+(((((($B$21*$E$21)+Q70)*E70/30)*M70)/13*K70)))*(I70)*(1+$AI70) -> 21397862 | AF70: =SUM(S70:AD70) -> 2.5467231e+08 | AG70: =IF(AD70=AC70,1,0) -> 1 | AH70: =IF(G70>=1,1,0) -> 1 | AI70: 0.1 | AL70: =AG70=AH70 -> TRUE | AN70: =S70*(1+1.9%) -> 21447426
B71: Recepción | C71: Lunes a domingo Servicio 24H Con Arma | D71: 0.5241 | E71: 0.4759 | F71: VIGILANTE | G71: 1 | H71: 1 | I71: 1 | J71: 24 | K71: 13 | L71: 11 | M71: =IF(AND(G71=1,J71<24),20,IF(AND(G71=1,J71=24),30,12)) -> 30 | N71: =IF(AND(H71=1,J71<24),20,IF(AND(H71=1,J71=24),30,18)) -> 30 | O71: =IF(AND(G71=1,J71<24),20,IF(AND(G71=1,J71=24),30,15)) -> 30 | P71: =IF(M71=12,20,M71) -> 30 | Q71: 6000 | S71: =+((((((($B$21*$C$21)+Q71)*D71/30)*O71)/11*L71))+(((((($B$21*$C$21)+Q71)*E71/30)*O71)/13*K71)))*(I71)*(1+$AI71) -> 21047523 | T71: =+((((((($B$21*$C$21)+Q71)*D71/30)*P71)/11*L71))+(((((($B$21*$C$21)+Q71)*E71/30)*P71)/13*K71)))*(I71)*(1+$AI71) -> 21047523 | U71: =+((((((($B$21*$C$21)+Q71)*D71/30)*N71)/11*L71))+(((((($B$21*$C$21)+Q71)*E71/30)*N71)/13*K71)))*(I71)*(1+$AI71) -> 21047523 | V71: =+((((((($B$21*$C$21)+Q71)*D71/30)*P71)/11*L71))+(((((($B$21*$C$21)+Q71)*E71/30)*P71)/13*K71)))*(I71)*(1+$AI71) -> 21047523 | W71: =+((((((($B$21*$C$21)+Q71)*D71/30)*P71)/11*L71))+(((((($B$21*$C$21)+Q71)*E71/30)*P71)/13*K71)))*(I71)*(1+$AI71) -> 21047523 | X71: =+((((((($B$21*$C$21)+Q71)*D71/30)*P71)/11*L71))+(((((($B$21*$C$21)+Q71)*E71/30)*P71)/13*K71)))*(I71)*(1+$AI71) -> 21047523 | Y71: =+((((((($B$21*$E$21)+Q71)*D71/30)*P71)/11*L71))+(((((($B$21*$E$21)+Q71)*E71/30)*P71)/13*K71)))*(I71)*(1+$AI71) -> 21397862 | Z71: =+((((((($B$21*$E$21)+Q71)*D71/30)*P71)/11*L71))+(((((($B$21*$E$21)+Q71)*E71/30)*P71)/13*K71)))*(I71)*(1+$AI71) -> 21397862 | AA71: =+((((((($B$21*$E$21)+Q71)*D71/30)*P71)/11*L71))+(((((($B$21*$E$21)+Q71)*E71/30)*P71)/13*K71)))*(I71)*(1+$AI71) -> 21397862 | AB71: =+((((((($B$21*$E$21)+Q71)*D71/30)*P71)/11*L71))+(((((($B$21*$E$21)+Q71)*E71/30)*P71)/13*K71)))*(I71)*(1+$AI71) -> 21397862 | AC71: =+((((((($B$21*$E$21)+Q71)*D71/30)*P71)/11*L71))+(((((($B$21*$E$21)+Q71)*E71/30)*P71)/13*K71)))*(I71)*(1+$AI71) -> 21397862 | AD71: =+((((((($B$21*$E$21)+Q71)*D71/30)*M71)/11*L71))+(((((($B$21*$E$21)+Q71)*E71/30)*M71)/13*K71)))*(I71)*(1+$AI71) -> 21397862 | AF71: =SUM(S71:AD71) -> 2.5467231e+08 | AG71: =IF(AD71=AC71,1,0) -> 1 | AH71: =IF(G71>=1,1,0) -> 1 | AI71: 0.1 | AL71: =AG71=AH71 -> TRUE | AN71: =S71*(1+1.9%) -> 21447426
B72: Parqueadero | C72: Lunes a domingo Servicio 24H Con Arma | D72: 0.5241 | E72: 0.4759 | F72: VIGILANTE | G72: 1 | H72: 1 | I72: 1 | J72: 24 | K72: 13 | L72: 11 | M72: =IF(AND(G72=1,J72<24),20,IF(AND(G72=1,J72=24),30,12)) -> 30 | N72: =IF(AND(H72=1,J72<24),20,IF(AND(H72=1,J72=24),30,18)) -> 30 | O72: =IF(AND(G72=1,J72<24),20,IF(AND(G72=1,J72=24),30,15)) -> 30 | P72: =IF(M72=12,20,M72) -> 30 | Q72: 6000 | S72: =+((((((($B$21*$C$21)+Q72)*D72/30)*O72)/11*L72))+(((((($B$21*$C$21)+Q72)*E72/30)*O72)/13*K72)))*(I72)*(1+$AI72) -> 21047523 | T72: =+((((((($B$21*$C$21)+Q72)*D72/30)*P72)/11*L72))+(((((($B$21*$C$21)+Q72)*E72/30)*P72)/13*K72)))*(I72)*(1+$AI72) -> 21047523 | U72: =+((((((($B$21*$C$21)+Q72)*D72/30)*N72)/11*L72))+(((((($B$21*$C$21)+Q72)*E72/30)*N72)/13*K72)))*(I72)*(1+$AI72) -> 21047523 | V72: =+((((((($B$21*$C$21)+Q72)*D72/30)*P72)/11*L72))+(((((($B$21*$C$21)+Q72)*E72/30)*P72)/13*K72)))*(I72)*(1+$AI72) -> 21047523 | W72: =+((((((($B$21*$C$21)+Q72)*D72/30)*P72)/11*L72))+(((((($B$21*$C$21)+Q72)*E72/30)*P72)/13*K72)))*(I72)*(1+$AI72) -> 21047523 | X72: =+((((((($B$21*$C$21)+Q72)*D72/30)*P72)/11*L72))+(((((($B$21*$C$21)+Q72)*E72/30)*P72)/13*K72)))*(I72)*(1+$AI72) -> 21047523 | Y72: =+((((((($B$21*$E$21)+Q72)*D72/30)*P72)/11*L72))+(((((($B$21*$E$21)+Q72)*E72/30)*P72)/13*K72)))*(I72)*(1+$AI72) -> 21397862 | Z72: =+((((((($B$21*$E$21)+Q72)*D72/30)*P72)/11*L72))+(((((($B$21*$E$21)+Q72)*E72/30)*P72)/13*K72)))*(I72)*(1+$AI72) -> 21397862 | AA72: =+((((((($B$21*$E$21)+Q72)*D72/30)*P72)/11*L72))+(((((($B$21*$E$21)+Q72)*E72/30)*P72)/13*K72)))*(I72)*(1+$AI72) -> 21397862 | AB72: =+((((((($B$21*$E$21)+Q72)*D72/30)*P72)/11*L72))+(((((($B$21*$E$21)+Q72)*E72/30)*P72)/13*K72)))*(I72)*(1+$AI72) -> 21397862 | AC72: =+((((((($B$21*$E$21)+Q72)*D72/30)*P72)/11*L72))+(((((($B$21*$E$21)+Q72)*E72/30)*P72)/13*K72)))*(I72)*(1+$AI72) -> 21397862 | AD72: =+((((((($B$21*$E$21)+Q72)*D72/30)*M72)/11*L72))+(((((($B$21*$E$21)+Q72)*E72/30)*M72)/13*K72)))*(I72)*(1+$AI72) -> 21397862 | AF72: =SUM(S72:AD72) -> 2.5467231e+08 | AG72: =IF(AD72=AC72,1,0) -> 1 | AH72: =IF(G72>=1,1,0) -> 1 | AI72: 0.1 | AL72: =AG72=AH72 -> TRUE | AN72: =S72*(1+1.9%) -> 21447426
B73: Edificio aforados calle 73 acceso de sótano | C73: De Lunes a viernes SIN ARMA De las 6:00 a las 18:00 horas (12 hrs) | D73: 0.5241 | E73: 0.4759 | F73: VIGILANTE | I73: 1 | J73: 12 | K73: 12 | M73: =IF(AND(G73=1,J73<24),20,IF(AND(G73=1,J73=24),30,12)) -> 12 | N73: =IF(AND(H73=1,J73<24),20,IF(AND(H73=1,J73=24),30,18)) -> 18 | O73: =IF(AND(G73=1,J73<24),20,IF(AND(G73=1,J73=24),30,15)) -> 15 | P73: =IF(M73=12,20,M73) -> 20 | Q73: 2000 | S73: =+((((((($B$21*$C$21)+Q73)*D73/30)*O73)/11*L73))+(((((($B$21*$C$21)+Q73)*E73/30)*O73)/13*K73)))*(I73)*(1+$AI73) -> 4538003.9 | T73: =+((((((($B$21*$C$21)+Q73)*D73/30)*P73)/11*L73))+(((((($B$21*$C$21)+Q73)*E73/30)*P73)/13*K73)))*(I73)*(1+$AI73) -> 6050671.9 | U73: =+((((((($B$21*$C$21)+Q73)*D73/30)*N73)/11*L73))+(((((($B$21*$C$21)+Q73)*E73/30)*N73)/13*K73)))*(I73)*(1+$AI73) -> 5445604.7 | V73: =+((((((($B$21*$C$21)+Q73)*D73/30)*P73)/11*L73))+(((((($B$21*$C$21)+Q73)*E73/30)*P73)/13*K73)))*(I73)*(1+$AI73) -> 6050671.9 | W73: =+((((((($B$21*$C$21)+Q73)*D73/30)*P73)/11*L73))+(((((($B$21*$C$21)+Q73)*E73/30)*P73)/13*K73)))*(I73)*(1+$AI73) -> 6050671.9 | X73: =+((((((($B$21*$C$21)+Q73)*D73/30)*P73)/11*L73))+(((((($B$21*$C$21)+Q73)*E73/30)*P73)/13*K73)))*(I73)*(1+$AI73) -> 6050671.9 | Y73: =+((((((($B$21*$E$21)+Q73)*D73/30)*P73)/11*L73))+(((((($B$21*$E$21)+Q73)*E73/30)*P73)/13*K73)))*(I73)*(1+$AI73) -> 6151407.1 | Z73: =+((((((($B$21*$E$21)+Q73)*D73/30)*P73)/11*L73))+(((((($B$21*$E$21)+Q73)*E73/30)*P73)/13*K73)))*(I73)*(1+$AI73) -> 6151407.1 | AA73: =+((((((($B$21*$E$21)+Q73)*D73/30)*P73)/11*L73))+(((((($B$21*$E$21)+Q73)*E73/30)*P73)/13*K73)))*(I73)*(1+$AI73) -> 6151407.1 | AB73: =+((((((($B$21*$E$21)+Q73)*D73/30)*P73)/11*L73))+(((((($B$21*$E$21)+Q73)*E73/30)*P73)/13*K73)))*(I73)*(1+$AI73) -> 6151407.1 | AC73: =+((((((($B$21*$E$21)+Q73)*D73/30)*P73)/11*L73))+(((((($B$21*$E$21)+Q73)*E73/30)*P73)/13*K73)))*(I73)*(1+$AI73) -> 6151407.1 | AD73: =+((((((($B$21*$E$21)+Q73)*D73/30)*M73)/11*L73))+(((((($B$21*$E$21)+Q73)*E73/30)*M73)/13*K73)))*(I73)*(1+$AI73) -> 3690844.3 | AF73: =SUM(S73:AD73) -> 68634176 | AG73: =IF(AD73=AC73,1,0) -> 0 | AH73: =IF(G73>=1,1,0) -> 0 | AI73: 0.08 | AL73: =AG73=AH73 -> TRUE | AN73: =S73*(1+1.9%) -> 4624226
B74: Torre D piso 7 | C74: De Lunes a viernes SIN ARMA De las 6:00 a las 18:00 horas (12 hrs) | D74: 0.5241 | E74: 0.4759 | F74: VIGILANTE | I74: 1 | J74: 12 | K74: 12 | M74: =IF(AND(G74=1,J74<24),20,IF(AND(G74=1,J74=24),30,12)) -> 12 | N74: =IF(AND(H74=1,J74<24),20,IF(AND(H74=1,J74=24),30,18)) -> 18 | O74: =IF(AND(G74=1,J74<24),20,IF(AND(G74=1,J74=24),30,15)) -> 15 | P74: =IF(M74=12,20,M74) -> 20 | Q74: 2000 | S74: =+((((((($B$21*$C$21)+Q74)*D74/30)*O74)/11*L74))+(((((($B$21*$C$21)+Q74)*E74/30)*O74)/13*K74)))*(I74)*(1+$AI74) -> 4538003.9 | T74: =+((((((($B$21*$C$21)+Q74)*D74/30)*P74)/11*L74))+(((((($B$21*$C$21)+Q74)*E74/30)*P74)/13*K74)))*(I74)*(1+$AI74) -> 6050671.9 | U74: =+((((((($B$21*$C$21)+Q74)*D74/30)*N74)/11*L74))+(((((($B$21*$C$21)+Q74)*E74/30)*N74)/13*K74)))*(I74)*(1+$AI74) -> 5445604.7 | V74: =+((((((($B$21*$C$21)+Q74)*D74/30)*P74)/11*L74))+(((((($B$21*$C$21)+Q74)*E74/30)*P74)/13*K74)))*(I74)*(1+$AI74) -> 6050671.9 | W74: =+((((((($B$21*$C$21)+Q74)*D74/30)*P74)/11*L74))+(((((($B$21*$C$21)+Q74)*E74/30)*P74)/13*K74)))*(I74)*(1+$AI74) -> 6050671.9 | X74: =+((((((($B$21*$C$21)+Q74)*D74/30)*P74)/11*L74))+(((((($B$21*$C$21)+Q74)*E74/30)*P74)/13*K74)))*(I74)*(1+$AI74) -> 6050671.9 | Y74: =+((((((($B$21*$E$21)+Q74)*D74/30)*P74)/11*L74))+(((((($B$21*$E$21)+Q74)*E74/30)*P74)/13*K74)))*(I74)*(1+$AI74) -> 6151407.1 | Z74: =+((((((($B$21*$E$21)+Q74)*D74/30)*P74)/11*L74))+(((((($B$21*$E$21)+Q74)*E74/30)*P74)/13*K74)))*(I74)*(1+$AI74) -> 6151407.1 | AA74: =+((((((($B$21*$E$21)+Q74)*D74/30)*P74)/11*L74))+(((((($B$21*$E$21)+Q74)*E74/30)*P74)/13*K74)))*(I74)*(1+$AI74) -> 6151407.1 | AB74: =+((((((($B$21*$E$21)+Q74)*D74/30)*P74)/11*L74))+(((((($B$21*$E$21)+Q74)*E74/30)*P74)/13*K74)))*(I74)*(1+$AI74) -> 6151407.1 | AC74: =+((((((($B$21*$E$21)+Q74)*D74/30)*P74)/11*L74))+(((((($B$21*$E$21)+Q74)*E74/30)*P74)/13*K74)))*(I74)*(1+$AI74) -> 6151407.1 | AD74: =+((((((($B$21*$E$21)+Q74)*D74/30)*M74)/11*L74))+(((((($B$21*$E$21)+Q74)*E74/30)*M74)/13*K74)))*(I74)*(1+$AI74) -> 3690844.3 | AF74: =SUM(S74:AD74) -> 68634176 | AG74: =IF(AD74=AC74,1,0) -> 0 | AH74: =IF(G74>=1,1,0) -> 0 | AI74: 0.08 | AL74: =AG74=AH74 -> TRUE | AN74: =S74*(1+1.9%) -> 4624226
B75: Edificios aforados canino | C75: De Lunes a viernes CON CANINO SIN de las 6:00 a las 18:00 ARMA (12 hrs) | D75: 0.5241 | E75: 0.4759 | F75: MANEJADOR CANINO | I75: 1 | J75: 12 | K75: 12 | M75: =IF(AND(G75=1,J75<24),20,IF(AND(G75=1,J75=24),30,12)) -> 12 | N75: =IF(AND(H75=1,J75<24),20,IF(AND(H75=1,J75=24),30,18)) -> 18 | O75: =IF(AND(G75=1,J75<24),20,IF(AND(G75=1,J75=24),30,15)) -> 15 | P75: =IF(M75=12,20,M75) -> 20 | Q75: 2000 | S75: =+((((((($B$21*$C$21)+Q75)*D75/30)*O75)/11*L75))+(((((($B$21*$C$21)+Q75)*E75/30)*O75)/13*K75)))*(I75)*(1+$AI75) -> 4664059.6 | T75: =+((((((($B$21*$C$21)+Q75)*D75/30)*P75)/11*L75))+(((((($B$21*$C$21)+Q75)*E75/30)*P75)/13*K75)))*(I75)*(1+$AI75) -> 6218746.1 | U75: =+((((((($B$21*$C$21)+Q75)*D75/30)*N75)/11*L75))+(((((($B$21*$C$21)+Q75)*E75/30)*N75)/13*K75)))*(I75)*(1+$AI75) -> 5596871.5 | V75: =+((((((($B$21*$C$21)+Q75)*D75/30)*P75)/11*L75))+(((((($B$21*$C$21)+Q75)*E75/30)*P75)/13*K75)))*(I75)*(1+$AI75) -> 6218746.1 | W75: =+((((((($B$21*$C$21)+Q75)*D75/30)*P75)/11*L75))+(((((($B$21*$C$21)+Q75)*E75/30)*P75)/13*K75)))*(I75)*(1+$AI75) -> 6218746.1 | X75: =+((((((($B$21*$C$21)+Q75)*D75/30)*P75)/11*L75))+(((((($B$21*$C$21)+Q75)*E75/30)*P75)/13*K75)))*(I75)*(1+$AI75) -> 6218746.1 | Y75: =+((((((($B$21*$E$21)+Q75)*D75/30)*P75)/11*L75))+(((((($B$21*$E$21)+Q75)*E75/30)*P75)/13*K75)))*(I75)*(1+$AI75) -> 6322279.6 | Z75: =+((((((($B$21*$E$21)+Q75)*D75/30)*P75)/11*L75))+(((((($B$21*$E$21)+Q75)*E75/30)*P75)/13*K75)))*(I75)*(1+$AI75) -> 6322279.6 | AA75: =+((((((($B$21*$E$21)+Q75)*D75/30)*P75)/11*L75))+(((((($B$21*$E$21)+Q75)*E75/30)*P75)/13*K75)))*(I75)*(1+$AI75) -> 6322279.6 | AB75: =+((((((($B$21*$E$21)+Q75)*D75/30)*P75)/11*L75))+(((((($B$21*$E$21)+Q75)*E75/30)*P75)/13*K75)))*(I75)*(1+$AI75) -> 6322279.6 | AC75: =+((((((($B$21*$E$21)+Q75)*D75/30)*P75)/11*L75))+(((((($B$21*$E$21)+Q75)*E75/30)*P75)/13*K75)))*(I75)*(1+$AI75) -> 6322279.6 | AD75: =+((((((($B$21*$E$21)+Q75)*D75/30)*M75)/11*L75))+(((((($B$21*$E$21)+Q75)*E75/30)*M75)/13*K75)))*(I75)*(1+$AI75) -> 3793367.7 | AF75: =SUM(S75:AD75) -> 70540681 | AG75: =IF(AD75=AC75,1,0) -> 0 | AH75: =IF(G75>=1,1,0) -> 0 | AI75: 0.11 | AL75: =AG75=AH75 -> TRUE | AN75: =S75*(1+1.9%) -> 4752676.7
